Workbook
Name _01_09_96: #REF!
Name _PL1: #REF!
Name a: #REF!
Name aa: #REF!
Name ACIDO: #REF!
Name AÇO: #REF!
Name AÇO_CA_50_3_16: #REF!
Name ADESIVO_PVC: #REF!
Name AGUA_10LT: #REF!
Name AGUARRAZ: #REF!
Name AJUDANTE: #REF!
Name ALIZAR_MAD_LEI: #REF!
Name ALTA: #REF!
Name amarela: #REF!
Name AMONIA: #REF!
Name AREIA: #REF!
Name ARMAÇÃO_CONCRETO: #REF!
Name ARMADOR: #REF!
Name ARMARIO_90X60X17_CM: #REF!
Name ASSENTO_PLASTICO: #REF!
Name ATERRO_ARENOSO: #REF!
Name azul: #REF!
Name AZULEGISTA: #REF!
Name AZULEJO_15X15: #REF!
Name AZULSINAL: #REF!
Name b: #REF!
Name BDI: #REF!
Name BDI_4: #REF!
Name BDI_5: #REF!
Name BDI_6: #REF!
Name BG: #REF!
Name BGU: #REF!
Name BLOCO.CONC.CELULAR.12: #REF!
Name BLOCO.CONCRETO.14X19X39: #REF!
Name BLOCO.CONCRETO.19X19X39: #REF!
Name BLOCO.CONCRETO.9X19X39: #REF!
Name BLOCO_VIDRO: #REF!
Name BR: #REF!
Name BRITA1: #REF!
Name CAIXILHO_MAD_LEI: #REF!
Name CAL: #REF!
Name CBU: #REF!
Name CBUII: #REF!
Name CBUQB: #REF!
Name CBUQc: #REF!
Name CERAMICA_30X30_PEI_IV: #REF!
Name CERAMICA_30x30_PEI_V: #REF!
Name CIMENTO: #REF!
Name CIMENTO_BRANCO: #REF!
Name CIMENTO_COLA: #REF!
Name CLIENTE: #REF!
Name COMPENSA.PLAST: #REF!
Name COMPENSADO_RES_10MM: #REF!
Name COMPENSADO_RES_12MM: #REF!
Name CONCRETO_18_MPA: #REF!
Name CPU_66: #REF!
Name d: #REF!
Name daad: #REF!
Name DATA: #REF!
Name Data_Final: #REF!

Sheet PE_243_2026
B1: PREFEITURA MUNICIPAL DE PORTO ALEGRE
B2: =#REF! -> #REF!
C4: PE 243/2026 REGISTRO DE PREÇOS DE MANUTENÇÃO DE SUBESTAÇÕES DE ENERGIA
B5: PLANILHA ORÇAMENTÁRIA
C6: Processo SEI: | D6: 25.0.000148870-0 | P6: Tabela Não Desonerada
B7: Objeto: | D7: Registro de preços para manutenção de subestações de energia e redes alimentadoras para o município de Porto Alegre/RS | P7: Encargos sociais SINAPI (hora): | Q7: 1.1195
B8: Local: | D8: (preencher este campo com o local da prestação dos serviços) | P8: Encargos sociais SINAPI (mês): | Q8: 0.6929
B9: Item | C9: Código | D9: Fonte | E9: Descrição | F9: Unid. | G9: Quant. | H9: Custo Unitário (R$) | L9: BDI | M9: Preço Unitário (R$) | N9: Preço Total (R$)
I10: Mão de Obra | J10: Material + Equipamento | K10: Total | O10: Mão de Obra | P10: Material + Equipamento | Q10: Total | Z10: =Q168-1046018.29 -> -1046018.3
X11: original | Y11: =Y168 -> #REF!
B12: 1 | E12: Documentos técnicos | Q12: =Q16 -> 0
B13: 1.1 | C13: CCU-34 | D13: CCU | E13: VISTORIA TÉCNICA DE SUBESTAÇÃO E REDE AÉREA DE ALIMENTAÇÃO | F13: UN | I13: 877.68 | J13: 0 | K13: =ROUNDDOWN(I13+J13,2) -> 877.68 | L13: 0.2519 | M13: =IFERROR(IF(L13="-",(ROUND(K13,2)),(ROUND(K13*(1+L13),2))),"-") -> 1098.77 | O13: =IF(($J13=0),$Q13,IF(I13=0,0,IF($L13<>"-",IFERROR(TRUNC(TRUNC((I13*(1+$L13)),2)*$G13,2),0),IFERROR(TRUNC(I13*$G13,2),0)))) -> 0 | P13: =IF(J13=0,0,Q13-O13) -> 0 | Q13: =IFERROR(ROUND(ROUND(M13,2)*ROUND(G13,2),2),0) -> 0 | T13: =B13 -> 1.1 | U13: =IF(J13=0,Q13-O13) -> 0 | X13: =IFERROR(IF(OR($D13="ANP",$D13="DAER",$D13="CONSULTORIA DNIT",$D13="PREGÃO ELETRÔNICO",$D13="DMLU",$D13="DMAE",$D13="CEEE",$D13="EPTC",$D13="ORSE",$D13="SEINFRA",$D13="CREA",$D13="CAU",$D13="CEHOP",$D13="SIURB",$D13="DER-PR",$D13="SUDECAP",$D13=#REF!,$D13=#REF!),VLOOKUP($C13,#REF!,7,FALSE),IF($D13="INDEXADO",VLOOKUP($C13,#REF!,17,FALSE),IF($D13="CCU",VLOOKUP($C13,#REF!,6,FALSE),IF($D13="MERCADO",VLOOKUP(PE_243_2026!$C13,#REF!,8,FALSE),IF($D13="PLEO",VLOOKUP($C13,#REF!,4,FALSE),IF($D13="SICRO",VLOOKUP($C13,#REF!,6,FALSE),IF($D13="SINAPI",IFERROR((VLOOKUP($C13,#REF!,5,FALSE)),"-"),"-"))))))),0) -> 0 | Y13: =IF(OR($D13="ANP",$D13="DAER",$D13="CONSULTORIA DNIT",$D13="PREGÃO ELETRÔNICO",$D13="DMLU",$D13="DMAE",$D13="CEEE",$D13="EPTC",$D13="ORSE",$D13="SEINFRA",$D13="CREA",$D13="CAU",$D13="CEHOP",$D13="SIURB",$D13="DER-PR",$D13="SUDECAP",$D13=#REF!,$D13=#REF!),VLOOKUP($C13,#REF!,8,FALSE),IF($D13="INDEXADO",VLOOKUP($C13,#REF!,18,FALSE),IF($D13="CCU",VLOOKUP($C13,#REF!,7,FALSE),IF($D13="MERCADO",VLOOKUP(PE_243_2026!$C13,#REF!,9,FALSE),IF($D13="PLEO",VLOOKUP($C13,#REF!,4,FALSE),IF($D13="SICRO",VLOOKUP($C13,#REF!,7,FALSE),IF($D13="SINAPI",IFERROR((VLOOKUP($C13,#REF!,6,FALSE)),(VLOOKUP($C13,#REF!,27,FALSE))),"-"))))))) -> #REF! | Z13: 1098.76 | AA13: =M13-Z13 -> 0.01 | AB13: =M13*G13 -> 0 | AC13: =AA13*G13 -> 0
B14: 1.2 | C14: CCU-47 | D14: CCU | E14: RELATÓRIO TÉCNICO DE ATUALIZAÇÃO E APROVAÇÃO DE PROJETOS JUNTO À CONCESSIONÁRIA DE ENERGIA | F14: UN | I14: 3806.46 | J14: 214.1925 | K14: =ROUNDDOWN(I14+J14,2) -> 4020.65 | L14: 0.2519 | M14: =IFERROR(IF(L14="-",(ROUND(K14,2)),(ROUND(K14*(1+L14),2))),"-") -> 5033.45 | O14: =IF(AND($H14=0,$J14=0),$Q14,IF(I14=0,0,IF($L14<>"-",IFERROR(TRUNC(TRUNC((I14*(1+$L14)),2)*$G14,2),0),IFERROR(TRUNC(I14*$G14,2),0)))) -> 0 | P14: =IF(J14=0,0,Q14-O14-N14) -> 0 | Q14: =IFERROR(ROUND(ROUND(M14,2)*ROUND(G14,2),2),0) -> 0 | T14: =B14 -> 1.2 | U14: =IF(J14=0,Q14-O14) -> FALSE | X14: =IFERROR(IF(OR($D14="ANP",$D14="DAER",$D14="CONSULTORIA DNIT",$D14="PREGÃO ELETRÔNICO",$D14="DMLU",$D14="DMAE",$D14="CEEE",$D14="EPTC",$D14="ORSE",$D14="SEINFRA",$D14="CREA",$D14="CAU",$D14="CEHOP",$D14="SIURB",$D14="DER-PR",$D14="SUDECAP",$D14=#REF!,$D14=#REF!),VLOOKUP($C14,#REF!,7,FALSE),IF($D14="INDEXADO",VLOOKUP($C14,#REF!,17,FALSE),IF($D14="CCU",VLOOKUP($C14,#REF!,6,FALSE),IF($D14="MERCADO",VLOOKUP(PE_243_2026!$C14,#REF!,8,FALSE),IF($D14="PLEO",VLOOKUP($C14,#REF!,4,FALSE),IF($D14="SICRO",VLOOKUP($C14,#REF!,6,FALSE),IF($D14="SINAPI",IFERROR((VLOOKUP($C14,#REF!,5,FALSE)),"-"),"-"))))))),0) -> 0 | Y14: =IF(OR($D14="ANP",$D14="DAER",$D14="CONSULTORIA DNIT",$D14="PREGÃO ELETRÔNICO",$D14="DMLU",$D14="DMAE",$D14="CEEE",$D14="EPTC",$D14="ORSE",$D14="SEINFRA",$D14="CREA",$D14="CAU",$D14="CEHOP",$D14="SIURB",$D14="DER-PR",$D14="SUDECAP",$D14=#REF!,$D14=#REF!),VLOOKUP($C14,#REF!,8,FALSE),IF($D14="INDEXADO",VLOOKUP($C14,#REF!,18,FALSE),IF($D14="CCU",VLOOKUP($C14,#REF!,7,FALSE),IF($D14="MERCADO",VLOOKUP(PE_243_2026!$C14,#REF!,9,FALSE),IF($D14="PLEO",VLOOKUP($C14,#REF!,4,FALSE),IF($D14="SICRO",VLOOKUP($C14,#REF!,7,FALSE),IF($D14="SINAPI",IFERROR((VLOOKUP($C14,#REF!,6,FALSE)),(VLOOKUP($C14,#REF!,27,FALSE))),"-"))))))) -> #REF! | Z14: 5033.45 | AA14: =M14-Z14 -> 0 | AB14: =M14*G14 -> 0 | AC14: =AA14*G14 -> 0
T15: =B15 -> 0 | U15: =IF(J15=0,Q15-O15) -> 0
M16: Subtotal Documentos técnicos | O16: =SUM(O13:O15) -> 0 | P16: =SUM(P13:P15) -> 0 | Q16: =SUM(Q13:Q15) -> 0 | S16: 1 | U16: =IF(J16=0,Q16-O16) -> 0 | V16: =SUM(O16:P16) -> 0 | W16: =IF(V16<>Q16,"erro","ok") -> ok
T17: =B17 -> 0 | U17: =IF(J17=0,Q17-O17) -> 0
B18: 2 | E18: Manutenção das instalações | Q18: =Q35 -> 0 | T18: =B18 -> 2 | U18: =IF(J18=0,Q18-O18) -> 0
B19: 2.1 | C19: 98524 | D19: SINAPI | E19: LIMPEZA MANUAL DE VEGETAÇÃO EM TERRENO COM ENXADA. AF_03/2024 | F19: M2 | I19: 3.9675 | J19: 0 | K19: =ROUND(I19+J19,20) -> 3.9675 | L19: 0.2519 | M19: =IFERROR(IF(L19="-",(ROUND(K19,2)),(ROUND(K19*(1+L19),2))),"-") -> 4.97 | O19: =IF(AND($H19=0,$J19=0),$Q19,IF(I19=0,0,IF($L19<>"-",IFERROR(TRUNC(TRUNC((I19*(1+$L19)),2)*$G19,2),0),IFERROR(TRUNC(I19*$G19,2),0)))) -> 0 | P19: =IF(J19=0,0,Q19-O19-N19) -> 0 | Q19: =IFERROR(ROUND(ROUND(M19,2)*ROUND(G19,2),2),0) -> 0 | T19: =B19 -> 2.1 | U19: =IF(J19=0,Q19-O19) -> 0 | X19: =IFERROR(IF(OR($D19="ANP",$D19="DAER",$D19="CONSULTORIA DNIT",$D19="PREGÃO ELETRÔNICO",$D19="DMLU",$D19="DMAE",$D19="CEEE",$D19="EPTC",$D19="ORSE",$D19="SEINFRA",$D19="CREA",$D19="CAU",$D19="CEHOP",$D19="SIURB",$D19="DER-PR",$D19="SUDECAP",$D19=#REF!,$D19=#REF!),VLOOKUP($C19,#REF!,7,FALSE),IF($D19="INDEXADO",VLOOKUP($C19,#REF!,17,FALSE),IF($D19="CCU",VLOOKUP($C19,#REF!,6,FALSE),IF($D19="MERCADO",VLOOKUP(PE_243_2026!$C19,#REF!,8,FALSE),IF($D19="PLEO",VLOOKUP($C19,#REF!,4,FALSE),IF($D19="SICRO",VLOOKUP($C19,#REF!,6,FALSE),IF($D19="SINAPI",IFERROR((VLOOKUP($C19,#REF!,5,FALSE)),"-"),"-"))))))),0) -> 0 | Y19: =IF(OR($D19="ANP",$D19="DAER",$D19="CONSULTORIA DNIT",$D19="PREGÃO ELETRÔNICO",$D19="DMLU",$D19="DMAE",$D19="CEEE",$D19="EPTC",$D19="ORSE",$D19="SEINFRA",$D19="CREA",$D19="CAU",$D19="CEHOP",$D19="SIURB",$D19="DER-PR",$D19="SUDECAP",$D19=#REF!,$D19=#REF!),VLOOKUP($C19,#REF!,8,FALSE),IF($D19="INDEXADO",VLOOKUP($C19,#REF!,18,FALSE),IF($D19="CCU",VLOOKUP($C19,#REF!,7,FALSE),IF($D19="MERCADO",VLOOKUP(PE_243_2026!$C19,#REF!,9,FALSE),IF($D19="PLEO",VLOOKUP($C19,#REF!,4,FALSE),IF($D19="SICRO",VLOOKUP($C19,#REF!,7,FALSE),IF($D19="SINAPI",IFERROR((VLOOKUP($C19,#REF!,6,FALSE)),(VLOOKUP($C19,#REF!,27,FALSE))),"-"))))))) -> #REF! | Z19: 4.96 | AA19: =M19-Z19 -> 0.01 | AB19: =M19*G19 -> 0 | AC19: =AA19*G19 -> 0
B20: 2.2 | C20: 99814 | D20: SINAPI | E20: LIMPEZA DE SUPERFÍCIE PISO OU PAREDE COM JATO DE ALTA PRESSÃO. AF_10/2025 | F20: M2 | I20: 1.2675 | J20: 0.0375 | K20: =ROUND(I20+J20,20) -> 1.305 | L20: 0.2519 | M20: =IFERROR(IF(L20="-",(ROUND(K20,2)),(ROUND(K20*(1+L20),2))),"-") -> 1.63 | O20: =IF(AND($H20=0,$J20=0),$Q20,IF(I20=0,0,IF($L20<>"-",IFERROR(TRUNC(TRUNC((I20*(1+$L20)),2)*$G20,2),0),IFERROR(TRUNC(I20*$G20,2),0)))) -> 0 | P20: =IF(J20=0,0,Q20-O20-N20) -> 0 | Q20: =IFERROR(ROUND(ROUND(M20,2)*ROUND(G20,2),2),0) -> 0 | T20: =B20 -> 2.2 | U20: =IF(J20=0,Q20-O20) -> FALSE | X20: =IFERROR(IF(OR($D20="ANP",$D20="DAER",$D20="CONSULTORIA DNIT",$D20="PREGÃO ELETRÔNICO",$D20="DMLU",$D20="DMAE",$D20="CEEE",$D20="EPTC",$D20="ORSE",$D20="SEINFRA",$D20="CREA",$D20="CAU",$D20="CEHOP",$D20="SIURB",$D20="DER-PR",$D20="SUDECAP",$D20=#REF!,$D20=#REF!),VLOOKUP($C20,#REF!,7,FALSE),IF($D20="INDEXADO",VLOOKUP($C20,#REF!,17,FALSE),IF($D20="CCU",VLOOKUP($C20,#REF!,6,FALSE),IF($D20="MERCADO",VLOOKUP(PE_243_2026!$C20,#REF!,8,FALSE),IF($D20="PLEO",VLOOKUP($C20,#REF!,4,FALSE),IF($D20="SICRO",VLOOKUP($C20,#REF!,6,FALSE),IF($D20="SINAPI",IFERROR((VLOOKUP($C20,#REF!,5,FALSE)),"-"),"-"))))))),0) -> 0 | Y20: =IF(OR($D20="ANP",$D20="DAER",$D20="CONSULTORIA DNIT",$D20="PREGÃO ELETRÔNICO",$D20="DMLU",$D20="DMAE",$D20="CEEE",$D20="EPTC",$D20="ORSE",$D20="SEINFRA",$D20="CREA",$D20="CAU",$D20="CEHOP",$D20="SIURB",$D20="DER-PR",$D20="SUDECAP",$D20=#REF!,$D20=#REF!),VLOOKUP($C20,#REF!,8,FALSE),IF($D20="INDEXADO",VLOOKUP($C20,#REF!,18,FALSE),IF($D20="CCU",VLOOKUP($C20,#REF!,7,FALSE),IF($D20="MERCADO",VLOOKUP(PE_243_2026!$C20,#REF!,9,FALSE),IF($D20="PLEO",VLOOKUP($C20,#REF!,4,FALSE),IF($D20="SICRO",VLOOKUP($C20,#REF!,7,FALSE),IF($D20="SINAPI",IFERROR((VLOOKUP($C20,#REF!,6,FALSE)),(VLOOKUP($C20,#REF!,27,FALSE))),"-"))))))) -> #REF! | Z20: 1.63 | AA20: =M20-Z20 -> 0 | AB20: =M20*G20 -> 0 | AC20: =AA20*G20 -> 0
B21: 2.3 | C21: 104790 | D21: SINAPI | E21: DEMOLIÇÃO DE PISO DE CONCRETO SIMPLES, DE FORMA MECANIZADA COM MARTELETE, SEM REAPROVEITAMENTO. AF_09/2023 | F21: M3 | I21: 58.8 | J21: 37.425 | K21: =ROUND(I21+J21,20) -> 96.225 | L21: 0.2519 | M21: =IFERROR(IF(L21="-",(ROUND(K21,2)),(ROUND(K21*(1+L21),2))),"-") -> 120.46 | O21: =IF(AND($H21=0,$J21=0),$Q21,IF(I21=0,0,IF($L21<>"-",IFERROR(TRUNC(TRUNC((I21*(1+$L21)),2)*$G21,2),0),IFERROR(TRUNC(I21*$G21,2),0)))) -> 0 | P21: =IF(J21=0,0,Q21-O21-N21) -> 0 | Q21: =IFERROR(ROUND(ROUND(M21,2)*ROUND(G21,2),2),0) -> 0 | T21: =B21 -> 2.3 | U21: =IF(J21=0,Q21-O21) -> FALSE | X21: =IFERROR(IF(OR($D21="ANP",$D21="DAER",$D21="CONSULTORIA DNIT",$D21="PREGÃO ELETRÔNICO",$D21="DMLU",$D21="DMAE",$D21="CEEE",$D21="EPTC",$D21="ORSE",$D21="SEINFRA",$D21="CREA",$D21="CAU",$D21="CEHOP",$D21="SIURB",$D21="DER-PR",$D21="SUDECAP",$D21=#REF!,$D21=#REF!),VLOOKUP($C21,#REF!,7,FALSE),IF($D21="INDEXADO",VLOOKUP($C21,#REF!,17,FALSE),IF($D21="CCU",VLOOKUP($C21,#REF!,6,FALSE),IF($D21="MERCADO",VLOOKUP(PE_243_2026!$C21,#REF!,8,FALSE),IF($D21="PLEO",VLOOKUP($C21,#REF!,4,FALSE),IF($D21="SICRO",VLOOKUP($C21,#REF!,6,FALSE),IF($D21="SINAPI",IFERROR((VLOOKUP($C21,#REF!,5,FALSE)),"-"),"-"))))))),0) -> 0 | Y21: =IF(OR($D21="ANP",$D21="DAER",$D21="CONSULTORIA DNIT",$D21="PREGÃO ELETRÔNICO",$D21="DMLU",$D21="DMAE",$D21="CEEE",$D21="EPTC",$D21="ORSE",$D21="SEINFRA",$D21="CREA",$D21="CAU",$D21="CEHOP",$D21="SIURB",$D21="DER-PR",$D21="SUDECAP",$D21=#REF!,$D21=#REF!),VLOOKUP($C21,#REF!,8,FALSE),IF($D21="INDEXADO",VLOOKUP($C21,#REF!,18,FALSE),IF($D21="CCU",VLOOKUP($C21,#REF!,7,FALSE),IF($D21="MERCADO",VLOOKUP(PE_243_2026!$C21,#REF!,9,FALSE),IF($D21="PLEO",VLOOKUP($C21,#REF!,4,FALSE),IF($D21="SICRO",VLOOKUP($C21,#REF!,7,FALSE),IF($D21="SINAPI",IFERROR((VLOOKUP($C21,#REF!,6,FALSE)),(VLOOKUP($C21,#REF!,27,FALSE))),"-"))))))) -> #REF! | Z21: 120.46 | AA21: =M21-Z21 -> 0 | AB21: =M21*G21 -> 0 | AC21: =AA21*G21 -> 0
B22: 2.4 | C22: 97644 | D22: SINAPI | E22: REMOÇÃO DE PORTAS, DE FORMA MANUAL, SEM REAPROVEITAMENTO. AF_09/2023 | F22: M2 | I22: 8.1525 | J22: 0 | K22: =ROUND(I22+J22,20) -> 8.1525 | L22: 0.2519 | M22: =IFERROR(IF(L22="-",(ROUND(K22,2)),(ROUND(K22*(1+L22),2))),"-") -> 10.21 | O22: =IF(AND($H22=0,$J22=0),$Q22,IF(I22=0,0,IF($L22<>"-",IFERROR(TRUNC(TRUNC((I22*(1+$L22)),2)*$G22,2),0),IFERROR(TRUNC(I22*$G22,2),0)))) -> 0 | P22: =IF(J22=0,0,Q22-O22-N22) -> 0 | Q22: =IFERROR(ROUND(ROUND(M22,2)*ROUND(G22,2),2),0) -> 0 | T22: =B22 -> 2.4 | U22: =IF(J22=0,Q22-O22) -> 0 | X22: =IFERROR(IF(OR($D22="ANP",$D22="DAER",$D22="CONSULTORIA DNIT",$D22="PREGÃO ELETRÔNICO",$D22="DMLU",$D22="DMAE",$D22="CEEE",$D22="EPTC",$D22="ORSE",$D22="SEINFRA",$D22="CREA",$D22="CAU",$D22="CEHOP",$D22="SIURB",$D22="DER-PR",$D22="SUDECAP",$D22=#REF!,$D22=#REF!),VLOOKUP($C22,#REF!,7,FALSE),IF($D22="INDEXADO",VLOOKUP($C22,#REF!,17,FALSE),IF($D22="CCU",VLOOKUP($C22,#REF!,6,FALSE),IF($D22="MERCADO",VLOOKUP(PE_243_2026!$C22,#REF!,8,FALSE),IF($D22="PLEO",VLOOKUP($C22,#REF!,4,FALSE),IF($D22="SICRO",VLOOKUP($C22,#REF!,6,FALSE),IF($D22="SINAPI",IFERROR((VLOOKUP($C22,#REF!,5,FALSE)),"-"),"-"))))))),0) -> 0 | Y22: =IF(OR($D22="ANP",$D22="DAER",$D22="CONSULTORIA DNIT",$D22="PREGÃO ELETRÔNICO",$D22="DMLU",$D22="DMAE",$D22="CEEE",$D22="EPTC",$D22="ORSE",$D22="SEINFRA",$D22="CREA",$D22="CAU",$D22="CEHOP",$D22="SIURB",$D22="DER-PR",$D22="SUDECAP",$D22=#REF!,$D22=#REF!),VLOOKUP($C22,#REF!,8,FALSE),IF($D22="INDEXADO",VLOOKUP($C22,#REF!,18,FALSE),IF($D22="CCU",VLOOKUP($C22,#REF!,7,FALSE),IF($D22="MERCADO",VLOOKUP(PE_243_2026!$C22,#REF!,9,FALSE),IF($D22="PLEO",VLOOKUP($C22,#REF!,4,FALSE),IF($D22="SICRO",VLOOKUP($C22,#REF!,7,FALSE),IF($D22="SINAPI",IFERROR((VLOOKUP($C22,#REF!,6,FALSE)),(VLOOKUP($C22,#REF!,27,FALSE))),"-"))))))) -> #REF! | Z22: 10.2 | AA22: =M22-Z22 -> 0.01 | AB22: =M22*G22 -> 0 | AC22: =AA22*G22 -> 0
B23: 2.5 | C23: 94994 | D23: SINAPI | E23: EXECUÇÃO DE PASSEIO (CALÇADA) OU PISO DE CONCRETO COM CONCRETO MOLDADO IN LOCO, FEITO EM OBRA, ACABAMENTO CONVENCIONAL, ESPESSURA 8 CM, ARMADO. AF_08/2022 | F23: M2 | I23: 21.585 | J23: 55.4925 | K23: =ROUND(I23+J23,20) -> 77.0775 | L23: 0.2519 | M23: =IFERROR(IF(L23="-",(ROUND(K23,2)),(ROUND(K23*(1+L23),2))),"-") -> 96.49 | O23: =IF(AND($H23=0,$J23=0),$Q23,IF(I23=0,0,IF($L23<>"-",IFERROR(TRUNC(TRUNC((I23*(1+$L23)),2)*$G23,2),0),IFERROR(TRUNC(I23*$G23,2),0)))) -> 0 | P23: =IF(J23=0,0,Q23-O23-N23) -> 0 | Q23: =IFERROR(ROUND(ROUND(M23,2)*ROUND(G23,2),2),0) -> 0 | T23: =B23 -> 2.5 | U23: =IF(J23=0,Q23-O23) -> FALSE | X23: =IFERROR(IF(OR($D23="ANP",$D23="DAER",$D23="CONSULTORIA DNIT",$D23="PREGÃO ELETRÔNICO",$D23="DMLU",$D23="DMAE",$D23="CEEE",$D23="EPTC",$D23="ORSE",$D23="SEINFRA",$D23="CREA",$D23="CAU",$D23="CEHOP",$D23="SIURB",$D23="DER-PR",$D23="SUDECAP",$D23=#REF!,$D23=#REF!),VLOOKUP($C23,#REF!,7,FALSE),IF($D23="INDEXADO",VLOOKUP($C23,#REF!,17,FALSE),IF($D23="CCU",VLOOKUP($C23,#REF!,6,FALSE),IF($D23="MERCADO",VLOOKUP(PE_243_2026!$C23,#REF!,8,FALSE),IF($D23="PLEO",VLOOKUP($C23,#REF!,4,FALSE),IF($D23="SICRO",VLOOKUP($C23,#REF!,6,FALSE),IF($D23="SINAPI",IFERROR((VLOOKUP($C23,#REF!,5,FALSE)),"-"),"-"))))))),0) -> 0 | Y23: =IF(OR($D23="ANP",$D23="DAER",$D23="CONSULTORIA DNIT",$D23="PREGÃO ELETRÔNICO",$D23="DMLU",$D23="DMAE",$D23="CEEE",$D23="EPTC",$D23="ORSE",$D23="SEINFRA",$D23="CREA",$D23="CAU",$D23="CEHOP",$D23="SIURB",$D23="DER-PR",$D23="SUDECAP",$D23=#REF!,$D23=#REF!),VLOOKUP($C23,#REF!,8,FALSE),IF($D23="INDEXADO",VLOOKUP($C23,#REF!,18,FALSE),IF($D23="CCU",VLOOKUP($C23,#REF!,7,FALSE),IF($D23="MERCADO",VLOOKUP(PE_243_2026!$C23,#REF!,9,FALSE),IF($D23="PLEO",VLOOKUP($C23,#REF!,4,FALSE),IF($D23="SICRO",VLOOKUP($C23,#REF!,7,FALSE),IF($D23="SINAPI",IFERROR((VLOOKUP($C23,#REF!,6,FALSE)),(VLOOKUP($C23,#REF!,27,FALSE))),"-"))))))) -> #REF! | Z23: 96.49 | AA23: =M23-Z23 -> 0 | AB23: =M23*G23 -> 0 | AC23: =AA23*G23 -> 0
B24: 2.6 | C24: CCU-04 | D24: CCU | E24: CERCA COM MOURÕES DE CONCRETO, RETO, H=3,00 M, ESPAÇAMENTO DE 2,5 M, CRAVADOS 0,5 M, TELA ARAME GALVANIZADO REVESTIDO COM POLÍMERO, MALHA HEXAGONAL 8X10CM - FORNECIMENTO E INSTALAÇÃO | F24: M | I24: 15.06 | J24: 150.6525 | K24: =ROUND(I24+J24,20) -> 165.7125 | L24: 0.2519 | M24: =IFERROR(IF(L24="-",(ROUND(K24,2)),(ROUND(K24*(1+L24),2))),"-") -> 207.46 | O24: =IF(AND($H24=0,$J24=0),$Q24,IF(I24=0,0,IF($L24<>"-",IFERROR(TRUNC(TRUNC((I24*(1+$L24)),2)*$G24,2),0),IFERROR(TRUNC(I24*$G24,2),0)))) -> 0 | P24: =IF(J24=0,0,Q24-O24-N24) -> 0 | Q24: =IFERROR(ROUND(ROUND(M24,2)*ROUND(G24,2),2),0) -> 0 | T24: =B24 -> 2.6 | U24: =IF(J24=0,Q24-O24) -> FALSE | X24: =IFERROR(IF(OR($D24="ANP",$D24="DAER",$D24="CONSULTORIA DNIT",$D24="PREGÃO ELETRÔNICO",$D24="DMLU",$D24="DMAE",$D24="CEEE",$D24="EPTC",$D24="ORSE",$D24="SEINFRA",$D24="CREA",$D24="CAU",$D24="CEHOP",$D24="SIURB",$D24="DER-PR",$D24="SUDECAP",$D24=#REF!,$D24=#REF!),VLOOKUP($C24,#REF!,7,FALSE),IF($D24="INDEXADO",VLOOKUP($C24,#REF!,17,FALSE),IF($D24="CCU",VLOOKUP($C24,#REF!,6,FALSE),IF($D24="MERCADO",VLOOKUP(PE_243_2026!$C24,#REF!,8,FALSE),IF($D24="PLEO",VLOOKUP($C24,#REF!,4,FALSE),IF($D24="SICRO",VLOOKUP($C24,#REF!,6,FALSE),IF($D24="SINAPI",IFERROR((VLOOKUP($C24,#REF!,5,FALSE)),"-"),"-"))))))),0) -> 0 | Y24: =IF(OR($D24="ANP",$D24="DAER",$D24="CONSULTORIA DNIT",$D24="PREGÃO ELETRÔNICO",$D24="DMLU",$D24="DMAE",$D24="CEEE",$D24="EPTC",$D24="ORSE",$D24="SEINFRA",$D24="CREA",$D24="CAU",$D24="CEHOP",$D24="SIURB",$D24="DER-PR",$D24="SUDECAP",$D24=#REF!,$D24=#REF!),VLOOKUP($C24,#REF!,8,FALSE),IF($D24="INDEXADO",VLOOKUP($C24,#REF!,18,FALSE),IF($D24="CCU",VLOOKUP($C24,#REF!,7,FALSE),IF($D24="MERCADO",VLOOKUP(PE_243_2026!$C24,#REF!,9,FALSE),IF($D24="PLEO",VLOOKUP($C24,#REF!,4,FALSE),IF($D24="SICRO",VLOOKUP($C24,#REF!,7,FALSE),IF($D24="SINAPI",IFERROR((VLOOKUP($C24,#REF!,6,FALSE)),(VLOOKUP($C24,#REF!,27,FALSE))),"-"))))))) -> #REF! | Z24: 207.45 | AA24: =M24-Z24 -> 0.01 | AB24: =M24*G24 -> 0 | AC24: =AA24*G24 -> 0
B25: 2.7 | C25: CCU-06 | D25: CCU | E25: PORTAO EM TELA ARAME GALVANIZADO REVESTIDO COM POLÍMERO, MALHA HEXAGONAL 8X10CM E MOLDURA EM TUBOS DE AÇO, INCLUSO FERRAGENS E CADEADO, 1 DEMÃO DE FUNDO E 2 DEMÃOS DE ESMALTE SINTÉTICO | F25: M2 | I25: 312.4425 | J25: 478.53 | K25: =ROUND(I25+J25,20) -> 790.9725 | L25: 0.2519 | M25: =IFERROR(IF(L25="-",(ROUND(K25,2)),(ROUND(K25*(1+L25),2))),"-") -> 990.22 | O25: =IF(AND($H25=0,$J25=0),$Q25,IF(I25=0,0,IF($L25<>"-",IFERROR(TRUNC(TRUNC((I25*(1+$L25)),2)*$G25,2),0),IFERROR(TRUNC(I25*$G25,2),0)))) -> 0 | P25: =IF(J25=0,0,Q25-O25-N25) -> 0 | Q25: =IFERROR(ROUND(ROUND(M25,2)*ROUND(G25,2),2),0) -> 0 | T25: =B25 -> 2.7 | U25: =IF(J25=0,Q25-O25) -> FALSE | X25: =IFERROR(IF(OR($D25="ANP",$D25="DAER",$D25="CONSULTORIA DNIT",$D25="PREGÃO ELETRÔNICO",$D25="DMLU",$D25="DMAE",$D25="CEEE",$D25="EPTC",$D25="ORSE",$D25="SEINFRA",$D25="CREA",$D25="CAU",$D25="CEHOP",$D25="SIURB",$D25="DER-PR",$D25="SUDECAP",$D25=#REF!,$D25=#REF!),VLOOKUP($C25,#REF!,7,FALSE),IF($D25="INDEXADO",VLOOKUP($C25,#REF!,17,FALSE),IF($D25="CCU",VLOOKUP($C25,#REF!,6,FALSE),IF($D25="MERCADO",VLOOKUP(PE_243_2026!$C25,#REF!,8,FALSE),IF($D25="PLEO",VLOOKUP($C25,#REF!,4,FALSE),IF($D25="SICRO",VLOOKUP($C25,#REF!,6,FALSE),IF($D25="SINAPI",IFERROR((VLOOKUP($C25,#REF!,5,FALSE)),"-"),"-"))))))),0) -> 0 | Y25: =IF(OR($D25="ANP",$D25="DAER",$D25="CONSULTORIA DNIT",$D25="PREGÃO ELETRÔNICO",$D25="DMLU",$D25="DMAE",$D25="CEEE",$D25="EPTC",$D25="ORSE",$D25="SEINFRA",$D25="CREA",$D25="CAU",$D25="CEHOP",$D25="SIURB",$D25="DER-PR",$D25="SUDECAP",$D25=#REF!,$D25=#REF!),VLOOKUP($C25,#REF!,8,FALSE),IF($D25="INDEXADO",VLOOKUP($C25,#REF!,18,FALSE),IF($D25="CCU",VLOOKUP($C25,#REF!,7,FALSE),IF($D25="MERCADO",VLOOKUP(PE_243_2026!$C25,#REF!,9,FALSE),IF($D25="PLEO",VLOOKUP($C25,#REF!,4,FALSE),IF($D25="SICRO",VLOOKUP($C25,#REF!,7,FALSE),IF($D25="SINAPI",IFERROR((VLOOKUP($C25,#REF!,6,FALSE)),(VLOOKUP($C25,#REF!,27,FALSE))),"-"))))))) -> #REF! | Z25: 990.22 | AA25: =M25-Z25 -> 0 | AB25: =M25*G25 -> 0 | AC25: =AA25*G25 -> 0
B26: 2.8 | C26: CCU-03 | D26: CCU | E26: PORTA EM AÇO DE GIRO TIPO VENEZIANA SEM GUARNIÇÃO - INCLUSO CADEADO PADRÃO E FERROLHO | F26: M2 | I26: 0 | J26: 292.1925 | K26: =ROUND(I26+J26,20) -> 292.1925 | L26: 0.2519 | M26: =IFERROR(IF(L26="-",(ROUND(K26,2)),(ROUND(K26*(1+L26),2))),"-") -> 365.8 | O26: =IF(AND($H26=0,$J26=0),$Q26,IF(I26=0,0,IF($L26<>"-",IFERROR(TRUNC(TRUNC((I26*(1+$L26)),2)*$G26,2),0),IFERROR(TRUNC(I26*$G26,2),0)))) -> 0 | P26: =IF(J26=0,0,Q26-O26-N26) -> 0 | Q26: =IFERROR(ROUND(ROUND(M26,2)*ROUND(G26,2),2),0) -> 0 | T26: =B26 -> 2.8 | U26: =IF(J26=0,Q26-O26) -> FALSE | X26: =IFERROR(IF(OR($D26="ANP",$D26="DAER",$D26="CONSULTORIA DNIT",$D26="PREGÃO ELETRÔNICO",$D26="DMLU",$D26="DMAE",$D26="CEEE",$D26="EPTC",$D26="ORSE",$D26="SEINFRA",$D26="CREA",$D26="CAU",$D26="CEHOP",$D26="SIURB",$D26="DER-PR",$D26="SUDECAP",$D26=#REF!,$D26=#REF!),VLOOKUP($C26,#REF!,7,FALSE),IF($D26="INDEXADO",VLOOKUP($C26,#REF!,17,FALSE),IF($D26="CCU",VLOOKUP($C26,#REF!,6,FALSE),IF($D26="MERCADO",VLOOKUP(PE_243_2026!$C26,#REF!,8,FALSE),IF($D26="PLEO",VLOOKUP($C26,#REF!,4,FALSE),IF($D26="SICRO",VLOOKUP($C26,#REF!,6,FALSE),IF($D26="SINAPI",IFERROR((VLOOKUP($C26,#REF!,5,FALSE)),"-"),"-"))))))),0) -> 0 | Y26: =IF(OR($D26="ANP",$D26="DAER",$D26="CONSULTORIA DNIT",$D26="PREGÃO ELETRÔNICO",$D26="DMLU",$D26="DMAE",$D26="CEEE",$D26="EPTC",$D26="ORSE",$D26="SEINFRA",$D26="CREA",$D26="CAU",$D26="CEHOP",$D26="SIURB",$D26="DER-PR",$D26="SUDECAP",$D26=#REF!,$D26=#REF!),VLOOKUP($C26,#REF!,8,FALSE),IF($D26="INDEXADO",VLOOKUP($C26,#REF!,18,FALSE),IF($D26="CCU",VLOOKUP($C26,#REF!,7,FALSE),IF($D26="MERCADO",VLOOKUP(PE_243_2026!$C26,#REF!,9,FALSE),IF($D26="PLEO",VLOOKUP($C26,#REF!,4,FALSE),IF($D26="SICRO",VLOOKUP($C26,#REF!,7,FALSE),IF($D26="SINAPI",IFERROR((VLOOKUP($C26,#REF!,6,FALSE)),(VLOOKUP($C26,#REF!,27,FALSE))),"-"))))))) -> #REF! | Z26: 365.79 | AA26: =M26-Z26 -> 0.01 | AB26: =M26*G26 -> 0 | AC26: =AA26*G26 -> 0
B27: 2.9 | C27: CCU-05 | D27: CCU | E27: JANELA EM AÇO FIXA TIPO VENEZIANA SEM GUARNIÇÃO | F27: M2 | I27: 0 | J27: 270.165 | K27: =ROUND(I27+J27,20) -> 270.165 | L27: 0.2519 | M27: =IFERROR(IF(L27="-",(ROUND(K27,2)),(ROUND(K27*(1+L27),2))),"-") -> 338.22 | O27: =IF(AND($H27=0,$J27=0),$Q27,IF(I27=0,0,IF($L27<>"-",IFERROR(TRUNC(TRUNC((I27*(1+$L27)),2)*$G27,2),0),IFERROR(TRUNC(I27*$G27,2),0)))) -> 0 | P27: =IF(J27=0,0,Q27-O27-N27) -> 0 | Q27: =IFERROR(ROUND(ROUND(M27,2)*ROUND(G27,2),2),0) -> 0 | T27: =B27 -> 2.9 | U27: =IF(J27=0,Q27-O27) -> FALSE | X27: =IFERROR(IF(OR($D27="ANP",$D27="DAER",$D27="CONSULTORIA DNIT",$D27="PREGÃO ELETRÔNICO",$D27="DMLU",$D27="DMAE",$D27="CEEE",$D27="EPTC",$D27="ORSE",$D27="SEINFRA",$D27="CREA",$D27="CAU",$D27="CEHOP",$D27="SIURB",$D27="DER-PR",$D27="SUDECAP",$D27=#REF!,$D27=#REF!),VLOOKUP($C27,#REF!,7,FALSE),IF($D27="INDEXADO",VLOOKUP($C27,#REF!,17,FALSE),IF($D27="CCU",VLOOKUP($C27,#REF!,6,FALSE),IF($D27="MERCADO",VLOOKUP(PE_243_2026!$C27,#REF!,8,FALSE),IF($D27="PLEO",VLOOKUP($C27,#REF!,4,FALSE),IF($D27="SICRO",VLOOKUP($C27,#REF!,6,FALSE),IF($D27="SINAPI",IFERROR((VLOOKUP($C27,#REF!,5,FALSE)),"-"),"-"))))))),0) -> 0 | Y27: =IF(OR($D27="ANP",$D27="DAER",$D27="CONSULTORIA DNIT",$D27="PREGÃO ELETRÔNICO",$D27="DMLU",$D27="DMAE",$D27="CEEE",$D27="EPTC",$D27="ORSE",$D27="SEINFRA",$D27="CREA",$D27="CAU",$D27="CEHOP",$D27="SIURB",$D27="DER-PR",$D27="SUDECAP",$D27=#REF!,$D27=#REF!),VLOOKUP($C27,#REF!,8,FALSE),IF($D27="INDEXADO",VLOOKUP($C27,#REF!,18,FALSE),IF($D27="CCU",VLOOKUP($C27,#REF!,7,FALSE),IF($D27="MERCADO",VLOOKUP(PE_243_2026!$C27,#REF!,9,FALSE),IF($D27="PLEO",VLOOKUP($C27,#REF!,4,FALSE),IF($D27="SICRO",VLOOKUP($C27,#REF!,7,FALSE),IF($D27="SINAPI",IFERROR((VLOOKUP($C27,#REF!,6,FALSE)),(VLOOKUP($C27,#REF!,27,FALSE))),"-"))))))) -> #REF! | Z27: 338.21 | AA27: =M27-Z27 -> 0.01 | AB27: =M27*G27 -> 0 | AC27: =AA27*G27 -> 0
B28: 2.10 | C28: 98546 | D28: SINAPI | E28: IMPERMEABILIZAÇÃO DE SUPERFÍCIE COM MANTA ASFÁLTICA, UMA CAMADA, INCLUSIVE APLICAÇÃO DE PRIMER ASFÁLTICO, E=4MM. AF_09/2023 | F28: M2 | I28: 26.0925 | J28: 71.805 | K28: =ROUND(I28+J28,20) -> 97.8975 | L28: 0.2519 | M28: =IFERROR(IF(L28="-",(ROUND(K28,2)),(ROUND(K28*(1+L28),2))),"-") -> 122.56 | O28: =IF(AND($H28=0,$J28=0),$Q28,IF(I28=0,0,IF($L28<>"-",IFERROR(TRUNC(TRUNC((I28*(1+$L28)),2)*$G28,2),0),IFERROR(TRUNC(I28*$G28,2),0)))) -> 0 | P28: =IF(J28=0,0,Q28-O28-N28) -> 0 | Q28: =IFERROR(ROUND(ROUND(M28,2)*ROUND(G28,2),2),0) -> 0 | T28: =B28 -> 2.10 | U28: =IF(J28=0,Q28-O28) -> FALSE | X28: =IFERROR(IF(OR($D28="ANP",$D28="DAER",$D28="CONSULTORIA DNIT",$D28="PREGÃO ELETRÔNICO",$D28="DMLU",$D28="DMAE",$D28="CEEE",$D28="EPTC",$D28="ORSE",$D28="SEINFRA",$D28="CREA",$D28="CAU",$D28="CEHOP",$D28="SIURB",$D28="DER-PR",$D28="SUDECAP",$D28=#REF!,$D28=#REF!),VLOOKUP($C28,#REF!,7,FALSE),IF($D28="INDEXADO",VLOOKUP($C28,#REF!,17,FALSE),IF($D28="CCU",VLOOKUP($C28,#REF!,6,FALSE),IF($D28="MERCADO",VLOOKUP(PE_243_2026!$C28,#REF!,8,FALSE),IF($D28="PLEO",VLOOKUP($C28,#REF!,4,FALSE),IF($D28="SICRO",VLOOKUP($C28,#REF!,6,FALSE),IF($D28="SINAPI",IFERROR((VLOOKUP($C28,#REF!,5,FALSE)),"-"),"-"))))))),0) -> 0 | Y28: =IF(OR($D28="ANP",$D28="DAER",$D28="CONSULTORIA DNIT",$D28="PREGÃO ELETRÔNICO",$D28="DMLU",$D28="DMAE",$D28="CEEE",$D28="EPTC",$D28="ORSE",$D28="SEINFRA",$D28="CREA",$D28="CAU",$D28="CEHOP",$D28="SIURB",$D28="DER-PR",$D28="SUDECAP",$D28=#REF!,$D28=#REF!),VLOOKUP($C28,#REF!,8,FALSE),IF($D28="INDEXADO",VLOOKUP($C28,#REF!,18,FALSE),IF($D28="CCU",VLOOKUP($C28,#REF!,7,FALSE),IF($D28="MERCADO",VLOOKUP(PE_243_2026!$C28,#REF!,9,FALSE),IF($D28="PLEO",VLOOKUP($C28,#REF!,4,FALSE),IF($D28="SICRO",VLOOKUP($C28,#REF!,7,FALSE),IF($D28="SINAPI",IFERROR((VLOOKUP($C28,#REF!,6,FALSE)),(VLOOKUP($C28,#REF!,27,FALSE))),"-"))))))) -> #REF! | Z28: 122.55 | AA28: =M28-Z28 -> 0.01 | AB28: =M28*G28 -> 0 | AC28: =AA28*G28 -> 0
B29: 2.11 | C29: 88485 | D29: SINAPI | E29: FUNDO SELADOR ACRÍLICO, APLICAÇÃO MANUAL EM PAREDE, UMA DEMÃO. AF_04/2023 | F29: M2 | I29: 1.9875 | J29: 1.035 | K29: =ROUND(I29+J29,20) -> 3.0225 | L29: 0.2519 | M29: =IFERROR(IF(L29="-",(ROUND(K29,2)),(ROUND(K29*(1+L29),2))),"-") -> 3.78 | O29: =IF(AND($H29=0,$J29=0),$Q29,IF(I29=0,0,IF($L29<>"-",IFERROR(TRUNC(TRUNC((I29*(1+$L29)),2)*$G29,2),0),IFERROR(TRUNC(I29*$G29,2),0)))) -> 0 | P29: =IF(J29=0,0,Q29-O29-N29) -> 0 | Q29: =IFERROR(ROUND(ROUND(M29,2)*ROUND(G29,2),2),0) -> 0 | T29: =B29 -> 2.11 | U29: =IF(J29=0,Q29-O29) -> FALSE | X29: =IFERROR(IF(OR($D29="ANP",$D29="DAER",$D29="CONSULTORIA DNIT",$D29="PREGÃO ELETRÔNICO",$D29="DMLU",$D29="DMAE",$D29="CEEE",$D29="EPTC",$D29="ORSE",$D29="SEINFRA",$D29="CREA",$D29="CAU",$D29="CEHOP",$D29="SIURB",$D29="DER-PR",$D29="SUDECAP",$D29=#REF!,$D29=#REF!),VLOOKUP($C29,#REF!,7,FALSE),IF($D29="INDEXADO",VLOOKUP($C29,#REF!,17,FALSE),IF($D29="CCU",VLOOKUP($C29,#REF!,6,FALSE),IF($D29="MERCADO",VLOOKUP(PE_243_2026!$C29,#REF!,8,FALSE),IF($D29="PLEO",VLOOKUP($C29,#REF!,4,FALSE),IF($D29="SICRO",VLOOKUP($C29,#REF!,6,FALSE),IF($D29="SINAPI",IFERROR((VLOOKUP($C29,#REF!,5,FALSE)),"-"),"-"))))))),0) -> 0 | Y29: =IF(OR($D29="ANP",$D29="DAER",$D29="CONSULTORIA DNIT",$D29="PREGÃO ELETRÔNICO",$D29="DMLU",$D29="DMAE",$D29="CEEE",$D29="EPTC",$D29="ORSE",$D29="SEINFRA",$D29="CREA",$D29="CAU",$D29="CEHOP",$D29="SIURB",$D29="DER-PR",$D29="SUDECAP",$D29=#REF!,$D29=#REF!),VLOOKUP($C29,#REF!,8,FALSE),IF($D29="INDEXADO",VLOOKUP($C29,#REF!,18,FALSE),IF($D29="CCU",VLOOKUP($C29,#REF!,7,FALSE),IF($D29="MERCADO",VLOOKUP(PE_243_2026!$C29,#REF!,9,FALSE),IF($D29="PLEO",VLOOKUP($C29,#REF!,4,FALSE),IF($D29="SICRO",VLOOKUP($C29,#REF!,7,FALSE),IF($D29="SINAPI",IFERROR((VLOOKUP($C29,#REF!,6,FALSE)),(VLOOKUP($C29,#REF!,27,FALSE))),"-"))))))) -> #REF! | Z29: 3.78 | AA29: =M29-Z29 -> 0 | AB29: =M29*G29 -> 0 | AC29: =AA29*G29 -> 0
B30: 2.12 | C30: 88489 | D30: SINAPI | E30: PINTURA LÁTEX ACRÍLICA PREMIUM, APLICAÇÃO MANUAL EM PAREDES, DUAS DEMÃOS. AF_04/2023 | F30: M2 | I30: 4.875 | J30: 5.6925 | K30: =ROUND(I30+J30,20) -> 10.5675 | L30: 0.2519 | M30: =IFERROR(IF(L30="-",(ROUND(K30,2)),(ROUND(K30*(1+L30),2))),"-") -> 13.23 | O30: =IF(AND($H30=0,$J30=0),$Q30,IF(I30=0,0,IF($L30<>"-",IFERROR(TRUNC(TRUNC((I30*(1+$L30)),2)*$G30,2),0),IFERROR(TRUNC(I30*$G30,2),0)))) -> 0 | P30: =IF(J30=0,0,Q30-O30-N30) -> 0 | Q30: =IFERROR(ROUND(ROUND(M30,2)*ROUND(G30,2),2),0) -> 0 | T30: =B30 -> 2.12 | U30: =IF(J30=0,Q30-O30) -> FALSE | X30: =IFERROR(IF(OR($D30="ANP",$D30="DAER",$D30="CONSULTORIA DNIT",$D30="PREGÃO ELETRÔNICO",$D30="DMLU",$D30="DMAE",$D30="CEEE",$D30="EPTC",$D30="ORSE",$D30="SEINFRA",$D30="CREA",$D30="CAU",$D30="CEHOP",$D30="SIURB",$D30="DER-PR",$D30="SUDECAP",$D30=#REF!,$D30=#REF!),VLOOKUP($C30,#REF!,7,FALSE),IF($D30="INDEXADO",VLOOKUP($C30,#REF!,17,FALSE),IF($D30="CCU",VLOOKUP($C30,#REF!,6,FALSE),IF($D30="MERCADO",VLOOKUP(PE_243_2026!$C30,#REF!,8,FALSE),IF($D30="PLEO",VLOOKUP($C30,#REF!,4,FALSE),IF($D30="SICRO",VLOOKUP($C30,#REF!,6,FALSE),IF($D30="SINAPI",IFERROR((VLOOKUP($C30,#REF!,5,FALSE)),"-"),"-"))))))),0) -> 0 | Y30: =IF(OR($D30="ANP",$D30="DAER",$D30="CONSULTORIA DNIT",$D30="PREGÃO ELETRÔNICO",$D30="DMLU",$D30="DMAE",$D30="CEEE",$D30="EPTC",$D30="ORSE",$D30="SEINFRA",$D30="CREA",$D30="CAU",$D30="CEHOP",$D30="SIURB",$D30="DER-PR",$D30="SUDECAP",$D30=#REF!,$D30=#REF!),VLOOKUP($C30,#REF!,8,FALSE),IF($D30="INDEXADO",VLOOKUP($C30,#REF!,18,FALSE),IF($D30="CCU",VLOOKUP($C30,#REF!,7,FALSE),IF($D30="MERCADO",VLOOKUP(PE_243_2026!$C30,#REF!,9,FALSE),IF($D30="PLEO",VLOOKUP($C30,#REF!,4,FALSE),IF($D30="SICRO",VLOOKUP($C30,#REF!,7,FALSE),IF($D30="SINAPI",IFERROR((VLOOKUP($C30,#REF!,6,FALSE)),(VLOOKUP($C30,#REF!,27,FALSE))),"-"))))))) -> #REF! | Z30: 13.22 | AA30: =M30-Z30 -> 0.01 | AB30: =M30*G30 -> 0 | AC30: =AA30*G30 -> 0
B31: 2.13 | C31: 88488 | D31: SINAPI | E31: PINTURA LÁTEX ACRÍLICA PREMIUM, APLICAÇÃO MANUAL EM TETO, DUAS DEMÃOS. AF_04/2023 | F31: M2 | I31: 6.78 | J31: 5.6925 | K31: =ROUND(I31+J31,20) -> 12.4725 | L31: 0.2519 | M31: =IFERROR(IF(L31="-",(ROUND(K31,2)),(ROUND(K31*(1+L31),2))),"-") -> 15.61 | O31: =IF(AND($H31=0,$J31=0),$Q31,IF(I31=0,0,IF($L31<>"-",IFERROR(TRUNC(TRUNC((I31*(1+$L31)),2)*$G31,2),0),IFERROR(TRUNC(I31*$G31,2),0)))) -> 0 | P31: =IF(J31=0,0,Q31-O31-N31) -> 0 | Q31: =IFERROR(ROUND(ROUND(M31,2)*ROUND(G31,2),2),0) -> 0 | T31: =B31 -> 2.13 | U31: =IF(J31=0,Q31-O31) -> FALSE | X31: =IFERROR(IF(OR($D31="ANP",$D31="DAER",$D31="CONSULTORIA DNIT",$D31="PREGÃO ELETRÔNICO",$D31="DMLU",$D31="DMAE",$D31="CEEE",$D31="EPTC",$D31="ORSE",$D31="SEINFRA",$D31="CREA",$D31="CAU",$D31="CEHOP",$D31="SIURB",$D31="DER-PR",$D31="SUDECAP",$D31=#REF!,$D31=#REF!),VLOOKUP($C31,#REF!,7,FALSE),IF($D31="INDEXADO",VLOOKUP($C31,#REF!,17,FALSE),IF($D31="CCU",VLOOKUP($C31,#REF!,6,FALSE),IF($D31="MERCADO",VLOOKUP(PE_243_2026!$C31,#REF!,8,FALSE),IF($D31="PLEO",VLOOKUP($C31,#REF!,4,FALSE),IF($D31="SICRO",VLOOKUP($C31,#REF!,6,FALSE),IF($D31="SINAPI",IFERROR((VLOOKUP($C31,#REF!,5,FALSE)),"-"),"-"))))))),0) -> 0 | Y31: =IF(OR($D31="ANP",$D31="DAER",$D31="CONSULTORIA DNIT",$D31="PREGÃO ELETRÔNICO",$D31="DMLU",$D31="DMAE",$D31="CEEE",$D31="EPTC",$D31="ORSE",$D31="SEINFRA",$D31="CREA",$D31="CAU",$D31="CEHOP",$D31="SIURB",$D31="DER-PR",$D31="SUDECAP",$D31=#REF!,$D31=#REF!),VLOOKUP($C31,#REF!,8,FALSE),IF($D31="INDEXADO",VLOOKUP($C31,#REF!,18,FALSE),IF($D31="CCU",VLOOKUP($C31,#REF!,7,FALSE),IF($D31="MERCADO",VLOOKUP(PE_243_2026!$C31,#REF!,9,FALSE),IF($D31="PLEO",VLOOKUP($C31,#REF!,4,FALSE),IF($D31="SICRO",VLOOKUP($C31,#REF!,7,FALSE),IF($D31="SINAPI",IFERROR((VLOOKUP($C31,#REF!,6,FALSE)),(VLOOKUP($C31,#REF!,27,FALSE))),"-"))))))) -> #REF! | Z31: 15.61 | AA31: =M31-Z31 -> 0 | AB31: =M31*G31 -> 0 | AC31: =AA31*G31 -> 0
B32: 2.14 | C32: 100717 | D32: SINAPI | E32: LIXAMENTO MANUAL EM SUPERFÍCIES METÁLICAS EM OBRA. AF_01/2020 | F32: M2 | I32: 7.0725 | J32: 0.9975 | K32: =ROUND(I32+J32,20) -> 8.07 | L32: 0.2519 | M32: =IFERROR(IF(L32="-",(ROUND(K32,2)),(ROUND(K32*(1+L32),2))),"-") -> 10.1 | O32: =IF(AND($H32=0,$J32=0),$Q32,IF(I32=0,0,IF($L32<>"-",IFERROR(TRUNC(TRUNC((I32*(1+$L32)),2)*$G32,2),0),IFERROR(TRUNC(I32*$G32,2),0)))) -> 0 | P32: =IF(J32=0,0,Q32-O32-N32) -> 0 | Q32: =IFERROR(ROUND(ROUND(M32,2)*ROUND(G32,2),2),0) -> 0 | T32: =B32 -> 2.14 | U32: =IF(J32=0,Q32-O32) -> FALSE | X32: =IFERROR(IF(OR($D32="ANP",$D32="DAER",$D32="CONSULTORIA DNIT",$D32="PREGÃO ELETRÔNICO",$D32="DMLU",$D32="DMAE",$D32="CEEE",$D32="EPTC",$D32="ORSE",$D32="SEINFRA",$D32="CREA",$D32="CAU",$D32="CEHOP",$D32="SIURB",$D32="DER-PR",$D32="SUDECAP",$D32=#REF!,$D32=#REF!),VLOOKUP($C32,#REF!,7,FALSE),IF($D32="INDEXADO",VLOOKUP($C32,#REF!,17,FALSE),IF($D32="CCU",VLOOKUP($C32,#REF!,6,FALSE),IF($D32="MERCADO",VLOOKUP(PE_243_2026!$C32,#REF!,8,FALSE),IF($D32="PLEO",VLOOKUP($C32,#REF!,4,FALSE),IF($D32="SICRO",VLOOKUP($C32,#REF!,6,FALSE),IF($D32="SINAPI",IFERROR((VLOOKUP($C32,#REF!,5,FALSE)),"-"),"-"))))))),0) -> 0 | Y32: =IF(OR($D32="ANP",$D32="DAER",$D32="CONSULTORIA DNIT",$D32="PREGÃO ELETRÔNICO",$D32="DMLU",$D32="DMAE",$D32="CEEE",$D32="EPTC",$D32="ORSE",$D32="SEINFRA",$D32="CREA",$D32="CAU",$D32="CEHOP",$D32="SIURB",$D32="DER-PR",$D32="SUDECAP",$D32=#REF!,$D32=#REF!),VLOOKUP($C32,#REF!,8,FALSE),IF($D32="INDEXADO",VLOOKUP($C32,#REF!,18,FALSE),IF($D32="CCU",VLOOKUP($C32,#REF!,7,FALSE),IF($D32="MERCADO",VLOOKUP(PE_243_2026!$C32,#REF!,9,FALSE),IF($D32="PLEO",VLOOKUP($C32,#REF!,4,FALSE),IF($D32="SICRO",VLOOKUP($C32,#REF!,7,FALSE),IF($D32="SINAPI",IFERROR((VLOOKUP($C32,#REF!,6,FALSE)),(VLOOKUP($C32,#REF!,27,FALSE))),"-"))))))) -> #REF! | Z32: 10.09 | AA32: =M32-Z32 -> 0.01 | AB32: =M32*G32 -> 0 | AC32: =AA32*G32 -> 0
B33: 2.15 | C33: 100726 | D33: SINAPI | E33: PINTURA COM TINTA ALQUÍDICA DE FUNDO E ACABAMENTO (ESMALTE SINTÉTICO GRAFITE) APLICADA A ROLO OU PINCEL SOBRE SUPERFÍCIES METÁLICAS (EXCETO PERFIL) EXECUTADO EM OBRA (POR DEMÃO). AF_01/2020 | F33: M2 | I33: 16.0575 | J33: 6.4575 | K33: =ROUND(I33+J33,20) -> 22.515 | L33: 0.2519 | M33: =IFERROR(IF(L33="-",(ROUND(K33,2)),(ROUND(K33*(1+L33),2))),"-") -> 28.19 | O33: =IF(AND($H33=0,$J33=0),$Q33,IF(I33=0,0,IF($L33<>"-",IFERROR(TRUNC(TRUNC((I33*(1+$L33)),2)*$G33,2),0),IFERROR(TRUNC(I33*$G33,2),0)))) -> 0 | P33: =IF(J33=0,0,Q33-O33-N33) -> 0 | Q33: =IFERROR(ROUND(ROUND(M33,2)*ROUND(G33,2),2),0) -> 0 | T33: =B33 -> 2.15 | U33: =IF(J33=0,Q33-O33) -> FALSE | X33: =IFERROR(IF(OR($D33="ANP",$D33="DAER",$D33="CONSULTORIA DNIT",$D33="PREGÃO ELETRÔNICO",$D33="DMLU",$D33="DMAE",$D33="CEEE",$D33="EPTC",$D33="ORSE",$D33="SEINFRA",$D33="CREA",$D33="CAU",$D33="CEHOP",$D33="SIURB",$D33="DER-PR",$D33="SUDECAP",$D33=#REF!,$D33=#REF!),VLOOKUP($C33,#REF!,7,FALSE),IF($D33="INDEXADO",VLOOKUP($C33,#REF!,17,FALSE),IF($D33="CCU",VLOOKUP($C33,#REF!,6,FALSE),IF($D33="MERCADO",VLOOKUP(PE_243_2026!$C33,#REF!,8,FALSE),IF($D33="PLEO",VLOOKUP($C33,#REF!,4,FALSE),IF($D33="SICRO",VLOOKUP($C33,#REF!,6,FALSE),IF($D33="SINAPI",IFERROR((VLOOKUP($C33,#REF!,5,FALSE)),"-"),"-"))))))),0) -> 0 | Y33: =IF(OR($D33="ANP",$D33="DAER",$D33="CONSULTORIA DNIT",$D33="PREGÃO ELETRÔNICO",$D33="DMLU",$D33="DMAE",$D33="CEEE",$D33="EPTC",$D33="ORSE",$D33="SEINFRA",$D33="CREA",$D33="CAU",$D33="CEHOP",$D33="SIURB",$D33="DER-PR",$D33="SUDECAP",$D33=#REF!,$D33=#REF!),VLOOKUP($C33,#REF!,8,FALSE),IF($D33="INDEXADO",VLOOKUP($C33,#REF!,18,FALSE),IF($D33="CCU",VLOOKUP($C33,#REF!,7,FALSE),IF($D33="MERCADO",VLOOKUP(PE_243_2026!$C33,#REF!,9,FALSE),IF($D33="PLEO",VLOOKUP($C33,#REF!,4,FALSE),IF($D33="SICRO",VLOOKUP($C33,#REF!,7,FALSE),IF($D33="SINAPI",IFERROR((VLOOKUP($C33,#REF!,6,FALSE)),(VLOOKUP($C33,#REF!,27,FALSE))),"-"))))))) -> #REF! | Z33: 28.18 | AA33: =M33-Z33 -> 0.01 | AB33: =M33*G33 -> 0 | AC33: =AA33*G33 -> 0
B34: 2.16 | C34: CCU-29 | D34: CCU | E34: FORNECIMENTO E INSTALAÇÃO DE PLACA ORIENTATIVA EM PVC 2MM | F34: M2 | I34: 1.995 | J34: 314.625 | K34: =ROUND(I34+J34,20) -> 316.62 | L34: 0.2519 | M34: =IFERROR(IF(L34="-",(ROUND(K34,2)),(ROUND(K34*(1+L34),2))),"-") -> 396.38 | O34: =IF(AND($H34=0,$J34=0),$Q34,IF(I34=0,0,IF($L34<>"-",IFERROR(TRUNC(TRUNC((I34*(1+$L34)),2)*$G34,2),0),IFERROR(TRUNC(I34*$G34,2),0)))) -> 0 | P34: =IF(J34=0,0,Q34-O34-N34) -> 0 | Q34: =IFERROR(ROUND(ROUND(M34,2)*ROUND(G34,2),2),0) -> 0 | T34: =B34 -> 2.16 | U34: =IF(J34=0,Q34-O34) -> FALSE | X34: =IFERROR(IF(OR($D34="ANP",$D34="DAER",$D34="CONSULTORIA DNIT",$D34="PREGÃO ELETRÔNICO",$D34="DMLU",$D34="DMAE",$D34="CEEE",$D34="EPTC",$D34="ORSE",$D34="SEINFRA",$D34="CREA",$D34="CAU",$D34="CEHOP",$D34="SIURB",$D34="DER-PR",$D34="SUDECAP",$D34=#REF!,$D34=#REF!),VLOOKUP($C34,#REF!,7,FALSE),IF($D34="INDEXADO",VLOOKUP($C34,#REF!,17,FALSE),IF($D34="CCU",VLOOKUP($C34,#REF!,6,FALSE),IF($D34="MERCADO",VLOOKUP(PE_243_2026!$C34,#REF!,8,FALSE),IF($D34="PLEO",VLOOKUP($C34,#REF!,4,FALSE),IF($D34="SICRO",VLOOKUP($C34,#REF!,6,FALSE),IF($D34="SINAPI",IFERROR((VLOOKUP($C34,#REF!,5,FALSE)),"-"),"-"))))))),0) -> 0 | Y34: =IF(OR($D34="ANP",$D34="DAER",$D34="CONSULTORIA DNIT",$D34="PREGÃO ELETRÔNICO",$D34="DMLU",$D34="DMAE",$D34="CEEE",$D34="EPTC",$D34="ORSE",$D34="SEINFRA",$D34="CREA",$D34="CAU",$D34="CEHOP",$D34="SIURB",$D34="DER-PR",$D34="SUDECAP",$D34=#REF!,$D34=#REF!),VLOOKUP($C34,#REF!,8,FALSE),IF($D34="INDEXADO",VLOOKUP($C34,#REF!,18,FALSE),IF($D34="CCU",VLOOKUP($C34,#REF!,7,FALSE),IF($D34="MERCADO",VLOOKUP(PE_243_2026!$C34,#REF!,9,FALSE),IF($D34="PLEO",VLOOKUP($C34,#REF!,4,FALSE),IF($D34="SICRO",VLOOKUP($C34,#REF!,7,FALSE),IF($D34="SINAPI",IFERROR((VLOOKUP($C34,#REF!,6,FALSE)),(VLOOKUP($C34,#REF!,27,FALSE))),"-"))))))) -> #REF! | Z34: 396.37 | AA34: =M34-Z34 -> 0.01 | AB34: =M34*G34 -> 0 | AC34: =AA34*G34 -> 0
M35: Subtotal Manutenção das instalações | O35: =SUM(O19:O34) -> 0 | P35: =SUM(P19:P34) -> 0 | Q35: =SUM(Q19:Q34) -> 0 | S35: 1 | U35: =IF(J35=0,Q35-O35) -> 0 | V35: =SUM(O35:P35) -> 0 | W35: =IF(V35<>Q35,"erro","ok") -> ok
T36: =B36 -> 0 | U36: =IF(J36=0,Q36-O36) -> 0
B37: 3 | E37: Manutenção da rede de alimentação | Q37: =Q110 -> 0 | T37: =B37 -> 3 | U37: =IF(J37=0,Q37-O37) -> 0
B38: 3.1 | C38: CCU-26 | D38: CCU | E38: MANUTENÇÃO CORRETIVA EM SUBESTAÇÃO E/OU REDE AÉREA, CONFORME ESPECIFICAÇÕES | F38: UN | I38: 582.96 | J38: 1559.115 | K38: =I38+J38 -> 2142.075 | L38: 0.2519 | M38: =IFERROR(IF(L38="-",(ROUND(K38,2)),(ROUND(K38*(1+L38),2))),"-") -> 2681.66 | O38: =IF(AND($H38=0,$J38=0),$Q38,IF(I38=0,0,IF($L38<>"-",IFERROR(TRUNC(TRUNC((I38*(1+$L38)),2)*$G38,2),0),IFERROR(TRUNC(I38*$G38,2),0)))) -> 0 | P38: =IF(J38=0,0,Q38-O38-N38) -> 0 | Q38: =IFERROR(ROUND(ROUND(M38,2)*ROUND(G38,2),2),0) -> 0 | T38: =B38 -> 3.1 | U38: =IF(J38=0,Q38-O38) -> FALSE | X38: =IFERROR(IF(OR($D38="ANP",$D38="DAER",$D38="CONSULTORIA DNIT",$D38="PREGÃO ELETRÔNICO",$D38="DMLU",$D38="DMAE",$D38="CEEE",$D38="EPTC",$D38="ORSE",$D38="SEINFRA",$D38="CREA",$D38="CAU",$D38="CEHOP",$D38="SIURB",$D38="DER-PR",$D38="SUDECAP",$D38=#REF!,$D38=#REF!),VLOOKUP($C38,#REF!,7,FALSE),IF($D38="INDEXADO",VLOOKUP($C38,#REF!,17,FALSE),IF($D38="CCU",VLOOKUP($C38,#REF!,6,FALSE),IF($D38="MERCADO",VLOOKUP(PE_243_2026!$C38,#REF!,8,FALSE),IF($D38="PLEO",VLOOKUP($C38,#REF!,4,FALSE),IF($D38="SICRO",VLOOKUP($C38,#REF!,6,FALSE),IF($D38="SINAPI",IFERROR((VLOOKUP($C38,#REF!,5,FALSE)),"-"),"-"))))))),0) -> 0 | Y38: =IF(OR($D38="ANP",$D38="DAER",$D38="CONSULTORIA DNIT",$D38="PREGÃO ELETRÔNICO",$D38="DMLU",$D38="DMAE",$D38="CEEE",$D38="EPTC",$D38="ORSE",$D38="SEINFRA",$D38="CREA",$D38="CAU",$D38="CEHOP",$D38="SIURB",$D38="DER-PR",$D38="SUDECAP",$D38=#REF!,$D38=#REF!),VLOOKUP($C38,#REF!,8,FALSE),IF($D38="INDEXADO",VLOOKUP($C38,#REF!,18,FALSE),IF($D38="CCU",VLOOKUP($C38,#REF!,7,FALSE),IF($D38="MERCADO",VLOOKUP(PE_243_2026!$C38,#REF!,9,FALSE),IF($D38="PLEO",VLOOKUP($C38,#REF!,4,FALSE),IF($D38="SICRO",VLOOKUP($C38,#REF!,7,FALSE),IF($D38="SINAPI",IFERROR((VLOOKUP($C38,#REF!,6,FALSE)),(VLOOKUP($C38,#REF!,27,FALSE))),"-"))))))) -> #REF! | Z38: 2681.65 | AA38: =M38-Z38 -> 0.01 | AB38: =M38*G38 -> 0 | AC38: =AA38*G38 -> 0
B39: 3.2 | C39: 104792 | D39: SINAPI | E39: REMOÇÃO DE CABOS ELÉTRICOS, COM SEÇÃO DE ATÉ 2,5 MM², DE FORMA MANUAL, SEM REAPROVEITAMENTO. AF_09/2023 | F39: M | I39: 0.3375 | J39: 0 | K39: =I39+J39 -> 0.3375 | L39: 0.2519 | M39: =IFERROR(IF(L39="-",(ROUND(K39,2)),(ROUND(K39*(1+L39),2))),"-") -> 0.42 | O39: =IF(AND($H39=0,$J39=0),$Q39,IF(I39=0,0,IF($L39<>"-",IFERROR(TRUNC(TRUNC((I39*(1+$L39)),2)*$G39,2),0),IFERROR(TRUNC(I39*$G39,2),0)))) -> 0 | P39: =IF(J39=0,0,Q39-O39-N39) -> 0 | Q39: =IFERROR(ROUND(ROUND(M39,2)*ROUND(G39,2),2),0) -> 0 | T39: =B39 -> 3.2 | U39: =IF(J39=0,Q39-O39) -> 0 | X39: =IFERROR(IF(OR($D39="ANP",$D39="DAER",$D39="CONSULTORIA DNIT",$D39="PREGÃO ELETRÔNICO",$D39="DMLU",$D39="DMAE",$D39="CEEE",$D39="EPTC",$D39="ORSE",$D39="SEINFRA",$D39="CREA",$D39="CAU",$D39="CEHOP",$D39="SIURB",$D39="DER-PR",$D39="SUDECAP",$D39=#REF!,$D39=#REF!),VLOOKUP($C39,#REF!,7,FALSE),IF($D39="INDEXADO",VLOOKUP($C39,#REF!,17,FALSE),IF($D39="CCU",VLOOKUP($C39,#REF!,6,FALSE),IF($D39="MERCADO",VLOOKUP(PE_243_2026!$C39,#REF!,8,FALSE),IF($D39="PLEO",VLOOKUP($C39,#REF!,4,FALSE),IF($D39="SICRO",VLOOKUP($C39,#REF!,6,FALSE),IF($D39="SINAPI",IFERROR((VLOOKUP($C39,#REF!,5,FALSE)),"-"),"-"))))))),0) -> 0 | Y39: =IF(OR($D39="ANP",$D39="DAER",$D39="CONSULTORIA DNIT",$D39="PREGÃO ELETRÔNICO",$D39="DMLU",$D39="DMAE",$D39="CEEE",$D39="EPTC",$D39="ORSE",$D39="SEINFRA",$D39="CREA",$D39="CAU",$D39="CEHOP",$D39="SIURB",$D39="DER-PR",$D39="SUDECAP",$D39=#REF!,$D39=#REF!),VLOOKUP($C39,#REF!,8,FALSE),IF($D39="INDEXADO",VLOOKUP($C39,#REF!,18,FALSE),IF($D39="CCU",VLOOKUP($C39,#REF!,7,FALSE),IF($D39="MERCADO",VLOOKUP(PE_243_2026!$C39,#REF!,9,FALSE),IF($D39="PLEO",VLOOKUP($C39,#REF!,4,FALSE),IF($D39="SICRO",VLOOKUP($C39,#REF!,7,FALSE),IF($D39="SINAPI",IFERROR((VLOOKUP($C39,#REF!,6,FALSE)),(VLOOKUP($C39,#REF!,27,FALSE))),"-"))))))) -> #REF! | Z39: 0.41 | AA39: =M39-Z39 -> 0.01 | AB39: =M39*G39 -> 0 | AC39: =AA39*G39 -> 0
B40: 3.3 | C40: CCU-56 | D40: CCU | E40: REMOÇÃO DE CABOS DE MÉDIA TENSÃO, SEM REAPROVEITAMENTO, INCLUÍDA REMOÇÃO DA EQUIPAGEM | F40: M | I40: 8.79 | J40: 0 | K40: =I40+J40 -> 8.79 | L40: 0.2519 | M40: =IFERROR(IF(L40="-",(ROUND(K40,2)),(ROUND(K40*(1+L40),2))),"-") -> 11 | O40: =IF(AND($H40=0,$J40=0),$Q40,IF(I40=0,0,IF($L40<>"-",IFERROR(TRUNC(TRUNC((I40*(1+$L40)),2)*$G40,2),0),IFERROR(TRUNC(I40*$G40,2),0)))) -> 0 | P40: =IF(J40=0,0,Q40-O40-N40) -> 0 | Q40: =IFERROR(ROUND(ROUND(M40,2)*ROUND(G40,2),2),0) -> 0 | T40: =B40 -> 3.3 | U40: =IF(J40=0,Q40-O40) -> 0 | X40: =IFERROR(IF(OR($D40="ANP",$D40="DAER",$D40="CONSULTORIA DNIT",$D40="PREGÃO ELETRÔNICO",$D40="DMLU",$D40="DMAE",$D40="CEEE",$D40="EPTC",$D40="ORSE",$D40="SEINFRA",$D40="CREA",$D40="CAU",$D40="CEHOP",$D40="SIURB",$D40="DER-PR",$D40="SUDECAP",$D40=#REF!,$D40=#REF!),VLOOKUP($C40,#REF!,7,FALSE),IF($D40="INDEXADO",VLOOKUP($C40,#REF!,17,FALSE),IF($D40="CCU",VLOOKUP($C40,#REF!,6,FALSE),IF($D40="MERCADO",VLOOKUP(PE_243_2026!$C40,#REF!,8,FALSE),IF($D40="PLEO",VLOOKUP($C40,#REF!,4,FALSE),IF($D40="SICRO",VLOOKUP($C40,#REF!,6,FALSE),IF($D40="SINAPI",IFERROR((VLOOKUP($C40,#REF!,5,FALSE)),"-"),"-"))))))),0) -> 0 | Y40: =IF(OR($D40="ANP",$D40="DAER",$D40="CONSULTORIA DNIT",$D40="PREGÃO ELETRÔNICO",$D40="DMLU",$D40="DMAE",$D40="CEEE",$D40="EPTC",$D40="ORSE",$D40="SEINFRA",$D40="CREA",$D40="CAU",$D40="CEHOP",$D40="SIURB",$D40="DER-PR",$D40="SUDECAP",$D40=#REF!,$D40=#REF!),VLOOKUP($C40,#REF!,8,FALSE),IF($D40="INDEXADO",VLOOKUP($C40,#REF!,18,FALSE),IF($D40="CCU",VLOOKUP($C40,#REF!,7,FALSE),IF($D40="MERCADO",VLOOKUP(PE_243_2026!$C40,#REF!,9,FALSE),IF($D40="PLEO",VLOOKUP($C40,#REF!,4,FALSE),IF($D40="SICRO",VLOOKUP($C40,#REF!,7,FALSE),IF($D40="SINAPI",IFERROR((VLOOKUP($C40,#REF!,6,FALSE)),(VLOOKUP($C40,#REF!,27,FALSE))),"-"))))))) -> #REF! | Z40: 10.99 | AA40: =M40-Z40 -> 0.01 | AB40: =M40*G40 -> 0 | AC40: =AA40*G40 -> 0
B41: 3.4 | C41: CCU-13 | D41: CCU | E41: COLOCAÇÃO DE CRUZETA POLIMÉRICA EM FIBRA DE VIDRO CLASSE 15KV 90X90X2000 MM - FORNECIMENTO E COLOCAÇÃO | F41: UN | I41: 44.01 | J41: 521.1825 | K41: =I41+J41 -> 565.1925 | L41: 0.2519 | M41: =IFERROR(IF(L41="-",(ROUND(K41,2)),(ROUND(K41*(1+L41),2))),"-") -> 707.56 | O41: =IF(AND($H41=0,$J41=0),$Q41,IF(I41=0,0,IF($L41<>"-",IFERROR(TRUNC(TRUNC((I41*(1+$L41)),2)*$G41,2),0),IFERROR(TRUNC(I41*$G41,2),0)))) -> 0 | P41: =IF(J41=0,0,Q41-O41-N41) -> 0 | Q41: =IFERROR(ROUND(ROUND(M41,2)*ROUND(G41,2),2),0) -> 0 | T41: =B41 -> 3.4 | U41: =IF(J41=0,Q41-O41) -> FALSE | X41: =IFERROR(IF(OR($D41="ANP",$D41="DAER",$D41="CONSULTORIA DNIT",$D41="PREGÃO ELETRÔNICO",$D41="DMLU",$D41="DMAE",$D41="CEEE",$D41="EPTC",$D41="ORSE",$D41="SEINFRA",$D41="CREA",$D41="CAU",$D41="CEHOP",$D41="SIURB",$D41="DER-PR",$D41="SUDECAP",$D41=#REF!,$D41=#REF!),VLOOKUP($C41,#REF!,7,FALSE),IF($D41="INDEXADO",VLOOKUP($C41,#REF!,17,FALSE),IF($D41="CCU",VLOOKUP($C41,#REF!,6,FALSE),IF($D41="MERCADO",VLOOKUP(PE_243_2026!$C41,#REF!,8,FALSE),IF($D41="PLEO",VLOOKUP($C41,#REF!,4,FALSE),IF($D41="SICRO",VLOOKUP($C41,#REF!,6,FALSE),IF($D41="SINAPI",IFERROR((VLOOKUP($C41,#REF!,5,FALSE)),"-"),"-"))))))),0) -> 0 | Y41: =IF(OR($D41="ANP",$D41="DAER",$D41="CONSULTORIA DNIT",$D41="PREGÃO ELETRÔNICO",$D41="DMLU",$D41="DMAE",$D41="CEEE",$D41="EPTC",$D41="ORSE",$D41="SEINFRA",$D41="CREA",$D41="CAU",$D41="CEHOP",$D41="SIURB",$D41="DER-PR",$D41="SUDECAP",$D41=#REF!,$D41=#REF!),VLOOKUP($C41,#REF!,8,FALSE),IF($D41="INDEXADO",VLOOKUP($C41,#REF!,18,FALSE),IF($D41="CCU",VLOOKUP($C41,#REF!,7,FALSE),IF($D41="MERCADO",VLOOKUP(PE_243_2026!$C41,#REF!,9,FALSE),IF($D41="PLEO",VLOOKUP($C41,#REF!,4,FALSE),IF($D41="SICRO",VLOOKUP($C41,#REF!,7,FALSE),IF($D41="SINAPI",IFERROR((VLOOKUP($C41,#REF!,6,FALSE)),(VLOOKUP($C41,#REF!,27,FALSE))),"-"))))))) -> #REF! | Z41: 707.56 | AA41: =M41-Z41 -> 0 | AB41: =M41*G41 -> 0 | AC41: =AA41*G41 -> 0
B42: 3.5 | C42: CCU-36 | D42: CCU | E42: REMOÇÃO DE CRUZETA | F42: UN | I42: 96.0375 | J42: 0 | K42: =I42+J42 -> 96.0375 | L42: 0.2519 | M42: =IFERROR(IF(L42="-",(ROUND(K42,2)),(ROUND(K42*(1+L42),2))),"-") -> 120.23 | O42: =IF(AND($H42=0,$J42=0),$Q42,IF(I42=0,0,IF($L42<>"-",IFERROR(TRUNC(TRUNC((I42*(1+$L42)),2)*$G42,2),0),IFERROR(TRUNC(I42*$G42,2),0)))) -> 0 | P42: =IF(J42=0,0,Q42-O42-N42) -> 0 | Q42: =IFERROR(ROUND(ROUND(M42,2)*ROUND(G42,2),2),0) -> 0 | T42: =B42 -> 3.5 | U42: =IF(J42=0,Q42-O42) -> 0 | X42: =IFERROR(IF(OR($D42="ANP",$D42="DAER",$D42="CONSULTORIA DNIT",$D42="PREGÃO ELETRÔNICO",$D42="DMLU",$D42="DMAE",$D42="CEEE",$D42="EPTC",$D42="ORSE",$D42="SEINFRA",$D42="CREA",$D42="CAU",$D42="CEHOP",$D42="SIURB",$D42="DER-PR",$D42="SUDECAP",$D42=#REF!,$D42=#REF!),VLOOKUP($C42,#REF!,7,FALSE),IF($D42="INDEXADO",VLOOKUP($C42,#REF!,17,FALSE),IF($D42="CCU",VLOOKUP($C42,#REF!,6,FALSE),IF($D42="MERCADO",VLOOKUP(PE_243_2026!$C42,#REF!,8,FALSE),IF($D42="PLEO",VLOOKUP($C42,#REF!,4,FALSE),IF($D42="SICRO",VLOOKUP($C42,#REF!,6,FALSE),IF($D42="SINAPI",IFERROR((VLOOKUP($C42,#REF!,5,FALSE)),"-"),"-"))))))),0) -> 0 | Y42: =IF(OR($D42="ANP",$D42="DAER",$D42="CONSULTORIA DNIT",$D42="PREGÃO ELETRÔNICO",$D42="DMLU",$D42="DMAE",$D42="CEEE",$D42="EPTC",$D42="ORSE",$D42="SEINFRA",$D42="CREA",$D42="CAU",$D42="CEHOP",$D42="SIURB",$D42="DER-PR",$D42="SUDECAP",$D42=#REF!,$D42=#REF!),VLOOKUP($C42,#REF!,8,FALSE),IF($D42="INDEXADO",VLOOKUP($C42,#REF!,18,FALSE),IF($D42="CCU",VLOOKUP($C42,#REF!,7,FALSE),IF($D42="MERCADO",VLOOKUP(PE_243_2026!$C42,#REF!,9,FALSE),IF($D42="PLEO",VLOOKUP($C42,#REF!,4,FALSE),IF($D42="SICRO",VLOOKUP($C42,#REF!,7,FALSE),IF($D42="SINAPI",IFERROR((VLOOKUP($C42,#REF!,6,FALSE)),(VLOOKUP($C42,#REF!,27,FALSE))),"-"))))))) -> #REF! | Z42: 120.22 | AA42: =M42-Z42 -> 0.01 | AB42: =M42*G42 -> 0 | AC42: =AA42*G42 -> 0
B43: 3.6 | C43: CCU-14 | D43: CCU | E43: COLOCAÇÃO DE SEPARADOR POLIMÉRICO CLASSE 15KV | F43: UN | I43: 13.1925 | J43: 29.1075 | K43: =I43+J43 -> 42.3 | L43: 0.2519 | M43: =IFERROR(IF(L43="-",(ROUND(K43,2)),(ROUND(K43*(1+L43),2))),"-") -> 52.96 | O43: =IF(AND($H43=0,$J43=0),$Q43,IF(I43=0,0,IF($L43<>"-",IFERROR(TRUNC(TRUNC((I43*(1+$L43)),2)*$G43,2),0),IFERROR(TRUNC(I43*$G43,2),0)))) -> 0 | P43: =IF(J43=0,0,Q43-O43-N43) -> 0 | Q43: =IFERROR(ROUND(ROUND(M43,2)*ROUND(G43,2),2),0) -> 0 | T43: =B43 -> 3.6 | U43: =IF(J43=0,Q43-O43) -> FALSE | X43: =IFERROR(IF(OR($D43="ANP",$D43="DAER",$D43="CONSULTORIA DNIT",$D43="PREGÃO ELETRÔNICO",$D43="DMLU",$D43="DMAE",$D43="CEEE",$D43="EPTC",$D43="ORSE",$D43="SEINFRA",$D43="CREA",$D43="CAU",$D43="CEHOP",$D43="SIURB",$D43="DER-PR",$D43="SUDECAP",$D43=#REF!,$D43=#REF!),VLOOKUP($C43,#REF!,7,FALSE),IF($D43="INDEXADO",VLOOKUP($C43,#REF!,17,FALSE),IF($D43="CCU",VLOOKUP($C43,#REF!,6,FALSE),IF($D43="MERCADO",VLOOKUP(PE_243_2026!$C43,#REF!,8,FALSE),IF($D43="PLEO",VLOOKUP($C43,#REF!,4,FALSE),IF($D43="SICRO",VLOOKUP($C43,#REF!,6,FALSE),IF($D43="SINAPI",IFERROR((VLOOKUP($C43,#REF!,5,FALSE)),"-"),"-"))))))),0) -> 0 | Y43: =IF(OR($D43="ANP",$D43="DAER",$D43="CONSULTORIA DNIT",$D43="PREGÃO ELETRÔNICO",$D43="DMLU",$D43="DMAE",$D43="CEEE",$D43="EPTC",$D43="ORSE",$D43="SEINFRA",$D43="CREA",$D43="CAU",$D43="CEHOP",$D43="SIURB",$D43="DER-PR",$D43="SUDECAP",$D43=#REF!,$D43=#REF!),VLOOKUP($C43,#REF!,8,FALSE),IF($D43="INDEXADO",VLOOKUP($C43,#REF!,18,FALSE),IF($D43="CCU",VLOOKUP($C43,#REF!,7,FALSE),IF($D43="MERCADO",VLOOKUP(PE_243_2026!$C43,#REF!,9,FALSE),IF($D43="PLEO",VLOOKUP($C43,#REF!,4,FALSE),IF($D43="SICRO",VLOOKUP($C43,#REF!,7,FALSE),IF($D43="SINAPI",IFERROR((VLOOKUP($C43,#REF!,6,FALSE)),(VLOOKUP($C43,#REF!,27,FALSE))),"-"))))))) -> #REF! | Z43: 52.95 | AA43: =M43-Z43 -> 0.01 | AB43: =M43*G43 -> 0 | AC43: =AA43*G43 -> 0
B44: 3.7 | C44: CCU-50 | D44: CCU | E44: BRAÇO SUPORTE TIPO T, 13,8 KV | F44: UN | I44: 13.1925 | J44: 102.195 | K44: =I44+J44 -> 115.3875 | L44: 0.2519 | M44: =IFERROR(IF(L44="-",(ROUND(K44,2)),(ROUND(K44*(1+L44),2))),"-") -> 144.45 | O44: =IF(AND($H44=0,$J44=0),$Q44,IF(I44=0,0,IF($L44<>"-",IFERROR(TRUNC(TRUNC((I44*(1+$L44)),2)*$G44,2),0),IFERROR(TRUNC(I44*$G44,2),0)))) -> 0 | P44: =IF(J44=0,0,Q44-O44-N44) -> 0 | Q44: =IFERROR(ROUND(ROUND(M44,2)*ROUND(G44,2),2),0) -> 0 | T44: =B44 -> 3.7 | U44: =IF(J44=0,Q44-O44) -> FALSE | X44: =IFERROR(IF(OR($D44="ANP",$D44="DAER",$D44="CONSULTORIA DNIT",$D44="PREGÃO ELETRÔNICO",$D44="DMLU",$D44="DMAE",$D44="CEEE",$D44="EPTC",$D44="ORSE",$D44="SEINFRA",$D44="CREA",$D44="CAU",$D44="CEHOP",$D44="SIURB",$D44="DER-PR",$D44="SUDECAP",$D44=#REF!,$D44=#REF!),VLOOKUP($C44,#REF!,7,FALSE),IF($D44="INDEXADO",VLOOKUP($C44,#REF!,17,FALSE),IF($D44="CCU",VLOOKUP($C44,#REF!,6,FALSE),IF($D44="MERCADO",VLOOKUP(PE_243_2026!$C44,#REF!,8,FALSE),IF($D44="PLEO",VLOOKUP($C44,#REF!,4,FALSE),IF($D44="SICRO",VLOOKUP($C44,#REF!,6,FALSE),IF($D44="SINAPI",IFERROR((VLOOKUP($C44,#REF!,5,FALSE)),"-"),"-"))))))),0) -> 0 | Y44: =IF(OR($D44="ANP",$D44="DAER",$D44="CONSULTORIA DNIT",$D44="PREGÃO ELETRÔNICO",$D44="DMLU",$D44="DMAE",$D44="CEEE",$D44="EPTC",$D44="ORSE",$D44="SEINFRA",$D44="CREA",$D44="CAU",$D44="CEHOP",$D44="SIURB",$D44="DER-PR",$D44="SUDECAP",$D44=#REF!,$D44=#REF!),VLOOKUP($C44,#REF!,8,FALSE),IF($D44="INDEXADO",VLOOKUP($C44,#REF!,18,FALSE),IF($D44="CCU",VLOOKUP($C44,#REF!,7,FALSE),IF($D44="MERCADO",VLOOKUP(PE_243_2026!$C44,#REF!,9,FALSE),IF($D44="PLEO",VLOOKUP($C44,#REF!,4,FALSE),IF($D44="SICRO",VLOOKUP($C44,#REF!,7,FALSE),IF($D44="SINAPI",IFERROR((VLOOKUP($C44,#REF!,6,FALSE)),(VLOOKUP($C44,#REF!,27,FALSE))),"-"))))))) -> #REF! | Z44: 144.44 | AA44: =M44-Z44 -> 0.01 | AB44: =M44*G44 -> 0 | AC44: =AA44*G44 -> 0
B45: 3.8 | C45: CCU-16 | D45: CCU | E45: REMOÇÃO DE POSTE DE MADEIRA OU CONCRETO COM ALTURA ENTRE 9 E 12 METROS SEM REAPROVEITAMENTO | F45: UN | I45: 88.02 | J45: 236.8725 | K45: =I45+J45 -> 324.8925 | L45: 0.2519 | M45: =IFERROR(IF(L45="-",(ROUND(K45,2)),(ROUND(K45*(1+L45),2))),"-") -> 406.73 | O45: =IF(AND($H45=0,$J45=0),$Q45,IF(I45=0,0,IF($L45<>"-",IFERROR(TRUNC(TRUNC((I45*(1+$L45)),2)*$G45,2),0),IFERROR(TRUNC(I45*$G45,2),0)))) -> 0 | P45: =IF(J45=0,0,Q45-O45-N45) -> 0 | Q45: =IFERROR(ROUND(ROUND(M45,2)*ROUND(G45,2),2),0) -> 0 | T45: =B45 -> 3.8 | U45: =IF(J45=0,Q45-O45) -> FALSE | X45: =IFERROR(IF(OR($D45="ANP",$D45="DAER",$D45="CONSULTORIA DNIT",$D45="PREGÃO ELETRÔNICO",$D45="DMLU",$D45="DMAE",$D45="CEEE",$D45="EPTC",$D45="ORSE",$D45="SEINFRA",$D45="CREA",$D45="CAU",$D45="CEHOP",$D45="SIURB",$D45="DER-PR",$D45="SUDECAP",$D45=#REF!,$D45=#REF!),VLOOKUP($C45,#REF!,7,FALSE),IF($D45="INDEXADO",VLOOKUP($C45,#REF!,17,FALSE),IF($D45="CCU",VLOOKUP($C45,#REF!,6,FALSE),IF($D45="MERCADO",VLOOKUP(PE_243_2026!$C45,#REF!,8,FALSE),IF($D45="PLEO",VLOOKUP($C45,#REF!,4,FALSE),IF($D45="SICRO",VLOOKUP($C45,#REF!,6,FALSE),IF($D45="SINAPI",IFERROR((VLOOKUP($C45,#REF!,5,FALSE)),"-"),"-"))))))),0) -> 0 | Y45: =IF(OR($D45="ANP",$D45="DAER",$D45="CONSULTORIA DNIT",$D45="PREGÃO ELETRÔNICO",$D45="DMLU",$D45="DMAE",$D45="CEEE",$D45="EPTC",$D45="ORSE",$D45="SEINFRA",$D45="CREA",$D45="CAU",$D45="CEHOP",$D45="SIURB",$D45="DER-PR",$D45="SUDECAP",$D45=#REF!,$D45=#REF!),VLOOKUP($C45,#REF!,8,FALSE),IF($D45="INDEXADO",VLOOKUP($C45,#REF!,18,FALSE),IF($D45="CCU",VLOOKUP($C45,#REF!,7,FALSE),IF($D45="MERCADO",VLOOKUP(PE_243_2026!$C45,#REF!,9,FALSE),IF($D45="PLEO",VLOOKUP($C45,#REF!,4,FALSE),IF($D45="SICRO",VLOOKUP($C45,#REF!,7,FALSE),IF($D45="SINAPI",IFERROR((VLOOKUP($C45,#REF!,6,FALSE)),(VLOOKUP($C45,#REF!,27,FALSE))),"-"))))))) -> #REF! | Z45: 406.72 | AA45: =M45-Z45 -> 0.01 | AB45: =M45*G45 -> 0 | AC45: =AA45*G45 -> 0
B46: 3.9 | C46: CCU-17 | D46: CCU | E46: POSTE DE CONCRETO DUPLO T, RESISTÊNCIA NOMINAL 1.000KG, H=12,00M, PESO APROXIMADO 1.585KG | F46: UN | I46: 0 | J46: 3546.615 | K46: =I46+J46 -> 3546.615 | L46: 0.2519 | M46: =IFERROR(IF(L46="-",(ROUND(K46,2)),(ROUND(K46*(1+L46),2))),"-") -> 4440.01 | O46: =IF(AND($H46=0,$J46=0),$Q46,IF(I46=0,0,IF($L46<>"-",IFERROR(TRUNC(TRUNC((I46*(1+$L46)),2)*$G46,2),0),IFERROR(TRUNC(I46*$G46,2),0)))) -> 0 | P46: =IF(J46=0,0,Q46-O46-N46) -> 0 | Q46: =IFERROR(ROUND(ROUND(M46,2)*ROUND(G46,2),2),0) -> 0 | T46: =B46 -> 3.9 | U46: =IF(J46=0,Q46-O46) -> FALSE | X46: =IFERROR(IF(OR($D46="ANP",$D46="DAER",$D46="CONSULTORIA DNIT",$D46="PREGÃO ELETRÔNICO",$D46="DMLU",$D46="DMAE",$D46="CEEE",$D46="EPTC",$D46="ORSE",$D46="SEINFRA",$D46="CREA",$D46="CAU",$D46="CEHOP",$D46="SIURB",$D46="DER-PR",$D46="SUDECAP",$D46=#REF!,$D46=#REF!),VLOOKUP($C46,#REF!,7,FALSE),IF($D46="INDEXADO",VLOOKUP($C46,#REF!,17,FALSE),IF($D46="CCU",VLOOKUP($C46,#REF!,6,FALSE),IF($D46="MERCADO",VLOOKUP(PE_243_2026!$C46,#REF!,8,FALSE),IF($D46="PLEO",VLOOKUP($C46,#REF!,4,FALSE),IF($D46="SICRO",VLOOKUP($C46,#REF!,6,FALSE),IF($D46="SINAPI",IFERROR((VLOOKUP($C46,#REF!,5,FALSE)),"-"),"-"))))))),0) -> 0 | Y46: =IF(OR($D46="ANP",$D46="DAER",$D46="CONSULTORIA DNIT",$D46="PREGÃO ELETRÔNICO",$D46="DMLU",$D46="DMAE",$D46="CEEE",$D46="EPTC",$D46="ORSE",$D46="SEINFRA",$D46="CREA",$D46="CAU",$D46="CEHOP",$D46="SIURB",$D46="DER-PR",$D46="SUDECAP",$D46=#REF!,$D46=#REF!),VLOOKUP($C46,#REF!,8,FALSE),IF($D46="INDEXADO",VLOOKUP($C46,#REF!,18,FALSE),IF($D46="CCU",VLOOKUP($C46,#REF!,7,FALSE),IF($D46="MERCADO",VLOOKUP(PE_243_2026!$C46,#REF!,9,FALSE),IF($D46="PLEO",VLOOKUP($C46,#REF!,4,FALSE),IF($D46="SICRO",VLOOKUP($C46,#REF!,7,FALSE),IF($D46="SINAPI",IFERROR((VLOOKUP($C46,#REF!,6,FALSE)),(VLOOKUP($C46,#REF!,27,FALSE))),"-"))))))) -> #REF! | Z46: 4440 | AA46: =M46-Z46 -> 0.01 | AB46: =M46*G46 -> 0 | AC46: =AA46*G46 -> 0
B47: 3.10 | C47: CCU-18 | D47: CCU | E47: POSTE DE CONCRETO DUPLO T, RESISTÊNCIA NOMINAL 300KG, H= 9,00M, PESO APROXIMADO 845KG | F47: UN | I47: 50.04 | J47: 1379.325 | K47: =I47+J47 -> 1429.365 | L47: 0.2519 | M47: =IFERROR(IF(L47="-",(ROUND(K47,2)),(ROUND(K47*(1+L47),2))),"-") -> 1789.42 | O47: =IF(AND($H47=0,$J47=0),$Q47,IF(I47=0,0,IF($L47<>"-",IFERROR(TRUNC(TRUNC((I47*(1+$L47)),2)*$G47,2),0),IFERROR(TRUNC(I47*$G47,2),0)))) -> 0 | P47: =IF(J47=0,0,Q47-O47-N47) -> 0 | Q47: =IFERROR(ROUND(ROUND(M47,2)*ROUND(G47,2),2),0) -> 0 | T47: =B47 -> 3.10 | U47: =IF(J47=0,Q47-O47) -> FALSE | X47: =IFERROR(IF(OR($D47="ANP",$D47="DAER",$D47="CONSULTORIA DNIT",$D47="PREGÃO ELETRÔNICO",$D47="DMLU",$D47="DMAE",$D47="CEEE",$D47="EPTC",$D47="ORSE",$D47="SEINFRA",$D47="CREA",$D47="CAU",$D47="CEHOP",$D47="SIURB",$D47="DER-PR",$D47="SUDECAP",$D47=#REF!,$D47=#REF!),VLOOKUP($C47,#REF!,7,FALSE),IF($D47="INDEXADO",VLOOKUP($C47,#REF!,17,FALSE),IF($D47="CCU",VLOOKUP($C47,#REF!,6,FALSE),IF($D47="MERCADO",VLOOKUP(PE_243_2026!$C47,#REF!,8,FALSE),IF($D47="PLEO",VLOOKUP($C47,#REF!,4,FALSE),IF($D47="SICRO",VLOOKUP($C47,#REF!,6,FALSE),IF($D47="SINAPI",IFERROR((VLOOKUP($C47,#REF!,5,FALSE)),"-"),"-"))))))),0) -> 0 | Y47: =IF(OR($D47="ANP",$D47="DAER",$D47="CONSULTORIA DNIT",$D47="PREGÃO ELETRÔNICO",$D47="DMLU",$D47="DMAE",$D47="CEEE",$D47="EPTC",$D47="ORSE",$D47="SEINFRA",$D47="CREA",$D47="CAU",$D47="CEHOP",$D47="SIURB",$D47="DER-PR",$D47="SUDECAP",$D47=#REF!,$D47=#REF!),VLOOKUP($C47,#REF!,8,FALSE),IF($D47="INDEXADO",VLOOKUP($C47,#REF!,18,FALSE),IF($D47="CCU",VLOOKUP($C47,#REF!,7,FALSE),IF($D47="MERCADO",VLOOKUP(PE_243_2026!$C47,#REF!,9,FALSE),IF($D47="PLEO",VLOOKUP($C47,#REF!,4,FALSE),IF($D47="SICRO",VLOOKUP($C47,#REF!,7,FALSE),IF($D47="SINAPI",IFERROR((VLOOKUP($C47,#REF!,6,FALSE)),(VLOOKUP($C47,#REF!,27,FALSE))),"-"))))))) -> #REF! | Z47: 1789.42 | AA47: =M47-Z47 -> 0 | AB47: =M47*G47 -> 0 | AC47: =AA47*G47 -> 0
B48: 3.11 | C48: 97882 | D48: SINAPI | E48: CAIXA ENTERRADA ELÉTRICA RETANGULAR, EM CONCRETO PRÉ-MOLDADO, FUNDO COM BRITA, DIMENSÕES INTERNAS: 0,4X0,4X0,4 M. AF_12/2020 | F48: UN | I48: 31.7475 | J48: 145.035 | K48: =I48+J48 -> 176.7825 | L48: 0.2519 | M48: =IFERROR(IF(L48="-",(ROUND(K48,2)),(ROUND(K48*(1+L48),2))),"-") -> 221.31 | O48: =IF(AND($H48=0,$J48=0),$Q48,IF(I48=0,0,IF($L48<>"-",IFERROR(TRUNC(TRUNC((I48*(1+$L48)),2)*$G48,2),0),IFERROR(TRUNC(I48*$G48,2),0)))) -> 0 | P48: =IF(J48=0,0,Q48-O48-N48) -> 0 | Q48: =IFERROR(ROUND(ROUND(M48,2)*ROUND(G48,2),2),0) -> 0 | T48: =B48 -> 3.11 | U48: =IF(J48=0,Q48-O48) -> FALSE | X48: =IFERROR(IF(OR($D48="ANP",$D48="DAER",$D48="CONSULTORIA DNIT",$D48="PREGÃO ELETRÔNICO",$D48="DMLU",$D48="DMAE",$D48="CEEE",$D48="EPTC",$D48="ORSE",$D48="SEINFRA",$D48="CREA",$D48="CAU",$D48="CEHOP",$D48="SIURB",$D48="DER-PR",$D48="SUDECAP",$D48=#REF!,$D48=#REF!),VLOOKUP($C48,#REF!,7,FALSE),IF($D48="INDEXADO",VLOOKUP($C48,#REF!,17,FALSE),IF($D48="CCU",VLOOKUP($C48,#REF!,6,FALSE),IF($D48="MERCADO",VLOOKUP(PE_243_2026!$C48,#REF!,8,FALSE),IF($D48="PLEO",VLOOKUP($C48,#REF!,4,FALSE),IF($D48="SICRO",VLOOKUP($C48,#REF!,6,FALSE),IF($D48="SINAPI",IFERROR((VLOOKUP($C48,#REF!,5,FALSE)),"-"),"-"))))))),0) -> 0 | Y48: =IF(OR($D48="ANP",$D48="DAER",$D48="CONSULTORIA DNIT",$D48="PREGÃO ELETRÔNICO",$D48="DMLU",$D48="DMAE",$D48="CEEE",$D48="EPTC",$D48="ORSE",$D48="SEINFRA",$D48="CREA",$D48="CAU",$D48="CEHOP",$D48="SIURB",$D48="DER-PR",$D48="SUDECAP",$D48=#REF!,$D48=#REF!),VLOOKUP($C48,#REF!,8,FALSE),IF($D48="INDEXADO",VLOOKUP($C48,#REF!,18,FALSE),IF($D48="CCU",VLOOKUP($C48,#REF!,7,FALSE),IF($D48="MERCADO",VLOOKUP(PE_243_2026!$C48,#REF!,9,FALSE),IF($D48="PLEO",VLOOKUP($C48,#REF!,4,FALSE),IF($D48="SICRO",VLOOKUP($C48,#REF!,7,FALSE),IF($D48="SINAPI",IFERROR((VLOOKUP($C48,#REF!,6,FALSE)),(VLOOKUP($C48,#REF!,27,FALSE))),"-"))))))) -> #REF! | Z48: 221.32 | AA48: =M48-Z48 -> -0.01 | AB48: =M48*G48 -> 0 | AC48: =AA48*G48 -> 0
B49: 3.12 | C49: 97883 | D49: SINAPI | E49: CAIXA ENTERRADA ELÉTRICA RETANGULAR, EM CONCRETO PRÉ-MOLDADO, FUNDO COM BRITA, DIMENSÕES INTERNAS: 0,6X0,6X0,5 M. AF_12/2020 | F49: UN | I49: 55.26 | J49: 286.68 | K49: =I49+J49 -> 341.94 | L49: 0.2519 | M49: =IFERROR(IF(L49="-",(ROUND(K49,2)),(ROUND(K49*(1+L49),2))),"-") -> 428.07 | O49: =IF(AND($H49=0,$J49=0),$Q49,IF(I49=0,0,IF($L49<>"-",IFERROR(TRUNC(TRUNC((I49*(1+$L49)),2)*$G49,2),0),IFERROR(TRUNC(I49*$G49,2),0)))) -> 0 | P49: =IF(J49=0,0,Q49-O49-N49) -> 0 | Q49: =IFERROR(ROUND(ROUND(M49,2)*ROUND(G49,2),2),0) -> 0 | T49: =B49 -> 3.12 | U49: =IF(J49=0,Q49-O49) -> FALSE | X49: =IFERROR(IF(OR($D49="ANP",$D49="DAER",$D49="CONSULTORIA DNIT",$D49="PREGÃO ELETRÔNICO",$D49="DMLU",$D49="DMAE",$D49="CEEE",$D49="EPTC",$D49="ORSE",$D49="SEINFRA",$D49="CREA",$D49="CAU",$D49="CEHOP",$D49="SIURB",$D49="DER-PR",$D49="SUDECAP",$D49=#REF!,$D49=#REF!),VLOOKUP($C49,#REF!,7,FALSE),IF($D49="INDEXADO",VLOOKUP($C49,#REF!,17,FALSE),IF($D49="CCU",VLOOKUP($C49,#REF!,6,FALSE),IF($D49="MERCADO",VLOOKUP(PE_243_2026!$C49,#REF!,8,FALSE),IF($D49="PLEO",VLOOKUP($C49,#REF!,4,FALSE),IF($D49="SICRO",VLOOKUP($C49,#REF!,6,FALSE),IF($D49="SINAPI",IFERROR((VLOOKUP($C49,#REF!,5,FALSE)),"-"),"-"))))))),0) -> 0 | Y49: =IF(OR($D49="ANP",$D49="DAER",$D49="CONSULTORIA DNIT",$D49="PREGÃO ELETRÔNICO",$D49="DMLU",$D49="DMAE",$D49="CEEE",$D49="EPTC",$D49="ORSE",$D49="SEINFRA",$D49="CREA",$D49="CAU",$D49="CEHOP",$D49="SIURB",$D49="DER-PR",$D49="SUDECAP",$D49=#REF!,$D49=#REF!),VLOOKUP($C49,#REF!,8,FALSE),IF($D49="INDEXADO",VLOOKUP($C49,#REF!,18,FALSE),IF($D49="CCU",VLOOKUP($C49,#REF!,7,FALSE),IF($D49="MERCADO",VLOOKUP(PE_243_2026!$C49,#REF!,9,FALSE),IF($D49="PLEO",VLOOKUP($C49,#REF!,4,FALSE),IF($D49="SICRO",VLOOKUP($C49,#REF!,7,FALSE),IF($D49="SINAPI",IFERROR((VLOOKUP($C49,#REF!,6,FALSE)),(VLOOKUP($C49,#REF!,27,FALSE))),"-"))))))) -> #REF! | Z49: 428.08 | AA49: =M49-Z49 -> -0.01 | AB49: =M49*G49 -> 0 | AC49: =AA49*G49 -> 0
B50: 3.13 | C50: 98111 | D50: SINAPI | E50: CAIXA DE INSPEÇÃO PARA ATERRAMENTO, CIRCULAR, EM POLIETILENO, DIÂMETRO INTERNO = 0,3 M. AF_12/2020 | F50: UN | I50: 6.5475 | J50: 42.87 | K50: =I50+J50 -> 49.4175 | L50: 0.2519 | M50: =IFERROR(IF(L50="-",(ROUND(K50,2)),(ROUND(K50*(1+L50),2))),"-") -> 61.87 | O50: =IF(AND($H50=0,$J50=0),$Q50,IF(I50=0,0,IF($L50<>"-",IFERROR(TRUNC(TRUNC((I50*(1+$L50)),2)*$G50,2),0),IFERROR(TRUNC(I50*$G50,2),0)))) -> 0 | P50: =IF(J50=0,0,Q50-O50-N50) -> 0 | Q50: =IFERROR(ROUND(ROUND(M50,2)*ROUND(G50,2),2),0) -> 0 | T50: =B50 -> 3.13 | U50: =IF(J50=0,Q50-O50) -> FALSE | X50: =IFERROR(IF(OR($D50="ANP",$D50="DAER",$D50="CONSULTORIA DNIT",$D50="PREGÃO ELETRÔNICO",$D50="DMLU",$D50="DMAE",$D50="CEEE",$D50="EPTC",$D50="ORSE",$D50="SEINFRA",$D50="CREA",$D50="CAU",$D50="CEHOP",$D50="SIURB",$D50="DER-PR",$D50="SUDECAP",$D50=#REF!,$D50=#REF!),VLOOKUP($C50,#REF!,7,FALSE),IF($D50="INDEXADO",VLOOKUP($C50,#REF!,17,FALSE),IF($D50="CCU",VLOOKUP($C50,#REF!,6,FALSE),IF($D50="MERCADO",VLOOKUP(PE_243_2026!$C50,#REF!,8,FALSE),IF($D50="PLEO",VLOOKUP($C50,#REF!,4,FALSE),IF($D50="SICRO",VLOOKUP($C50,#REF!,6,FALSE),IF($D50="SINAPI",IFERROR((VLOOKUP($C50,#REF!,5,FALSE)),"-"),"-"))))))),0) -> 0 | Y50: =IF(OR($D50="ANP",$D50="DAER",$D50="CONSULTORIA DNIT",$D50="PREGÃO ELETRÔNICO",$D50="DMLU",$D50="DMAE",$D50="CEEE",$D50="EPTC",$D50="ORSE",$D50="SEINFRA",$D50="CREA",$D50="CAU",$D50="CEHOP",$D50="SIURB",$D50="DER-PR",$D50="SUDECAP",$D50=#REF!,$D50=#REF!),VLOOKUP($C50,#REF!,8,FALSE),IF($D50="INDEXADO",VLOOKUP($C50,#REF!,18,FALSE),IF($D50="CCU",VLOOKUP($C50,#REF!,7,FALSE),IF($D50="MERCADO",VLOOKUP(PE_243_2026!$C50,#REF!,9,FALSE),IF($D50="PLEO",VLOOKUP($C50,#REF!,4,FALSE),IF($D50="SICRO",VLOOKUP($C50,#REF!,7,FALSE),IF($D50="SINAPI",IFERROR((VLOOKUP($C50,#REF!,6,FALSE)),(VLOOKUP($C50,#REF!,27,FALSE))),"-"))))))) -> #REF! | Z50: 61.87 | AA50: =M50-Z50 -> 0 | AB50: =M50*G50 -> 0 | AC50: =AA50*G50 -> 0
B51: 3.14 | C51: 101502 | D51: SINAPI | E51: ENTRADA DE ENERGIA ELÉTRICA, AÉREA, BIFÁSICA, COM CAIXA DE EMBUTIR, CABO DE 16 MM2 E DISJUNTOR DIN 50A (NÃO INCLUSO O POSTE DE CONCRETO). AF_12/2025 | F51: UN | I51: 438.27 | J51: 1147.935 | K51: =I51+J51 -> 1586.205 | L51: 0.2519 | M51: =IFERROR(IF(L51="-",(ROUND(K51,2)),(ROUND(K51*(1+L51),2))),"-") -> 1985.77 | O51: =IF(AND($H51=0,$J51=0),$Q51,IF(I51=0,0,IF($L51<>"-",IFERROR(TRUNC(TRUNC((I51*(1+$L51)),2)*$G51,2),0),IFERROR(TRUNC(I51*$G51,2),0)))) -> 0 | P51: =IF(J51=0,0,Q51-O51-N51) -> 0 | Q51: =IFERROR(ROUND(ROUND(M51,2)*ROUND(G51,2),2),0) -> 0 | T51: =B51 -> 3.14 | U51: =IF(J51=0,Q51-O51) -> FALSE | X51: =IFERROR(IF(OR($D51="ANP",$D51="DAER",$D51="CONSULTORIA DNIT",$D51="PREGÃO ELETRÔNICO",$D51="DMLU",$D51="DMAE",$D51="CEEE",$D51="EPTC",$D51="ORSE",$D51="SEINFRA",$D51="CREA",$D51="CAU",$D51="CEHOP",$D51="SIURB",$D51="DER-PR",$D51="SUDECAP",$D51=#REF!,$D51=#REF!),VLOOKUP($C51,#REF!,7,FALSE),IF($D51="INDEXADO",VLOOKUP($C51,#REF!,17,FALSE),IF($D51="CCU",VLOOKUP($C51,#REF!,6,FALSE),IF($D51="MERCADO",VLOOKUP(PE_243_2026!$C51,#REF!,8,FALSE),IF($D51="PLEO",VLOOKUP($C51,#REF!,4,FALSE),IF($D51="SICRO",VLOOKUP($C51,#REF!,6,FALSE),IF($D51="SINAPI",IFERROR((VLOOKUP($C51,#REF!,5,FALSE)),"-"),"-"))))))),0) -> 0 | Y51: =IF(OR($D51="ANP",$D51="DAER",$D51="CONSULTORIA DNIT",$D51="PREGÃO ELETRÔNICO",$D51="DMLU",$D51="DMAE",$D51="CEEE",$D51="EPTC",$D51="ORSE",$D51="SEINFRA",$D51="CREA",$D51="CAU",$D51="CEHOP",$D51="SIURB",$D51="DER-PR",$D51="SUDECAP",$D51=#REF!,$D51=#REF!),VLOOKUP($C51,#REF!,8,FALSE),IF($D51="INDEXADO",VLOOKUP($C51,#REF!,18,FALSE),IF($D51="CCU",VLOOKUP($C51,#REF!,7,FALSE),IF($D51="MERCADO",VLOOKUP(PE_243_2026!$C51,#REF!,9,FALSE),IF($D51="PLEO",VLOOKUP($C51,#REF!,4,FALSE),IF($D51="SICRO",VLOOKUP($C51,#REF!,7,FALSE),IF($D51="SINAPI",IFERROR((VLOOKUP($C51,#REF!,6,FALSE)),(VLOOKUP($C51,#REF!,27,FALSE))),"-"))))))) -> #REF! | Z51: 1985.77 | AA51: =M51-Z51 -> 0 | AB51: =M51*G51 -> 0 | AC51: =AA51*G51 -> 0
B52: 3.15 | C52: 101503 | D52: SINAPI | E52: ENTRADA DE ENERGIA ELÉTRICA, AÉREA, BIFÁSICA, COM CAIXA DE EMBUTIR, CABO DE 25 MM2 E DISJUNTOR DIN 50A (NÃO INCLUSO O POSTE DE CONCRETO). AF_12/2025 | F52: UN | I52: 399.2475 | J52: 1220.4225 | K52: =I52+J52 -> 1619.67 | L52: 0.2519 | M52: =IFERROR(IF(L52="-",(ROUND(K52,2)),(ROUND(K52*(1+L52),2))),"-") -> 2027.66 | O52: =IF(AND($H52=0,$J52=0),$Q52,IF(I52=0,0,IF($L52<>"-",IFERROR(TRUNC(TRUNC((I52*(1+$L52)),2)*$G52,2),0),IFERROR(TRUNC(I52*$G52,2),0)))) -> 0 | P52: =IF(J52=0,0,Q52-O52-N52) -> 0 | Q52: =IFERROR(ROUND(ROUND(M52,2)*ROUND(G52,2),2),0) -> 0 | T52: =B52 -> 3.15 | U52: =IF(J52=0,Q52-O52) -> FALSE | X52: =IFERROR(IF(OR($D52="ANP",$D52="DAER",$D52="CONSULTORIA DNIT",$D52="PREGÃO ELETRÔNICO",$D52="DMLU",$D52="DMAE",$D52="CEEE",$D52="EPTC",$D52="ORSE",$D52="SEINFRA",$D52="CREA",$D52="CAU",$D52="CEHOP",$D52="SIURB",$D52="DER-PR",$D52="SUDECAP",$D52=#REF!,$D52=#REF!),VLOOKUP($C52,#REF!,7,FALSE),IF($D52="INDEXADO",VLOOKUP($C52,#REF!,17,FALSE),IF($D52="CCU",VLOOKUP($C52,#REF!,6,FALSE),IF($D52="MERCADO",VLOOKUP(PE_243_2026!$C52,#REF!,8,FALSE),IF($D52="PLEO",VLOOKUP($C52,#REF!,4,FALSE),IF($D52="SICRO",VLOOKUP($C52,#REF!,6,FALSE),IF($D52="SINAPI",IFERROR((VLOOKUP($C52,#REF!,5,FALSE)),"-"),"-"))))))),0) -> 0 | Y52: =IF(OR($D52="ANP",$D52="DAER",$D52="CONSULTORIA DNIT",$D52="PREGÃO ELETRÔNICO",$D52="DMLU",$D52="DMAE",$D52="CEEE",$D52="EPTC",$D52="ORSE",$D52="SEINFRA",$D52="CREA",$D52="CAU",$D52="CEHOP",$D52="SIURB",$D52="DER-PR",$D52="SUDECAP",$D52=#REF!,$D52=#REF!),VLOOKUP($C52,#REF!,8,FALSE),IF($D52="INDEXADO",VLOOKUP($C52,#REF!,18,FALSE),IF($D52="CCU",VLOOKUP($C52,#REF!,7,FALSE),IF($D52="MERCADO",VLOOKUP(PE_243_2026!$C52,#REF!,9,FALSE),IF($D52="PLEO",VLOOKUP($C52,#REF!,4,FALSE),IF($D52="SICRO",VLOOKUP($C52,#REF!,7,FALSE),IF($D52="SINAPI",IFERROR((VLOOKUP($C52,#REF!,6,FALSE)),(VLOOKUP($C52,#REF!,27,FALSE))),"-"))))))) -> #REF! | Z52: 2027.66 | AA52: =M52-Z52 -> 0 | AB52: =M52*G52 -> 0 | AC52: =AA52*G52 -> 0
B53: 3.16 | C53: 101507 | D53: SINAPI | E53: ENTRADA DE ENERGIA ELÉTRICA, AÉREA, TRIFÁSICA, COM CAIXA DE SOBREPOR, CABO DE 25 MM2 E DISJUNTOR DIN 50A (NÃO INCLUSO O POSTE DE CONCRETO). AF_12/2025 | F53: UN | I53: 433.41 | J53: 1340.67 | K53: =I53+J53 -> 1774.08 | L53: 0.2519 | M53: =IFERROR(IF(L53="-",(ROUND(K53,2)),(ROUND(K53*(1+L53),2))),"-") -> 2220.97 | O53: =IF(AND($H53=0,$J53=0),$Q53,IF(I53=0,0,IF($L53<>"-",IFERROR(TRUNC(TRUNC((I53*(1+$L53)),2)*$G53,2),0),IFERROR(TRUNC(I53*$G53,2),0)))) -> 0 | P53: =IF(J53=0,0,Q53-O53-N53) -> 0 | Q53: =IFERROR(ROUND(ROUND(M53,2)*ROUND(G53,2),2),0) -> 0 | T53: =B53 -> 3.16 | U53: =IF(J53=0,Q53-O53) -> FALSE | X53: =IFERROR(IF(OR($D53="ANP",$D53="DAER",$D53="CONSULTORIA DNIT",$D53="PREGÃO ELETRÔNICO",$D53="DMLU",$D53="DMAE",$D53="CEEE",$D53="EPTC",$D53="ORSE",$D53="SEINFRA",$D53="CREA",$D53="CAU",$D53="CEHOP",$D53="SIURB",$D53="DER-PR",$D53="SUDECAP",$D53=#REF!,$D53=#REF!),VLOOKUP($C53,#REF!,7,FALSE),IF($D53="INDEXADO",VLOOKUP($C53,#REF!,17,FALSE),IF($D53="CCU",VLOOKUP($C53,#REF!,6,FALSE),IF($D53="MERCADO",VLOOKUP(PE_243_2026!$C53,#REF!,8,FALSE),IF($D53="PLEO",VLOOKUP($C53,#REF!,4,FALSE),IF($D53="SICRO",VLOOKUP($C53,#REF!,6,FALSE),IF($D53="SINAPI",IFERROR((VLOOKUP($C53,#REF!,5,FALSE)),"-"),"-"))))))),0) -> 0 | Y53: =IF(OR($D53="ANP",$D53="DAER",$D53="CONSULTORIA DNIT",$D53="PREGÃO ELETRÔNICO",$D53="DMLU",$D53="DMAE",$D53="CEEE",$D53="EPTC",$D53="ORSE",$D53="SEINFRA",$D53="CREA",$D53="CAU",$D53="CEHOP",$D53="SIURB",$D53="DER-PR",$D53="SUDECAP",$D53=#REF!,$D53=#REF!),VLOOKUP($C53,#REF!,8,FALSE),IF($D53="INDEXADO",VLOOKUP($C53,#REF!,18,FALSE),IF($D53="CCU",VLOOKUP($C53,#REF!,7,FALSE),IF($D53="MERCADO",VLOOKUP(PE_243_2026!$C53,#REF!,9,FALSE),IF($D53="PLEO",VLOOKUP($C53,#REF!,4,FALSE),IF($D53="SICRO",VLOOKUP($C53,#REF!,7,FALSE),IF($D53="SINAPI",IFERROR((VLOOKUP($C53,#REF!,6,FALSE)),(VLOOKUP($C53,#REF!,27,FALSE))),"-"))))))) -> #REF! | Z53: 2220.97 | AA53: =M53-Z53 -> 0 | AB53: =M53*G53 -> 0 | AC53: =AA53*G53 -> 0
B54: 3.17 | C54: 101508 | D54: SINAPI | E54: ENTRADA DE ENERGIA ELÉTRICA, AÉREA, TRIFÁSICA, COM CAIXA DE SOBREPOR, CABO DE 35 MM2 E DISJUNTOR DIN 50A (NÃO INCLUSO O POSTE DE CONCRETO). AF_12/2025 | F54: UN | I54: 452.415 | J54: 1549.4325 | K54: =I54+J54 -> 2001.8475 | L54: 0.2519 | M54: =IFERROR(IF(L54="-",(ROUND(K54,2)),(ROUND(K54*(1+L54),2))),"-") -> 2506.11 | O54: =IF(AND($H54=0,$J54=0),$Q54,IF(I54=0,0,IF($L54<>"-",IFERROR(TRUNC(TRUNC((I54*(1+$L54)),2)*$G54,2),0),IFERROR(TRUNC(I54*$G54,2),0)))) -> 0 | P54: =IF(J54=0,0,Q54-O54-N54) -> 0 | Q54: =IFERROR(ROUND(ROUND(M54,2)*ROUND(G54,2),2),0) -> 0 | T54: =B54 -> 3.17 | U54: =IF(J54=0,Q54-O54) -> FALSE | X54: =IFERROR(IF(OR($D54="ANP",$D54="DAER",$D54="CONSULTORIA DNIT",$D54="PREGÃO ELETRÔNICO",$D54="DMLU",$D54="DMAE",$D54="CEEE",$D54="EPTC",$D54="ORSE",$D54="SEINFRA",$D54="CREA",$D54="CAU",$D54="CEHOP",$D54="SIURB",$D54="DER-PR",$D54="SUDECAP",$D54=#REF!,$D54=#REF!),VLOOKUP($C54,#REF!,7,FALSE),IF($D54="INDEXADO",VLOOKUP($C54,#REF!,17,FALSE),IF($D54="CCU",VLOOKUP($C54,#REF!,6,FALSE),IF($D54="MERCADO",VLOOKUP(PE_243_2026!$C54,#REF!,8,FALSE),IF($D54="PLEO",VLOOKUP($C54,#REF!,4,FALSE),IF($D54="SICRO",VLOOKUP($C54,#REF!,6,FALSE),IF($D54="SINAPI",IFERROR((VLOOKUP($C54,#REF!,5,FALSE)),"-"),"-"))))))),0) -> 0 | Y54: =IF(OR($D54="ANP",$D54="DAER",$D54="CONSULTORIA DNIT",$D54="PREGÃO ELETRÔNICO",$D54="DMLU",$D54="DMAE",$D54="CEEE",$D54="EPTC",$D54="ORSE",$D54="SEINFRA",$D54="CREA",$D54="CAU",$D54="CEHOP",$D54="SIURB",$D54="DER-PR",$D54="SUDECAP",$D54=#REF!,$D54=#REF!),VLOOKUP($C54,#REF!,8,FALSE),IF($D54="INDEXADO",VLOOKUP($C54,#REF!,18,FALSE),IF($D54="CCU",VLOOKUP($C54,#REF!,7,FALSE),IF($D54="MERCADO",VLOOKUP(PE_243_2026!$C54,#REF!,9,FALSE),IF($D54="PLEO",VLOOKUP($C54,#REF!,4,FALSE),IF($D54="SICRO",VLOOKUP($C54,#REF!,7,FALSE),IF($D54="SINAPI",IFERROR((VLOOKUP($C54,#REF!,6,FALSE)),(VLOOKUP($C54,#REF!,27,FALSE))),"-"))))))) -> #REF! | Z54: 2506.11 | AA54: =M54-Z54 -> 0 | AB54: =M54*G54 -> 0 | AC54: =AA54*G54 -> 0
B55: 3.18 | C55: 104750 | D55: SINAPI | E55: CONECTOR GRAMPO METÁLICO TIPO OLHAL, PARA SPDA, PARA HASTE DE ATERRAMENTO DE 5/8'' E CABOS DE 10 A 50 MM2 - FORNECIMENTO E INSTALAÇÃO. AF_08/2023 | F55: UN | I55: 8.19 | J55: 6.645 | K55: =I55+J55 -> 14.835 | L55: 0.2519 | M55: =IFERROR(IF(L55="-",(ROUND(K55,2)),(ROUND(K55*(1+L55),2))),"-") -> 18.57 | O55: =IF(AND($H55=0,$J55=0),$Q55,IF(I55=0,0,IF($L55<>"-",IFERROR(TRUNC(TRUNC((I55*(1+$L55)),2)*$G55,2),0),IFERROR(TRUNC(I55*$G55,2),0)))) -> 0 | P55: =IF(J55=0,0,Q55-O55-N55) -> 0 | Q55: =IFERROR(ROUND(ROUND(M55,2)*ROUND(G55,2),2),0) -> 0 | T55: =B55 -> 3.18 | U55: =IF(J55=0,Q55-O55) -> FALSE | X55: =IFERROR(IF(OR($D55="ANP",$D55="DAER",$D55="CONSULTORIA DNIT",$D55="PREGÃO ELETRÔNICO",$D55="DMLU",$D55="DMAE",$D55="CEEE",$D55="EPTC",$D55="ORSE",$D55="SEINFRA",$D55="CREA",$D55="CAU",$D55="CEHOP",$D55="SIURB",$D55="DER-PR",$D55="SUDECAP",$D55=#REF!,$D55=#REF!),VLOOKUP($C55,#REF!,7,FALSE),IF($D55="INDEXADO",VLOOKUP($C55,#REF!,17,FALSE),IF($D55="CCU",VLOOKUP($C55,#REF!,6,FALSE),IF($D55="MERCADO",VLOOKUP(PE_243_2026!$C55,#REF!,8,FALSE),IF($D55="PLEO",VLOOKUP($C55,#REF!,4,FALSE),IF($D55="SICRO",VLOOKUP($C55,#REF!,6,FALSE),IF($D55="SINAPI",IFERROR((VLOOKUP($C55,#REF!,5,FALSE)),"-"),"-"))))))),0) -> 0 | Y55: =IF(OR($D55="ANP",$D55="DAER",$D55="CONSULTORIA DNIT",$D55="PREGÃO ELETRÔNICO",$D55="DMLU",$D55="DMAE",$D55="CEEE",$D55="EPTC",$D55="ORSE",$D55="SEINFRA",$D55="CREA",$D55="CAU",$D55="CEHOP",$D55="SIURB",$D55="DER-PR",$D55="SUDECAP",$D55=#REF!,$D55=#REF!),VLOOKUP($C55,#REF!,8,FALSE),IF($D55="INDEXADO",VLOOKUP($C55,#REF!,18,FALSE),IF($D55="CCU",VLOOKUP($C55,#REF!,7,FALSE),IF($D55="MERCADO",VLOOKUP(PE_243_2026!$C55,#REF!,9,FALSE),IF($D55="PLEO",VLOOKUP($C55,#REF!,4,FALSE),IF($D55="SICRO",VLOOKUP($C55,#REF!,7,FALSE),IF($D55="SINAPI",IFERROR((VLOOKUP($C55,#REF!,6,FALSE)),(VLOOKUP($C55,#REF!,27,FALSE))),"-"))))))) -> #REF! | Z55: 18.56 | AA55: =M55-Z55 -> 0.01 | AB55: =M55*G55 -> 0 | AC55: =AA55*G55 -> 0
B56: 3.19 | C56: 104751 | D56: SINAPI | E56: CONECTOR GRAMPO PARALELO METÁLICO, PARA SPDA, PARA CABOS DE 6 A 50 MM2 - FORNECIMENTO E INSTALAÇÃO. AF_08/2023 | F56: UN | I56: 8.19 | J56: 13.6425 | K56: =I56+J56 -> 21.8325 | L56: 0.2519 | M56: =IFERROR(IF(L56="-",(ROUND(K56,2)),(ROUND(K56*(1+L56),2))),"-") -> 27.33 | O56: =IF(AND($H56=0,$J56=0),$Q56,IF(I56=0,0,IF($L56<>"-",IFERROR(TRUNC(TRUNC((I56*(1+$L56)),2)*$G56,2),0),IFERROR(TRUNC(I56*$G56,2),0)))) -> 0 | P56: =IF(J56=0,0,Q56-O56-N56) -> 0 | Q56: =IFERROR(ROUND(ROUND(M56,2)*ROUND(G56,2),2),0) -> 0 | T56: =B56 -> 3.19 | U56: =IF(J56=0,Q56-O56) -> FALSE | X56: =IFERROR(IF(OR($D56="ANP",$D56="DAER",$D56="CONSULTORIA DNIT",$D56="PREGÃO ELETRÔNICO",$D56="DMLU",$D56="DMAE",$D56="CEEE",$D56="EPTC",$D56="ORSE",$D56="SEINFRA",$D56="CREA",$D56="CAU",$D56="CEHOP",$D56="SIURB",$D56="DER-PR",$D56="SUDECAP",$D56=#REF!,$D56=#REF!),VLOOKUP($C56,#REF!,7,FALSE),IF($D56="INDEXADO",VLOOKUP($C56,#REF!,17,FALSE),IF($D56="CCU",VLOOKUP($C56,#REF!,6,FALSE),IF($D56="MERCADO",VLOOKUP(PE_243_2026!$C56,#REF!,8,FALSE),IF($D56="PLEO",VLOOKUP($C56,#REF!,4,FALSE),IF($D56="SICRO",VLOOKUP($C56,#REF!,6,FALSE),IF($D56="SINAPI",IFERROR((VLOOKUP($C56,#REF!,5,FALSE)),"-"),"-"))))))),0) -> 0 | Y56: =IF(OR($D56="ANP",$D56="DAER",$D56="CONSULTORIA DNIT",$D56="PREGÃO ELETRÔNICO",$D56="DMLU",$D56="DMAE",$D56="CEEE",$D56="EPTC",$D56="ORSE",$D56="SEINFRA",$D56="CREA",$D56="CAU",$D56="CEHOP",$D56="SIURB",$D56="DER-PR",$D56="SUDECAP",$D56=#REF!,$D56=#REF!),VLOOKUP($C56,#REF!,8,FALSE),IF($D56="INDEXADO",VLOOKUP($C56,#REF!,18,FALSE),IF($D56="CCU",VLOOKUP($C56,#REF!,7,FALSE),IF($D56="MERCADO",VLOOKUP(PE_243_2026!$C56,#REF!,9,FALSE),IF($D56="PLEO",VLOOKUP($C56,#REF!,4,FALSE),IF($D56="SICRO",VLOOKUP($C56,#REF!,7,FALSE),IF($D56="SINAPI",IFERROR((VLOOKUP($C56,#REF!,6,FALSE)),(VLOOKUP($C56,#REF!,27,FALSE))),"-"))))))) -> #REF! | Z56: 27.32 | AA56: =M56-Z56 -> 0.01 | AB56: =M56*G56 -> 0 | AC56: =AA56*G56 -> 0
B57: 3.20 | C57: CCU-27 | D57: CCU | E57: CONECTOR PARAFUSO FENDIDO PARA CABO DE ATÉ 120MM² | F57: UN | I57: 4.3875 | J57: 27.8625 | K57: =I57+J57 -> 32.25 | L57: 0.2519 | M57: =IFERROR(IF(L57="-",(ROUND(K57,2)),(ROUND(K57*(1+L57),2))),"-") -> 40.37 | O57: =IF(AND($H57=0,$J57=0),$Q57,IF(I57=0,0,IF($L57<>"-",IFERROR(TRUNC(TRUNC((I57*(1+$L57)),2)*$G57,2),0),IFERROR(TRUNC(I57*$G57,2),0)))) -> 0 | P57: =IF(J57=0,0,Q57-O57-N57) -> 0 | Q57: =IFERROR(ROUND(ROUND(M57,2)*ROUND(G57,2),2),0) -> 0 | T57: =B57 -> 3.20 | U57: =IF(J57=0,Q57-O57) -> FALSE | X57: =IFERROR(IF(OR($D57="ANP",$D57="DAER",$D57="CONSULTORIA DNIT",$D57="PREGÃO ELETRÔNICO",$D57="DMLU",$D57="DMAE",$D57="CEEE",$D57="EPTC",$D57="ORSE",$D57="SEINFRA",$D57="CREA",$D57="CAU",$D57="CEHOP",$D57="SIURB",$D57="DER-PR",$D57="SUDECAP",$D57=#REF!,$D57=#REF!),VLOOKUP($C57,#REF!,7,FALSE),IF($D57="INDEXADO",VLOOKUP($C57,#REF!,17,FALSE),IF($D57="CCU",VLOOKUP($C57,#REF!,6,FALSE),IF($D57="MERCADO",VLOOKUP(PE_243_2026!$C57,#REF!,8,FALSE),IF($D57="PLEO",VLOOKUP($C57,#REF!,4,FALSE),IF($D57="SICRO",VLOOKUP($C57,#REF!,6,FALSE),IF($D57="SINAPI",IFERROR((VLOOKUP($C57,#REF!,5,FALSE)),"-"),"-"))))))),0) -> 0 | Y57: =IF(OR($D57="ANP",$D57="DAER",$D57="CONSULTORIA DNIT",$D57="PREGÃO ELETRÔNICO",$D57="DMLU",$D57="DMAE",$D57="CEEE",$D57="EPTC",$D57="ORSE",$D57="SEINFRA",$D57="CREA",$D57="CAU",$D57="CEHOP",$D57="SIURB",$D57="DER-PR",$D57="SUDECAP",$D57=#REF!,$D57=#REF!),VLOOKUP($C57,#REF!,8,FALSE),IF($D57="INDEXADO",VLOOKUP($C57,#REF!,18,FALSE),IF($D57="CCU",VLOOKUP($C57,#REF!,7,FALSE),IF($D57="MERCADO",VLOOKUP(PE_243_2026!$C57,#REF!,9,FALSE),IF($D57="PLEO",VLOOKUP($C57,#REF!,4,FALSE),IF($D57="SICRO",VLOOKUP($C57,#REF!,7,FALSE),IF($D57="SINAPI",IFERROR((VLOOKUP($C57,#REF!,6,FALSE)),(VLOOKUP($C57,#REF!,27,FALSE))),"-"))))))) -> #REF! | Z57: 40.36 | AA57: =M57-Z57 -> 0.01 | AB57: =M57*G57 -> 0 | AC57: =AA57*G57 -> 0
B58: 3.21 | C58: CCU-28 | D58: CCU | E58: CONECTOR DE ALUMINIO TIPO PRENSA CABO PARA CABOS | F58: UN | I58: 4.3875 | J58: 39.675 | K58: =I58+J58 -> 44.0625 | L58: 0.2519 | M58: =IFERROR(IF(L58="-",(ROUND(K58,2)),(ROUND(K58*(1+L58),2))),"-") -> 55.16 | O58: =IF(AND($H58=0,$J58=0),$Q58,IF(I58=0,0,IF($L58<>"-",IFERROR(TRUNC(TRUNC((I58*(1+$L58)),2)*$G58,2),0),IFERROR(TRUNC(I58*$G58,2),0)))) -> 0 | P58: =IF(J58=0,0,Q58-O58-N58) -> 0 | Q58: =IFERROR(ROUND(ROUND(M58,2)*ROUND(G58,2),2),0) -> 0 | T58: =B58 -> 3.21 | U58: =IF(J58=0,Q58-O58) -> FALSE | X58: =IFERROR(IF(OR($D58="ANP",$D58="DAER",$D58="CONSULTORIA DNIT",$D58="PREGÃO ELETRÔNICO",$D58="DMLU",$D58="DMAE",$D58="CEEE",$D58="EPTC",$D58="ORSE",$D58="SEINFRA",$D58="CREA",$D58="CAU",$D58="CEHOP",$D58="SIURB",$D58="DER-PR",$D58="SUDECAP",$D58=#REF!,$D58=#REF!),VLOOKUP($C58,#REF!,7,FALSE),IF($D58="INDEXADO",VLOOKUP($C58,#REF!,17,FALSE),IF($D58="CCU",VLOOKUP($C58,#REF!,6,FALSE),IF($D58="MERCADO",VLOOKUP(PE_243_2026!$C58,#REF!,8,FALSE),IF($D58="PLEO",VLOOKUP($C58,#REF!,4,FALSE),IF($D58="SICRO",VLOOKUP($C58,#REF!,6,FALSE),IF($D58="SINAPI",IFERROR((VLOOKUP($C58,#REF!,5,FALSE)),"-"),"-"))))))),0) -> 0 | Y58: =IF(OR($D58="ANP",$D58="DAER",$D58="CONSULTORIA DNIT",$D58="PREGÃO ELETRÔNICO",$D58="DMLU",$D58="DMAE",$D58="CEEE",$D58="EPTC",$D58="ORSE",$D58="SEINFRA",$D58="CREA",$D58="CAU",$D58="CEHOP",$D58="SIURB",$D58="DER-PR",$D58="SUDECAP",$D58=#REF!,$D58=#REF!),VLOOKUP($C58,#REF!,8,FALSE),IF($D58="INDEXADO",VLOOKUP($C58,#REF!,18,FALSE),IF($D58="CCU",VLOOKUP($C58,#REF!,7,FALSE),IF($D58="MERCADO",VLOOKUP(PE_243_2026!$C58,#REF!,9,FALSE),IF($D58="PLEO",VLOOKUP($C58,#REF!,4,FALSE),IF($D58="SICRO",VLOOKUP($C58,#REF!,7,FALSE),IF($D58="SINAPI",IFERROR((VLOOKUP($C58,#REF!,6,FALSE)),(VLOOKUP($C58,#REF!,27,FALSE))),"-"))))))) -> #REF! | Z58: 55.16 | AA58: =M58-Z58 -> 0 | AB58: =M58*G58 -> 0 | AC58: =AA58*G58 -> 0
B59: 3.22 | C59: 104755 | D59: SINAPI | E59: CONECTOR SPLIT-BOLT, PARA SPDA, PARA CABOS ATÉ 95 MM2 - FORNECIMENTO E INSTALAÇÃO. AF_08/2023 | F59: UN | I59: 8.19 | J59: 25.965 | K59: =I59+J59 -> 34.155 | L59: 0.2519 | M59: =IFERROR(IF(L59="-",(ROUND(K59,2)),(ROUND(K59*(1+L59),2))),"-") -> 42.76 | O59: =IF(AND($H59=0,$J59=0),$Q59,IF(I59=0,0,IF($L59<>"-",IFERROR(TRUNC(TRUNC((I59*(1+$L59)),2)*$G59,2),0),IFERROR(TRUNC(I59*$G59,2),0)))) -> 0 | P59: =IF(J59=0,0,Q59-O59-N59) -> 0 | Q59: =IFERROR(ROUND(ROUND(M59,2)*ROUND(G59,2),2),0) -> 0 | T59: =B59 -> 3.22 | U59: =IF(J59=0,Q59-O59) -> FALSE | X59: =IFERROR(IF(OR($D59="ANP",$D59="DAER",$D59="CONSULTORIA DNIT",$D59="PREGÃO ELETRÔNICO",$D59="DMLU",$D59="DMAE",$D59="CEEE",$D59="EPTC",$D59="ORSE",$D59="SEINFRA",$D59="CREA",$D59="CAU",$D59="CEHOP",$D59="SIURB",$D59="DER-PR",$D59="SUDECAP",$D59=#REF!,$D59=#REF!),VLOOKUP($C59,#REF!,7,FALSE),IF($D59="INDEXADO",VLOOKUP($C59,#REF!,17,FALSE),IF($D59="CCU",VLOOKUP($C59,#REF!,6,FALSE),IF($D59="MERCADO",VLOOKUP(PE_243_2026!$C59,#REF!,8,FALSE),IF($D59="PLEO",VLOOKUP($C59,#REF!,4,FALSE),IF($D59="SICRO",VLOOKUP($C59,#REF!,6,FALSE),IF($D59="SINAPI",IFERROR((VLOOKUP($C59,#REF!,5,FALSE)),"-"),"-"))))))),0) -> 0 | Y59: =IF(OR($D59="ANP",$D59="DAER",$D59="CONSULTORIA DNIT",$D59="PREGÃO ELETRÔNICO",$D59="DMLU",$D59="DMAE",$D59="CEEE",$D59="EPTC",$D59="ORSE",$D59="SEINFRA",$D59="CREA",$D59="CAU",$D59="CEHOP",$D59="SIURB",$D59="DER-PR",$D59="SUDECAP",$D59=#REF!,$D59=#REF!),VLOOKUP($C59,#REF!,8,FALSE),IF($D59="INDEXADO",VLOOKUP($C59,#REF!,18,FALSE),IF($D59="CCU",VLOOKUP($C59,#REF!,7,FALSE),IF($D59="MERCADO",VLOOKUP(PE_243_2026!$C59,#REF!,9,FALSE),IF($D59="PLEO",VLOOKUP($C59,#REF!,4,FALSE),IF($D59="SICRO",VLOOKUP($C59,#REF!,7,FALSE),IF($D59="SINAPI",IFERROR((VLOOKUP($C59,#REF!,6,FALSE)),(VLOOKUP($C59,#REF!,27,FALSE))),"-"))))))) -> #REF! | Z59: 42.76 | AA59: =M59-Z59 -> 0 | AB59: =M59*G59 -> 0 | AC59: =AA59*G59 -> 0
B60: 3.23 | C60: 101549 | D60: SINAPI | E60: GRAMPO PARALELO METÁLICO, PARA REDES AÉREAS DE DISTRIBUIÇÃO DE ENERGIA ELÉTRICA DE BAIXA TENSÃO - FORNECIMENTO E INSTALAÇÃO. AF_12/2025 | F60: UN | I60: 5.0475 | J60: 13.6425 | K60: =I60+J60 -> 18.69 | L60: 0.2519 | M60: =IFERROR(IF(L60="-",(ROUND(K60,2)),(ROUND(K60*(1+L60),2))),"-") -> 23.4 | O60: =IF(AND($H60=0,$J60=0),$Q60,IF(I60=0,0,IF($L60<>"-",IFERROR(TRUNC(TRUNC((I60*(1+$L60)),2)*$G60,2),0),IFERROR(TRUNC(I60*$G60,2),0)))) -> 0 | P60: =IF(J60=0,0,Q60-O60-N60) -> 0 | Q60: =IFERROR(ROUND(ROUND(M60,2)*ROUND(G60,2),2),0) -> 0 | T60: =B60 -> 3.23 | U60: =IF(J60=0,Q60-O60) -> FALSE | X60: =IFERROR(IF(OR($D60="ANP",$D60="DAER",$D60="CONSULTORIA DNIT",$D60="PREGÃO ELETRÔNICO",$D60="DMLU",$D60="DMAE",$D60="CEEE",$D60="EPTC",$D60="ORSE",$D60="SEINFRA",$D60="CREA",$D60="CAU",$D60="CEHOP",$D60="SIURB",$D60="DER-PR",$D60="SUDECAP",$D60=#REF!,$D60=#REF!),VLOOKUP($C60,#REF!,7,FALSE),IF($D60="INDEXADO",VLOOKUP($C60,#REF!,17,FALSE),IF($D60="CCU",VLOOKUP($C60,#REF!,6,FALSE),IF($D60="MERCADO",VLOOKUP(PE_243_2026!$C60,#REF!,8,FALSE),IF($D60="PLEO",VLOOKUP($C60,#REF!,4,FALSE),IF($D60="SICRO",VLOOKUP($C60,#REF!,6,FALSE),IF($D60="SINAPI",IFERROR((VLOOKUP($C60,#REF!,5,FALSE)),"-"),"-"))))))),0) -> 0 | Y60: =IF(OR($D60="ANP",$D60="DAER",$D60="CONSULTORIA DNIT",$D60="PREGÃO ELETRÔNICO",$D60="DMLU",$D60="DMAE",$D60="CEEE",$D60="EPTC",$D60="ORSE",$D60="SEINFRA",$D60="CREA",$D60="CAU",$D60="CEHOP",$D60="SIURB",$D60="DER-PR",$D60="SUDECAP",$D60=#REF!,$D60=#REF!),VLOOKUP($C60,#REF!,8,FALSE),IF($D60="INDEXADO",VLOOKUP($C60,#REF!,18,FALSE),IF($D60="CCU",VLOOKUP($C60,#REF!,7,FALSE),IF($D60="MERCADO",VLOOKUP(PE_243_2026!$C60,#REF!,9,FALSE),IF($D60="PLEO",VLOOKUP($C60,#REF!,4,FALSE),IF($D60="SICRO",VLOOKUP($C60,#REF!,7,FALSE),IF($D60="SINAPI",IFERROR((VLOOKUP($C60,#REF!,6,FALSE)),(VLOOKUP($C60,#REF!,27,FALSE))),"-"))))))) -> #REF! | Z60: 23.4 | AA60: =M60-Z60 -> 0 | AB60: =M60*G60 -> 0 | AC60: =AA60*G60 -> 0
B61: 3.24 | C61: 101547 | D61: SINAPI | E61: ISOLADOR, TIPO DISCO, PARA TENSÃO 15 KV - FORNECIMENTO E INSTALAÇÃO. AF_12/2025 | F61: UN | I61: 1.5525 | J61: 64.56 | K61: =I61+J61 -> 66.1125 | L61: 0.2519 | M61: =IFERROR(IF(L61="-",(ROUND(K61,2)),(ROUND(K61*(1+L61),2))),"-") -> 82.77 | O61: =IF(AND($H61=0,$J61=0),$Q61,IF(I61=0,0,IF($L61<>"-",IFERROR(TRUNC(TRUNC((I61*(1+$L61)),2)*$G61,2),0),IFERROR(TRUNC(I61*$G61,2),0)))) -> 0 | P61: =IF(J61=0,0,Q61-O61-N61) -> 0 | Q61: =IFERROR(ROUND(ROUND(M61,2)*ROUND(G61,2),2),0) -> 0 | T61: =B61 -> 3.24 | U61: =IF(J61=0,Q61-O61) -> FALSE | X61: =IFERROR(IF(OR($D61="ANP",$D61="DAER",$D61="CONSULTORIA DNIT",$D61="PREGÃO ELETRÔNICO",$D61="DMLU",$D61="DMAE",$D61="CEEE",$D61="EPTC",$D61="ORSE",$D61="SEINFRA",$D61="CREA",$D61="CAU",$D61="CEHOP",$D61="SIURB",$D61="DER-PR",$D61="SUDECAP",$D61=#REF!,$D61=#REF!),VLOOKUP($C61,#REF!,7,FALSE),IF($D61="INDEXADO",VLOOKUP($C61,#REF!,17,FALSE),IF($D61="CCU",VLOOKUP($C61,#REF!,6,FALSE),IF($D61="MERCADO",VLOOKUP(PE_243_2026!$C61,#REF!,8,FALSE),IF($D61="PLEO",VLOOKUP($C61,#REF!,4,FALSE),IF($D61="SICRO",VLOOKUP($C61,#REF!,6,FALSE),IF($D61="SINAPI",IFERROR((VLOOKUP($C61,#REF!,5,FALSE)),"-"),"-"))))))),0) -> 0 | Y61: =IF(OR($D61="ANP",$D61="DAER",$D61="CONSULTORIA DNIT",$D61="PREGÃO ELETRÔNICO",$D61="DMLU",$D61="DMAE",$D61="CEEE",$D61="EPTC",$D61="ORSE",$D61="SEINFRA",$D61="CREA",$D61="CAU",$D61="CEHOP",$D61="SIURB",$D61="DER-PR",$D61="SUDECAP",$D61=#REF!,$D61=#REF!),VLOOKUP($C61,#REF!,8,FALSE),IF($D61="INDEXADO",VLOOKUP($C61,#REF!,18,FALSE),IF($D61="CCU",VLOOKUP($C61,#REF!,7,FALSE),IF($D61="MERCADO",VLOOKUP(PE_243_2026!$C61,#REF!,9,FALSE),IF($D61="PLEO",VLOOKUP($C61,#REF!,4,FALSE),IF($D61="SICRO",VLOOKUP($C61,#REF!,7,FALSE),IF($D61="SINAPI",IFERROR((VLOOKUP($C61,#REF!,6,FALSE)),(VLOOKUP($C61,#REF!,27,FALSE))),"-"))))))) -> #REF! | Z61: 82.76 | AA61: =M61-Z61 -> 0.01 | AB61: =M61*G61 -> 0 | AC61: =AA61*G61 -> 0
B62: 3.25 | C62: 101546 | D62: SINAPI | E62: ISOLADOR, TIPO PINO, PARA TENSÃO 15 KV - FORNECIMENTO E INSTALAÇÃO. AF_12/2025 | F62: UN | I62: 1.5525 | J62: 19.7625 | K62: =I62+J62 -> 21.315 | L62: 0.2519 | M62: =IFERROR(IF(L62="-",(ROUND(K62,2)),(ROUND(K62*(1+L62),2))),"-") -> 26.68 | O62: =IF(AND($H62=0,$J62=0),$Q62,IF(I62=0,0,IF($L62<>"-",IFERROR(TRUNC(TRUNC((I62*(1+$L62)),2)*$G62,2),0),IFERROR(TRUNC(I62*$G62,2),0)))) -> 0 | P62: =IF(J62=0,0,Q62-O62-N62) -> 0 | Q62: =IFERROR(ROUND(ROUND(M62,2)*ROUND(G62,2),2),0) -> 0 | T62: =B62 -> 3.25 | U62: =IF(J62=0,Q62-O62) -> FALSE | X62: =IFERROR(IF(OR($D62="ANP",$D62="DAER",$D62="CONSULTORIA DNIT",$D62="PREGÃO ELETRÔNICO",$D62="DMLU",$D62="DMAE",$D62="CEEE",$D62="EPTC",$D62="ORSE",$D62="SEINFRA",$D62="CREA",$D62="CAU",$D62="CEHOP",$D62="SIURB",$D62="DER-PR",$D62="SUDECAP",$D62=#REF!,$D62=#REF!),VLOOKUP($C62,#REF!,7,FALSE),IF($D62="INDEXADO",VLOOKUP($C62,#REF!,17,FALSE),IF($D62="CCU",VLOOKUP($C62,#REF!,6,FALSE),IF($D62="MERCADO",VLOOKUP(PE_243_2026!$C62,#REF!,8,FALSE),IF($D62="PLEO",VLOOKUP($C62,#REF!,4,FALSE),IF($D62="SICRO",VLOOKUP($C62,#REF!,6,FALSE),IF($D62="SINAPI",IFERROR((VLOOKUP($C62,#REF!,5,FALSE)),"-"),"-"))))))),0) -> 0 | Y62: =IF(OR($D62="ANP",$D62="DAER",$D62="CONSULTORIA DNIT",$D62="PREGÃO ELETRÔNICO",$D62="DMLU",$D62="DMAE",$D62="CEEE",$D62="EPTC",$D62="ORSE",$D62="SEINFRA",$D62="CREA",$D62="CAU",$D62="CEHOP",$D62="SIURB",$D62="DER-PR",$D62="SUDECAP",$D62=#REF!,$D62=#REF!),VLOOKUP($C62,#REF!,8,FALSE),IF($D62="INDEXADO",VLOOKUP($C62,#REF!,18,FALSE),IF($D62="CCU",VLOOKUP($C62,#REF!,7,FALSE),IF($D62="MERCADO",VLOOKUP(PE_243_2026!$C62,#REF!,9,FALSE),IF($D62="PLEO",VLOOKUP($C62,#REF!,4,FALSE),IF($D62="SICRO",VLOOKUP($C62,#REF!,7,FALSE),IF($D62="SINAPI",IFERROR((VLOOKUP($C62,#REF!,6,FALSE)),(VLOOKUP($C62,#REF!,27,FALSE))),"-"))))))) -> #REF! | Z62: 26.69 | AA62: =M62-Z62 -> -0.01 | AB62: =M62*G62 -> 0 | AC62: =AA62*G62 -> 0
B63: 3.26 | C63: 101548 | D63: SINAPI | E63: ISOLADOR, TIPO ROLDANA, PARA BAIXA TENSÃO - FORNECIMENTO E INSTALAÇÃO. AF_12/2025 | F63: UN | I63: 1.5525 | J63: 3.96 | K63: =I63+J63 -> 5.5125 | L63: 0.2519 | M63: =IFERROR(IF(L63="-",(ROUND(K63,2)),(ROUND(K63*(1+L63),2))),"-") -> 6.9 | O63: =IF(AND($H63=0,$J63=0),$Q63,IF(I63=0,0,IF($L63<>"-",IFERROR(TRUNC(TRUNC((I63*(1+$L63)),2)*$G63,2),0),IFERROR(TRUNC(I63*$G63,2),0)))) -> 0 | P63: =IF(J63=0,0,Q63-O63-N63) -> 0 | Q63: =IFERROR(ROUND(ROUND(M63,2)*ROUND(G63,2),2),0) -> 0 | T63: =B63 -> 3.26 | U63: =IF(J63=0,Q63-O63) -> FALSE | X63: =IFERROR(IF(OR($D63="ANP",$D63="DAER",$D63="CONSULTORIA DNIT",$D63="PREGÃO ELETRÔNICO",$D63="DMLU",$D63="DMAE",$D63="CEEE",$D63="EPTC",$D63="ORSE",$D63="SEINFRA",$D63="CREA",$D63="CAU",$D63="CEHOP",$D63="SIURB",$D63="DER-PR",$D63="SUDECAP",$D63=#REF!,$D63=#REF!),VLOOKUP($C63,#REF!,7,FALSE),IF($D63="INDEXADO",VLOOKUP($C63,#REF!,17,FALSE),IF($D63="CCU",VLOOKUP($C63,#REF!,6,FALSE),IF($D63="MERCADO",VLOOKUP(PE_243_2026!$C63,#REF!,8,FALSE),IF($D63="PLEO",VLOOKUP($C63,#REF!,4,FALSE),IF($D63="SICRO",VLOOKUP($C63,#REF!,6,FALSE),IF($D63="SINAPI",IFERROR((VLOOKUP($C63,#REF!,5,FALSE)),"-"),"-"))))))),0) -> 0 | Y63: =IF(OR($D63="ANP",$D63="DAER",$D63="CONSULTORIA DNIT",$D63="PREGÃO ELETRÔNICO",$D63="DMLU",$D63="DMAE",$D63="CEEE",$D63="EPTC",$D63="ORSE",$D63="SEINFRA",$D63="CREA",$D63="CAU",$D63="CEHOP",$D63="SIURB",$D63="DER-PR",$D63="SUDECAP",$D63=#REF!,$D63=#REF!),VLOOKUP($C63,#REF!,8,FALSE),IF($D63="INDEXADO",VLOOKUP($C63,#REF!,18,FALSE),IF($D63="CCU",VLOOKUP($C63,#REF!,7,FALSE),IF($D63="MERCADO",VLOOKUP(PE_243_2026!$C63,#REF!,9,FALSE),IF($D63="PLEO",VLOOKUP($C63,#REF!,4,FALSE),IF($D63="SICRO",VLOOKUP($C63,#REF!,7,FALSE),IF($D63="SINAPI",IFERROR((VLOOKUP($C63,#REF!,6,FALSE)),(VLOOKUP($C63,#REF!,27,FALSE))),"-"))))))) -> #REF! | Z63: 6.9 | AA63: =M63-Z63 -> 0 | AB63: =M63*G63 -> 0 | AC63: =AA63*G63 -> 0
B64: 3.27 | C64: CCU-57 | D64: CCU | E64: MUFLA TRIPOLAR 15KV | F64: UN | I64: 272.01 | J64: 502.6125 | K64: =I64+J64 -> 774.6225 | L64: 0.2519 | M64: =IFERROR(IF(L64="-",(ROUND(K64,2)),(ROUND(K64*(1+L64),2))),"-") -> 969.75 | O64: =IF(AND($H64=0,$J64=0),$Q64,IF(I64=0,0,IF($L64<>"-",IFERROR(TRUNC(TRUNC((I64*(1+$L64)),2)*$G64,2),0),IFERROR(TRUNC(I64*$G64,2),0)))) -> 0 | P64: =IF(J64=0,0,Q64-O64-N64) -> 0 | Q64: =IFERROR(ROUND(ROUND(M64,2)*ROUND(G64,2),2),0) -> 0 | T64: =B64 -> 3.27 | U64: =IF(J64=0,Q64-O64) -> FALSE | X64: =IFERROR(IF(OR($D64="ANP",$D64="DAER",$D64="CONSULTORIA DNIT",$D64="PREGÃO ELETRÔNICO",$D64="DMLU",$D64="DMAE",$D64="CEEE",$D64="EPTC",$D64="ORSE",$D64="SEINFRA",$D64="CREA",$D64="CAU",$D64="CEHOP",$D64="SIURB",$D64="DER-PR",$D64="SUDECAP",$D64=#REF!,$D64=#REF!),VLOOKUP($C64,#REF!,7,FALSE),IF($D64="INDEXADO",VLOOKUP($C64,#REF!,17,FALSE),IF($D64="CCU",VLOOKUP($C64,#REF!,6,FALSE),IF($D64="MERCADO",VLOOKUP(PE_243_2026!$C64,#REF!,8,FALSE),IF($D64="PLEO",VLOOKUP($C64,#REF!,4,FALSE),IF($D64="SICRO",VLOOKUP($C64,#REF!,6,FALSE),IF($D64="SINAPI",IFERROR((VLOOKUP($C64,#REF!,5,FALSE)),"-"),"-"))))))),0) -> 0 | Y64: =IF(OR($D64="ANP",$D64="DAER",$D64="CONSULTORIA DNIT",$D64="PREGÃO ELETRÔNICO",$D64="DMLU",$D64="DMAE",$D64="CEEE",$D64="EPTC",$D64="ORSE",$D64="SEINFRA",$D64="CREA",$D64="CAU",$D64="CEHOP",$D64="SIURB",$D64="DER-PR",$D64="SUDECAP",$D64=#REF!,$D64=#REF!),VLOOKUP($C64,#REF!,8,FALSE),IF($D64="INDEXADO",VLOOKUP($C64,#REF!,18,FALSE),IF($D64="CCU",VLOOKUP($C64,#REF!,7,FALSE),IF($D64="MERCADO",VLOOKUP(PE_243_2026!$C64,#REF!,9,FALSE),IF($D64="PLEO",VLOOKUP($C64,#REF!,4,FALSE),IF($D64="SICRO",VLOOKUP($C64,#REF!,7,FALSE),IF($D64="SINAPI",IFERROR((VLOOKUP($C64,#REF!,6,FALSE)),(VLOOKUP($C64,#REF!,27,FALSE))),"-"))))))) -> #REF! | Z64: 969.75 | AA64: =M64-Z64 -> 0 | AB64: =M64*G64 -> 0 | AC64: =AA64*G64 -> 0
B65: 3.28 | C65: CCU-49 | D65: CCU | E65: GANCHO OLHAL COM FURO 18MM EM AÇO GALVANIZADO | F65: UN | I65: 0.6675 | J65: 11.175 | K65: =I65+J65 -> 11.8425 | L65: 0.2519 | M65: =IFERROR(IF(L65="-",(ROUND(K65,2)),(ROUND(K65*(1+L65),2))),"-") -> 14.83 | O65: =IF(AND($H65=0,$J65=0),$Q65,IF(I65=0,0,IF($L65<>"-",IFERROR(TRUNC(TRUNC((I65*(1+$L65)),2)*$G65,2),0),IFERROR(TRUNC(I65*$G65,2),0)))) -> 0 | P65: =IF(J65=0,0,Q65-O65-N65) -> 0 | Q65: =IFERROR(ROUND(ROUND(M65,2)*ROUND(G65,2),2),0) -> 0 | T65: =B65 -> 3.28 | U65: =IF(J65=0,Q65-O65) -> FALSE | X65: =IFERROR(IF(OR($D65="ANP",$D65="DAER",$D65="CONSULTORIA DNIT",$D65="PREGÃO ELETRÔNICO",$D65="DMLU",$D65="DMAE",$D65="CEEE",$D65="EPTC",$D65="ORSE",$D65="SEINFRA",$D65="CREA",$D65="CAU",$D65="CEHOP",$D65="SIURB",$D65="DER-PR",$D65="SUDECAP",$D65=#REF!,$D65=#REF!),VLOOKUP($C65,#REF!,7,FALSE),IF($D65="INDEXADO",VLOOKUP($C65,#REF!,17,FALSE),IF($D65="CCU",VLOOKUP($C65,#REF!,6,FALSE),IF($D65="MERCADO",VLOOKUP(PE_243_2026!$C65,#REF!,8,FALSE),IF($D65="PLEO",VLOOKUP($C65,#REF!,4,FALSE),IF($D65="SICRO",VLOOKUP($C65,#REF!,6,FALSE),IF($D65="SINAPI",IFERROR((VLOOKUP($C65,#REF!,5,FALSE)),"-"),"-"))))))),0) -> 0 | Y65: =IF(OR($D65="ANP",$D65="DAER",$D65="CONSULTORIA DNIT",$D65="PREGÃO ELETRÔNICO",$D65="DMLU",$D65="DMAE",$D65="CEEE",$D65="EPTC",$D65="ORSE",$D65="SEINFRA",$D65="CREA",$D65="CAU",$D65="CEHOP",$D65="SIURB",$D65="DER-PR",$D65="SUDECAP",$D65=#REF!,$D65=#REF!),VLOOKUP($C65,#REF!,8,FALSE),IF($D65="INDEXADO",VLOOKUP($C65,#REF!,18,FALSE),IF($D65="CCU",VLOOKUP($C65,#REF!,7,FALSE),IF($D65="MERCADO",VLOOKUP(PE_243_2026!$C65,#REF!,9,FALSE),IF($D65="PLEO",VLOOKUP($C65,#REF!,4,FALSE),IF($D65="SICRO",VLOOKUP($C65,#REF!,7,FALSE),IF($D65="SINAPI",IFERROR((VLOOKUP($C65,#REF!,6,FALSE)),(VLOOKUP($C65,#REF!,27,FALSE))),"-"))))))) -> #REF! | Z65: 14.83 | AA65: =M65-Z65 -> 0 | AB65: =M65*G65 -> 0 | AC65: =AA65*G65 -> 0
B66: 3.29 | C66: 96985 | D66: SINAPI | E66: HASTE DE ATERRAMENTO, DIÂMETRO 5/8", COM 3 METROS - FORNECIMENTO E INSTALAÇÃO. AF_08/2023 | F66: UN | I66: 10.92 | J66: 70.0725 | K66: =I66+J66 -> 80.9925 | L66: 0.2519 | M66: =IFERROR(IF(L66="-",(ROUND(K66,2)),(ROUND(K66*(1+L66),2))),"-") -> 101.39 | O66: =IF(AND($H66=0,$J66=0),$Q66,IF(I66=0,0,IF($L66<>"-",IFERROR(TRUNC(TRUNC((I66*(1+$L66)),2)*$G66,2),0),IFERROR(TRUNC(I66*$G66,2),0)))) -> 0 | P66: =IF(J66=0,0,Q66-O66-N66) -> 0 | Q66: =IFERROR(ROUND(ROUND(M66,2)*ROUND(G66,2),2),0) -> 0 | T66: =B66 -> 3.29 | U66: =IF(J66=0,Q66-O66) -> FALSE | X66: =IFERROR(IF(OR($D66="ANP",$D66="DAER",$D66="CONSULTORIA DNIT",$D66="PREGÃO ELETRÔNICO",$D66="DMLU",$D66="DMAE",$D66="CEEE",$D66="EPTC",$D66="ORSE",$D66="SEINFRA",$D66="CREA",$D66="CAU",$D66="CEHOP",$D66="SIURB",$D66="DER-PR",$D66="SUDECAP",$D66=#REF!,$D66=#REF!),VLOOKUP($C66,#REF!,7,FALSE),IF($D66="INDEXADO",VLOOKUP($C66,#REF!,17,FALSE),IF($D66="CCU",VLOOKUP($C66,#REF!,6,FALSE),IF($D66="MERCADO",VLOOKUP(PE_243_2026!$C66,#REF!,8,FALSE),IF($D66="PLEO",VLOOKUP($C66,#REF!,4,FALSE),IF($D66="SICRO",VLOOKUP($C66,#REF!,6,FALSE),IF($D66="SINAPI",IFERROR((VLOOKUP($C66,#REF!,5,FALSE)),"-"),"-"))))))),0) -> 0 | Y66: =IF(OR($D66="ANP",$D66="DAER",$D66="CONSULTORIA DNIT",$D66="PREGÃO ELETRÔNICO",$D66="DMLU",$D66="DMAE",$D66="CEEE",$D66="EPTC",$D66="ORSE",$D66="SEINFRA",$D66="CREA",$D66="CAU",$D66="CEHOP",$D66="SIURB",$D66="DER-PR",$D66="SUDECAP",$D66=#REF!,$D66=#REF!),VLOOKUP($C66,#REF!,8,FALSE),IF($D66="INDEXADO",VLOOKUP($C66,#REF!,18,FALSE),IF($D66="CCU",VLOOKUP($C66,#REF!,7,FALSE),IF($D66="MERCADO",VLOOKUP(PE_243_2026!$C66,#REF!,9,FALSE),IF($D66="PLEO",VLOOKUP($C66,#REF!,4,FALSE),IF($D66="SICRO",VLOOKUP($C66,#REF!,7,FALSE),IF($D66="SINAPI",IFERROR((VLOOKUP($C66,#REF!,6,FALSE)),(VLOOKUP($C66,#REF!,27,FALSE))),"-"))))))) -> #REF! | Z66: 101.39 | AA66: =M66-Z66 -> 0 | AB66: =M66*G66 -> 0 | AC66: =AA66*G66 -> 0
B67: 3.30 | C67: CCU-38 | D67: CCU | E67: CHAVE FUSÍVEL,UNIPOLAR,COMANDO POR VARA DE MANOBRA,15KV-100A, FORNECIMENTO E COLOCAÇÃO | F67: UN | I67: 44.01 | J67: 417.15 | K67: =I67+J67 -> 461.16 | L67: 0.2519 | M67: =IFERROR(IF(L67="-",(ROUND(K67,2)),(ROUND(K67*(1+L67),2))),"-") -> 577.33 | O67: =IF(AND($H67=0,$J67=0),$Q67,IF(I67=0,0,IF($L67<>"-",IFERROR(TRUNC(TRUNC((I67*(1+$L67)),2)*$G67,2),0),IFERROR(TRUNC(I67*$G67,2),0)))) -> 0 | P67: =IF(J67=0,0,Q67-O67-N67) -> 0 | Q67: =IFERROR(ROUND(ROUND(M67,2)*ROUND(G67,2),2),0) -> 0 | T67: =B67 -> 3.30 | U67: =IF(J67=0,Q67-O67) -> FALSE | X67: =IFERROR(IF(OR($D67="ANP",$D67="DAER",$D67="CONSULTORIA DNIT",$D67="PREGÃO ELETRÔNICO",$D67="DMLU",$D67="DMAE",$D67="CEEE",$D67="EPTC",$D67="ORSE",$D67="SEINFRA",$D67="CREA",$D67="CAU",$D67="CEHOP",$D67="SIURB",$D67="DER-PR",$D67="SUDECAP",$D67=#REF!,$D67=#REF!),VLOOKUP($C67,#REF!,7,FALSE),IF($D67="INDEXADO",VLOOKUP($C67,#REF!,17,FALSE),IF($D67="CCU",VLOOKUP($C67,#REF!,6,FALSE),IF($D67="MERCADO",VLOOKUP(PE_243_2026!$C67,#REF!,8,FALSE),IF($D67="PLEO",VLOOKUP($C67,#REF!,4,FALSE),IF($D67="SICRO",VLOOKUP($C67,#REF!,6,FALSE),IF($D67="SINAPI",IFERROR((VLOOKUP($C67,#REF!,5,FALSE)),"-"),"-"))))))),0) -> 0 | Y67: =IF(OR($D67="ANP",$D67="DAER",$D67="CONSULTORIA DNIT",$D67="PREGÃO ELETRÔNICO",$D67="DMLU",$D67="DMAE",$D67="CEEE",$D67="EPTC",$D67="ORSE",$D67="SEINFRA",$D67="CREA",$D67="CAU",$D67="CEHOP",$D67="SIURB",$D67="DER-PR",$D67="SUDECAP",$D67=#REF!,$D67=#REF!),VLOOKUP($C67,#REF!,8,FALSE),IF($D67="INDEXADO",VLOOKUP($C67,#REF!,18,FALSE),IF($D67="CCU",VLOOKUP($C67,#REF!,7,FALSE),IF($D67="MERCADO",VLOOKUP(PE_243_2026!$C67,#REF!,9,FALSE),IF($D67="PLEO",VLOOKUP($C67,#REF!,4,FALSE),IF($D67="SICRO",VLOOKUP($C67,#REF!,7,FALSE),IF($D67="SINAPI",IFERROR((VLOOKUP($C67,#REF!,6,FALSE)),(VLOOKUP($C67,#REF!,27,FALSE))),"-"))))))) -> #REF! | Z67: 577.33 | AA67: =M67-Z67 -> 0 | AB67: =M67*G67 -> 0 | AC67: =AA67*G67 -> 0
B68: 3.31 | C68: CCU-40 | D68: CCU | E68: SUBSTITUIÇÃO DE ELO DO FUSÍVEL 100A / 15KV | F68: UN | I68: 5.43 | J68: 123.435 | K68: =I68+J68 -> 128.865 | L68: 0.2519 | M68: =IFERROR(IF(L68="-",(ROUND(K68,2)),(ROUND(K68*(1+L68),2))),"-") -> 161.33 | O68: =IF(AND($H68=0,$J68=0),$Q68,IF(I68=0,0,IF($L68<>"-",IFERROR(TRUNC(TRUNC((I68*(1+$L68)),2)*$G68,2),0),IFERROR(TRUNC(I68*$G68,2),0)))) -> 0 | P68: =IF(J68=0,0,Q68-O68-N68) -> 0 | Q68: =IFERROR(ROUND(ROUND(M68,2)*ROUND(G68,2),2),0) -> 0 | T68: =B68 -> 3.31 | U68: =IF(J68=0,Q68-O68) -> FALSE | X68: =IFERROR(IF(OR($D68="ANP",$D68="DAER",$D68="CONSULTORIA DNIT",$D68="PREGÃO ELETRÔNICO",$D68="DMLU",$D68="DMAE",$D68="CEEE",$D68="EPTC",$D68="ORSE",$D68="SEINFRA",$D68="CREA",$D68="CAU",$D68="CEHOP",$D68="SIURB",$D68="DER-PR",$D68="SUDECAP",$D68=#REF!,$D68=#REF!),VLOOKUP($C68,#REF!,7,FALSE),IF($D68="INDEXADO",VLOOKUP($C68,#REF!,17,FALSE),IF($D68="CCU",VLOOKUP($C68,#REF!,6,FALSE),IF($D68="MERCADO",VLOOKUP(PE_243_2026!$C68,#REF!,8,FALSE),IF($D68="PLEO",VLOOKUP($C68,#REF!,4,FALSE),IF($D68="SICRO",VLOOKUP($C68,#REF!,6,FALSE),IF($D68="SINAPI",IFERROR((VLOOKUP($C68,#REF!,5,FALSE)),"-"),"-"))))))),0) -> 0 | Y68: =IF(OR($D68="ANP",$D68="DAER",$D68="CONSULTORIA DNIT",$D68="PREGÃO ELETRÔNICO",$D68="DMLU",$D68="DMAE",$D68="CEEE",$D68="EPTC",$D68="ORSE",$D68="SEINFRA",$D68="CREA",$D68="CAU",$D68="CEHOP",$D68="SIURB",$D68="DER-PR",$D68="SUDECAP",$D68=#REF!,$D68=#REF!),VLOOKUP($C68,#REF!,8,FALSE),IF($D68="INDEXADO",VLOOKUP($C68,#REF!,18,FALSE),IF($D68="CCU",VLOOKUP($C68,#REF!,7,FALSE),IF($D68="MERCADO",VLOOKUP(PE_243_2026!$C68,#REF!,9,FALSE),IF($D68="PLEO",VLOOKUP($C68,#REF!,4,FALSE),IF($D68="SICRO",VLOOKUP($C68,#REF!,7,FALSE),IF($D68="SINAPI",IFERROR((VLOOKUP($C68,#REF!,6,FALSE)),(VLOOKUP($C68,#REF!,27,FALSE))),"-"))))))) -> #REF! | Z68: 161.33 | AA68: =M68-Z68 -> 0 | AB68: =M68*G68 -> 0 | AC68: =AA68*G68 -> 0
B69: 3.32 | C69: CCU-41 | D69: CCU | E69: SUBSTITUIÇÃO DE FUSÍVEL HH PARA 16A / 15KV | F69: UN | I69: 5.43 | J69: 142.92 | K69: =I69+J69 -> 148.35 | L69: 0.2519 | M69: =IFERROR(IF(L69="-",(ROUND(K69,2)),(ROUND(K69*(1+L69),2))),"-") -> 185.72 | O69: =IF(AND($H69=0,$J69=0),$Q69,IF(I69=0,0,IF($L69<>"-",IFERROR(TRUNC(TRUNC((I69*(1+$L69)),2)*$G69,2),0),IFERROR(TRUNC(I69*$G69,2),0)))) -> 0 | P69: =IF(J69=0,0,Q69-O69-N69) -> 0 | Q69: =IFERROR(ROUND(ROUND(M69,2)*ROUND(G69,2),2),0) -> 0 | T69: =B69 -> 3.32 | U69: =IF(J69=0,Q69-O69) -> FALSE | X69: =IFERROR(IF(OR($D69="ANP",$D69="DAER",$D69="CONSULTORIA DNIT",$D69="PREGÃO ELETRÔNICO",$D69="DMLU",$D69="DMAE",$D69="CEEE",$D69="EPTC",$D69="ORSE",$D69="SEINFRA",$D69="CREA",$D69="CAU",$D69="CEHOP",$D69="SIURB",$D69="DER-PR",$D69="SUDECAP",$D69=#REF!,$D69=#REF!),VLOOKUP($C69,#REF!,7,FALSE),IF($D69="INDEXADO",VLOOKUP($C69,#REF!,17,FALSE),IF($D69="CCU",VLOOKUP($C69,#REF!,6,FALSE),IF($D69="MERCADO",VLOOKUP(PE_243_2026!$C69,#REF!,8,FALSE),IF($D69="PLEO",VLOOKUP($C69,#REF!,4,FALSE),IF($D69="SICRO",VLOOKUP($C69,#REF!,6,FALSE),IF($D69="SINAPI",IFERROR((VLOOKUP($C69,#REF!,5,FALSE)),"-"),"-"))))))),0) -> 0 | Y69: =IF(OR($D69="ANP",$D69="DAER",$D69="CONSULTORIA DNIT",$D69="PREGÃO ELETRÔNICO",$D69="DMLU",$D69="DMAE",$D69="CEEE",$D69="EPTC",$D69="ORSE",$D69="SEINFRA",$D69="CREA",$D69="CAU",$D69="CEHOP",$D69="SIURB",$D69="DER-PR",$D69="SUDECAP",$D69=#REF!,$D69=#REF!),VLOOKUP($C69,#REF!,8,FALSE),IF($D69="INDEXADO",VLOOKUP($C69,#REF!,18,FALSE),IF($D69="CCU",VLOOKUP($C69,#REF!,7,FALSE),IF($D69="MERCADO",VLOOKUP(PE_243_2026!$C69,#REF!,9,FALSE),IF($D69="PLEO",VLOOKUP($C69,#REF!,4,FALSE),IF($D69="SICRO",VLOOKUP($C69,#REF!,7,FALSE),IF($D69="SINAPI",IFERROR((VLOOKUP($C69,#REF!,6,FALSE)),(VLOOKUP($C69,#REF!,27,FALSE))),"-"))))))) -> #REF! | Z69: 185.72 | AA69: =M69-Z69 -> 0 | AB69: =M69*G69 -> 0 | AC69: =AA69*G69 -> 0
B70: 3.33 | C70: CCU-39 | D70: CCU | E70: PARA RAIOS DISTRIBUIDOR POLIMÉRICO ÓXIDO DE ZINCO S/CENTELHADOR C/ DESLIGAMENTO AUTOMÁTICO 15KV,10KA | F70: UN | I70: 66.0075 | J70: 171 | K70: =I70+J70 -> 237.0075 | L70: 0.2519 | M70: =IFERROR(IF(L70="-",(ROUND(K70,2)),(ROUND(K70*(1+L70),2))),"-") -> 296.71 | O70: =IF(AND($H70=0,$J70=0),$Q70,IF(I70=0,0,IF($L70<>"-",IFERROR(TRUNC(TRUNC((I70*(1+$L70)),2)*$G70,2),0),IFERROR(TRUNC(I70*$G70,2),0)))) -> 0 | P70: =IF(J70=0,0,Q70-O70-N70) -> 0 | Q70: =IFERROR(ROUND(ROUND(M70,2)*ROUND(G70,2),2),0) -> 0 | T70: =B70 -> 3.33 | U70: =IF(J70=0,Q70-O70) -> FALSE | X70: =IFERROR(IF(OR($D70="ANP",$D70="DAER",$D70="CONSULTORIA DNIT",$D70="PREGÃO ELETRÔNICO",$D70="DMLU",$D70="DMAE",$D70="CEEE",$D70="EPTC",$D70="ORSE",$D70="SEINFRA",$D70="CREA",$D70="CAU",$D70="CEHOP",$D70="SIURB",$D70="DER-PR",$D70="SUDECAP",$D70=#REF!,$D70=#REF!),VLOOKUP($C70,#REF!,7,FALSE),IF($D70="INDEXADO",VLOOKUP($C70,#REF!,17,FALSE),IF($D70="CCU",VLOOKUP($C70,#REF!,6,FALSE),IF($D70="MERCADO",VLOOKUP(PE_243_2026!$C70,#REF!,8,FALSE),IF($D70="PLEO",VLOOKUP($C70,#REF!,4,FALSE),IF($D70="SICRO",VLOOKUP($C70,#REF!,6,FALSE),IF($D70="SINAPI",IFERROR((VLOOKUP($C70,#REF!,5,FALSE)),"-"),"-"))))))),0) -> 0 | Y70: =IF(OR($D70="ANP",$D70="DAER",$D70="CONSULTORIA DNIT",$D70="PREGÃO ELETRÔNICO",$D70="DMLU",$D70="DMAE",$D70="CEEE",$D70="EPTC",$D70="ORSE",$D70="SEINFRA",$D70="CREA",$D70="CAU",$D70="CEHOP",$D70="SIURB",$D70="DER-PR",$D70="SUDECAP",$D70=#REF!,$D70=#REF!),VLOOKUP($C70,#REF!,8,FALSE),IF($D70="INDEXADO",VLOOKUP($C70,#REF!,18,FALSE),IF($D70="CCU",VLOOKUP($C70,#REF!,7,FALSE),IF($D70="MERCADO",VLOOKUP(PE_243_2026!$C70,#REF!,9,FALSE),IF($D70="PLEO",VLOOKUP($C70,#REF!,4,FALSE),IF($D70="SICRO",VLOOKUP($C70,#REF!,7,FALSE),IF($D70="SINAPI",IFERROR((VLOOKUP($C70,#REF!,6,FALSE)),(VLOOKUP($C70,#REF!,27,FALSE))),"-"))))))) -> #REF! | Z70: 296.71 | AA70: =M70-Z70 -> 0 | AB70: =M70*G70 -> 0 | AC70: =AA70*G70 -> 0
B71: 3.34 | C71: CCU-20 | D71: CCU | E71: ELETRODUTO FERRO GALVANIZADO ELETROLITICO - LEVE, D= 4" | F71: M | I71: 13.1925 | J71: 137.8125 | K71: =I71+J71 -> 151.005 | L71: 0.2519 | M71: =IFERROR(IF(L71="-",(ROUND(K71,2)),(ROUND(K71*(1+L71),2))),"-") -> 189.04 | O71: =IF(AND($H71=0,$J71=0),$Q71,IF(I71=0,0,IF($L71<>"-",IFERROR(TRUNC(TRUNC((I71*(1+$L71)),2)*$G71,2),0),IFERROR(TRUNC(I71*$G71,2),0)))) -> 0 | P71: =IF(J71=0,0,Q71-O71-N71) -> 0 | Q71: =IFERROR(ROUND(ROUND(M71,2)*ROUND(G71,2),2),0) -> 0 | T71: =B71 -> 3.34 | U71: =IF(J71=0,Q71-O71) -> FALSE | X71: =IFERROR(IF(OR($D71="ANP",$D71="DAER",$D71="CONSULTORIA DNIT",$D71="PREGÃO ELETRÔNICO",$D71="DMLU",$D71="DMAE",$D71="CEEE",$D71="EPTC",$D71="ORSE",$D71="SEINFRA",$D71="CREA",$D71="CAU",$D71="CEHOP",$D71="SIURB",$D71="DER-PR",$D71="SUDECAP",$D71=#REF!,$D71=#REF!),VLOOKUP($C71,#REF!,7,FALSE),IF($D71="INDEXADO",VLOOKUP($C71,#REF!,17,FALSE),IF($D71="CCU",VLOOKUP($C71,#REF!,6,FALSE),IF($D71="MERCADO",VLOOKUP(PE_243_2026!$C71,#REF!,8,FALSE),IF($D71="PLEO",VLOOKUP($C71,#REF!,4,FALSE),IF($D71="SICRO",VLOOKUP($C71,#REF!,6,FALSE),IF($D71="SINAPI",IFERROR((VLOOKUP($C71,#REF!,5,FALSE)),"-"),"-"))))))),0) -> 0 | Y71: =IF(OR($D71="ANP",$D71="DAER",$D71="CONSULTORIA DNIT",$D71="PREGÃO ELETRÔNICO",$D71="DMLU",$D71="DMAE",$D71="CEEE",$D71="EPTC",$D71="ORSE",$D71="SEINFRA",$D71="CREA",$D71="CAU",$D71="CEHOP",$D71="SIURB",$D71="DER-PR",$D71="SUDECAP",$D71=#REF!,$D71=#REF!),VLOOKUP($C71,#REF!,8,FALSE),IF($D71="INDEXADO",VLOOKUP($C71,#REF!,18,FALSE),IF($D71="CCU",VLOOKUP($C71,#REF!,7,FALSE),IF($D71="MERCADO",VLOOKUP(PE_243_2026!$C71,#REF!,9,FALSE),IF($D71="PLEO",VLOOKUP($C71,#REF!,4,FALSE),IF($D71="SICRO",VLOOKUP($C71,#REF!,7,FALSE),IF($D71="SINAPI",IFERROR((VLOOKUP($C71,#REF!,6,FALSE)),(VLOOKUP($C71,#REF!,27,FALSE))),"-"))))))) -> #REF! | Z71: 189.05 | AA71: =M71-Z71 -> -0.01 | AB71: =M71*G71 -> 0 | AC71: =AA71*G71 -> 0
B72: 3.35 | C72: 97667 | D72: SINAPI | E72: ELETRODUTO FLEXÍVEL CORRUGADO, PEAD, DN 50 (1 1/2"), PARA REDE ENTERRADA DE DISTRIBUIÇÃO DE ENERGIA ELÉTRICA - FORNECIMENTO E INSTALAÇÃO. AF_12/2021 | F72: M | I72: 2.9475 | J72: 5.715 | K72: =I72+J72 -> 8.6625 | L72: 0.2519 | M72: =IFERROR(IF(L72="-",(ROUND(K72,2)),(ROUND(K72*(1+L72),2))),"-") -> 10.84 | O72: =IF(AND($H72=0,$J72=0),$Q72,IF(I72=0,0,IF($L72<>"-",IFERROR(TRUNC(TRUNC((I72*(1+$L72)),2)*$G72,2),0),IFERROR(TRUNC(I72*$G72,2),0)))) -> 0 | P72: =IF(J72=0,0,Q72-O72-N72) -> 0 | Q72: =IFERROR(ROUND(ROUND(M72,2)*ROUND(G72,2),2),0) -> 0 | T72: =B72 -> 3.35 | U72: =IF(J72=0,Q72-O72) -> FALSE | X72: =IFERROR(IF(OR($D72="ANP",$D72="DAER",$D72="CONSULTORIA DNIT",$D72="PREGÃO ELETRÔNICO",$D72="DMLU",$D72="DMAE",$D72="CEEE",$D72="EPTC",$D72="ORSE",$D72="SEINFRA",$D72="CREA",$D72="CAU",$D72="CEHOP",$D72="SIURB",$D72="DER-PR",$D72="SUDECAP",$D72=#REF!,$D72=#REF!),VLOOKUP($C72,#REF!,7,FALSE),IF($D72="INDEXADO",VLOOKUP($C72,#REF!,17,FALSE),IF($D72="CCU",VLOOKUP($C72,#REF!,6,FALSE),IF($D72="MERCADO",VLOOKUP(PE_243_2026!$C72,#REF!,8,FALSE),IF($D72="PLEO",VLOOKUP($C72,#REF!,4,FALSE),IF($D72="SICRO",VLOOKUP($C72,#REF!,6,FALSE),IF($D72="SINAPI",IFERROR((VLOOKUP($C72,#REF!,5,FALSE)),"-"),"-"))))))),0) -> 0 | Y72: =IF(OR($D72="ANP",$D72="DAER",$D72="CONSULTORIA DNIT",$D72="PREGÃO ELETRÔNICO",$D72="DMLU",$D72="DMAE",$D72="CEEE",$D72="EPTC",$D72="ORSE",$D72="SEINFRA",$D72="CREA",$D72="CAU",$D72="CEHOP",$D72="SIURB",$D72="DER-PR",$D72="SUDECAP",$D72=#REF!,$D72=#REF!),VLOOKUP($C72,#REF!,8,FALSE),IF($D72="INDEXADO",VLOOKUP($C72,#REF!,18,FALSE),IF($D72="CCU",VLOOKUP($C72,#REF!,7,FALSE),IF($D72="MERCADO",VLOOKUP(PE_243_2026!$C72,#REF!,9,FALSE),IF($D72="PLEO",VLOOKUP($C72,#REF!,4,FALSE),IF($D72="SICRO",VLOOKUP($C72,#REF!,7,FALSE),IF($D72="SINAPI",IFERROR((VLOOKUP($C72,#REF!,6,FALSE)),(VLOOKUP($C72,#REF!,27,FALSE))),"-"))))))) -> #REF! | Z72: 10.85 | AA72: =M72-Z72 -> -0.01 | AB72: =M72*G72 -> 0 | AC72: =AA72*G72 -> 0
B73: 3.36 | C73: 97669 | D73: SINAPI | E73: ELETRODUTO FLEXÍVEL CORRUGADO, PEAD, DN 90 (3"), PARA REDE ENTERRADA DE DISTRIBUIÇÃO DE ENERGIA ELÉTRICA - FORNECIMENTO E INSTALAÇÃO. AF_12/2021 | F73: M | I73: 6.645 | J73: 11.4975 | K73: =I73+J73 -> 18.1425 | L73: 0.2519 | M73: =IFERROR(IF(L73="-",(ROUND(K73,2)),(ROUND(K73*(1+L73),2))),"-") -> 22.71 | O73: =IF(AND($H73=0,$J73=0),$Q73,IF(I73=0,0,IF($L73<>"-",IFERROR(TRUNC(TRUNC((I73*(1+$L73)),2)*$G73,2),0),IFERROR(TRUNC(I73*$G73,2),0)))) -> 0 | P73: =IF(J73=0,0,Q73-O73-N73) -> 0 | Q73: =IFERROR(ROUND(ROUND(M73,2)*ROUND(G73,2),2),0) -> 0 | T73: =B73 -> 3.36 | U73: =IF(J73=0,Q73-O73) -> FALSE | X73: =IFERROR(IF(OR($D73="ANP",$D73="DAER",$D73="CONSULTORIA DNIT",$D73="PREGÃO ELETRÔNICO",$D73="DMLU",$D73="DMAE",$D73="CEEE",$D73="EPTC",$D73="ORSE",$D73="SEINFRA",$D73="CREA",$D73="CAU",$D73="CEHOP",$D73="SIURB",$D73="DER-PR",$D73="SUDECAP",$D73=#REF!,$D73=#REF!),VLOOKUP($C73,#REF!,7,FALSE),IF($D73="INDEXADO",VLOOKUP($C73,#REF!,17,FALSE),IF($D73="CCU",VLOOKUP($C73,#REF!,6,FALSE),IF($D73="MERCADO",VLOOKUP(PE_243_2026!$C73,#REF!,8,FALSE),IF($D73="PLEO",VLOOKUP($C73,#REF!,4,FALSE),IF($D73="SICRO",VLOOKUP($C73,#REF!,6,FALSE),IF($D73="SINAPI",IFERROR((VLOOKUP($C73,#REF!,5,FALSE)),"-"),"-"))))))),0) -> 0 | Y73: =IF(OR($D73="ANP",$D73="DAER",$D73="CONSULTORIA DNIT",$D73="PREGÃO ELETRÔNICO",$D73="DMLU",$D73="DMAE",$D73="CEEE",$D73="EPTC",$D73="ORSE",$D73="SEINFRA",$D73="CREA",$D73="CAU",$D73="CEHOP",$D73="SIURB",$D73="DER-PR",$D73="SUDECAP",$D73=#REF!,$D73=#REF!),VLOOKUP($C73,#REF!,8,FALSE),IF($D73="INDEXADO",VLOOKUP($C73,#REF!,18,FALSE),IF($D73="CCU",VLOOKUP($C73,#REF!,7,FALSE),IF($D73="MERCADO",VLOOKUP(PE_243_2026!$C73,#REF!,9,FALSE),IF($D73="PLEO",VLOOKUP($C73,#REF!,4,FALSE),IF($D73="SICRO",VLOOKUP($C73,#REF!,7,FALSE),IF($D73="SINAPI",IFERROR((VLOOKUP($C73,#REF!,6,FALSE)),(VLOOKUP($C73,#REF!,27,FALSE))),"-"))))))) -> #REF! | Z73: 22.71 | AA73: =M73-Z73 -> 0 | AB73: =M73*G73 -> 0 | AC73: =AA73*G73 -> 0
B74: 3.37 | C74: 93012 | D74: SINAPI | E74: ELETRODUTO RÍGIDO ROSCÁVEL, PVC, DN 110 MM (4"), PARA REDE ENTERRADA DE DISTRIBUIÇÃO DE ENERGIA ELÉTRICA - FORNECIMENTO E INSTALAÇÃO. AF_12/2021 | F74: M | I74: 9.3675 | J74: 62.64 | K74: =I74+J74 -> 72.0075 | L74: 0.2519 | M74: =IFERROR(IF(L74="-",(ROUND(K74,2)),(ROUND(K74*(1+L74),2))),"-") -> 90.15 | O74: =IF(AND($H74=0,$J74=0),$Q74,IF(I74=0,0,IF($L74<>"-",IFERROR(TRUNC(TRUNC((I74*(1+$L74)),2)*$G74,2),0),IFERROR(TRUNC(I74*$G74,2),0)))) -> 0 | P74: =IF(J74=0,0,Q74-O74-N74) -> 0 | Q74: =IFERROR(ROUND(ROUND(M74,2)*ROUND(G74,2),2),0) -> 0 | T74: =B74 -> 3.37 | U74: =IF(J74=0,Q74-O74) -> FALSE | X74: =IFERROR(IF(OR($D74="ANP",$D74="DAER",$D74="CONSULTORIA DNIT",$D74="PREGÃO ELETRÔNICO",$D74="DMLU",$D74="DMAE",$D74="CEEE",$D74="EPTC",$D74="ORSE",$D74="SEINFRA",$D74="CREA",$D74="CAU",$D74="CEHOP",$D74="SIURB",$D74="DER-PR",$D74="SUDECAP",$D74=#REF!,$D74=#REF!),VLOOKUP($C74,#REF!,7,FALSE),IF($D74="INDEXADO",VLOOKUP($C74,#REF!,17,FALSE),IF($D74="CCU",VLOOKUP($C74,#REF!,6,FALSE),IF($D74="MERCADO",VLOOKUP(PE_243_2026!$C74,#REF!,8,FALSE),IF($D74="PLEO",VLOOKUP($C74,#REF!,4,FALSE),IF($D74="SICRO",VLOOKUP($C74,#REF!,6,FALSE),IF($D74="SINAPI",IFERROR((VLOOKUP($C74,#REF!,5,FALSE)),"-"),"-"))))))),0) -> 0 | Y74: =IF(OR($D74="ANP",$D74="DAER",$D74="CONSULTORIA DNIT",$D74="PREGÃO ELETRÔNICO",$D74="DMLU",$D74="DMAE",$D74="CEEE",$D74="EPTC",$D74="ORSE",$D74="SEINFRA",$D74="CREA",$D74="CAU",$D74="CEHOP",$D74="SIURB",$D74="DER-PR",$D74="SUDECAP",$D74=#REF!,$D74=#REF!),VLOOKUP($C74,#REF!,8,FALSE),IF($D74="INDEXADO",VLOOKUP($C74,#REF!,18,FALSE),IF($D74="CCU",VLOOKUP($C74,#REF!,7,FALSE),IF($D74="MERCADO",VLOOKUP(PE_243_2026!$C74,#REF!,9,FALSE),IF($D74="PLEO",VLOOKUP($C74,#REF!,4,FALSE),IF($D74="SICRO",VLOOKUP($C74,#REF!,7,FALSE),IF($D74="SINAPI",IFERROR((VLOOKUP($C74,#REF!,6,FALSE)),(VLOOKUP($C74,#REF!,27,FALSE))),"-"))))))) -> #REF! | Z74: 90.14 | AA74: =M74-Z74 -> 0.01 | AB74: =M74*G74 -> 0 | AC74: =AA74*G74 -> 0
B75: 3.38 | C75: 93008 | D75: SINAPI | E75: ELETRODUTO RÍGIDO ROSCÁVEL, PVC, DN 50 MM (1 1/2"), PARA REDE ENTERRADA DE DISTRIBUIÇÃO DE ENERGIA ELÉTRICA - FORNECIMENTO E INSTALAÇÃO. AF_12/2021 | F75: M | I75: 4.9275 | J75: 13.2975 | K75: =I75+J75 -> 18.225 | L75: 0.2519 | M75: =IFERROR(IF(L75="-",(ROUND(K75,2)),(ROUND(K75*(1+L75),2))),"-") -> 22.82 | O75: =IF(AND($H75=0,$J75=0),$Q75,IF(I75=0,0,IF($L75<>"-",IFERROR(TRUNC(TRUNC((I75*(1+$L75)),2)*$G75,2),0),IFERROR(TRUNC(I75*$G75,2),0)))) -> 0 | P75: =IF(J75=0,0,Q75-O75-N75) -> 0 | Q75: =IFERROR(ROUND(ROUND(M75,2)*ROUND(G75,2),2),0) -> 0 | T75: =B75 -> 3.38 | U75: =IF(J75=0,Q75-O75) -> FALSE | X75: =IFERROR(IF(OR($D75="ANP",$D75="DAER",$D75="CONSULTORIA DNIT",$D75="PREGÃO ELETRÔNICO",$D75="DMLU",$D75="DMAE",$D75="CEEE",$D75="EPTC",$D75="ORSE",$D75="SEINFRA",$D75="CREA",$D75="CAU",$D75="CEHOP",$D75="SIURB",$D75="DER-PR",$D75="SUDECAP",$D75=#REF!,$D75=#REF!),VLOOKUP($C75,#REF!,7,FALSE),IF($D75="INDEXADO",VLOOKUP($C75,#REF!,17,FALSE),IF($D75="CCU",VLOOKUP($C75,#REF!,6,FALSE),IF($D75="MERCADO",VLOOKUP(PE_243_2026!$C75,#REF!,8,FALSE),IF($D75="PLEO",VLOOKUP($C75,#REF!,4,FALSE),IF($D75="SICRO",VLOOKUP($C75,#REF!,6,FALSE),IF($D75="SINAPI",IFERROR((VLOOKUP($C75,#REF!,5,FALSE)),"-"),"-"))))))),0) -> 0 | Y75: =IF(OR($D75="ANP",$D75="DAER",$D75="CONSULTORIA DNIT",$D75="PREGÃO ELETRÔNICO",$D75="DMLU",$D75="DMAE",$D75="CEEE",$D75="EPTC",$D75="ORSE",$D75="SEINFRA",$D75="CREA",$D75="CAU",$D75="CEHOP",$D75="SIURB",$D75="DER-PR",$D75="SUDECAP",$D75=#REF!,$D75=#REF!),VLOOKUP($C75,#REF!,8,FALSE),IF($D75="INDEXADO",VLOOKUP($C75,#REF!,18,FALSE),IF($D75="CCU",VLOOKUP($C75,#REF!,7,FALSE),IF($D75="MERCADO",VLOOKUP(PE_243_2026!$C75,#REF!,9,FALSE),IF($D75="PLEO",VLOOKUP($C75,#REF!,4,FALSE),IF($D75="SICRO",VLOOKUP($C75,#REF!,7,FALSE),IF($D75="SINAPI",IFERROR((VLOOKUP($C75,#REF!,6,FALSE)),(VLOOKUP($C75,#REF!,27,FALSE))),"-"))))))) -> #REF! | Z75: 22.82 | AA75: =M75-Z75 -> 0 | AB75: =M75*G75 -> 0 | AC75: =AA75*G75 -> 0
B76: 3.39 | C76: CCU-58 | D76: CCU | E76: ELETRODUTO FLEXÍVEL CORRUGADO, PEAD, DN 6", PARA REDE ENTERRADA DE DISTRIBUIÇÃO DE ENERGIA ELÉTRICA - FORNECIMENTO E INSTALAÇÃO | F76: M | I76: 13.1925 | J76: 52.605 | K76: =I76+J76 -> 65.7975 | L76: 0.2519 | M76: =IFERROR(IF(L76="-",(ROUND(K76,2)),(ROUND(K76*(1+L76),2))),"-") -> 82.37 | O76: =IF(AND($H76=0,$J76=0),$Q76,IF(I76=0,0,IF($L76<>"-",IFERROR(TRUNC(TRUNC((I76*(1+$L76)),2)*$G76,2),0),IFERROR(TRUNC(I76*$G76,2),0)))) -> 0 | P76: =IF(J76=0,0,Q76-O76-N76) -> 0 | Q76: =IFERROR(ROUND(ROUND(M76,2)*ROUND(G76,2),2),0) -> 0 | T76: =B76 -> 3.39 | U76: =IF(J76=0,Q76-O76) -> FALSE | X76: =IFERROR(IF(OR($D76="ANP",$D76="DAER",$D76="CONSULTORIA DNIT",$D76="PREGÃO ELETRÔNICO",$D76="DMLU",$D76="DMAE",$D76="CEEE",$D76="EPTC",$D76="ORSE",$D76="SEINFRA",$D76="CREA",$D76="CAU",$D76="CEHOP",$D76="SIURB",$D76="DER-PR",$D76="SUDECAP",$D76=#REF!,$D76=#REF!),VLOOKUP($C76,#REF!,7,FALSE),IF($D76="INDEXADO",VLOOKUP($C76,#REF!,17,FALSE),IF($D76="CCU",VLOOKUP($C76,#REF!,6,FALSE),IF($D76="MERCADO",VLOOKUP(PE_243_2026!$C76,#REF!,8,FALSE),IF($D76="PLEO",VLOOKUP($C76,#REF!,4,FALSE),IF($D76="SICRO",VLOOKUP($C76,#REF!,6,FALSE),IF($D76="SINAPI",IFERROR((VLOOKUP($C76,#REF!,5,FALSE)),"-"),"-"))))))),0) -> 0 | Y76: =IF(OR($D76="ANP",$D76="DAER",$D76="CONSULTORIA DNIT",$D76="PREGÃO ELETRÔNICO",$D76="DMLU",$D76="DMAE",$D76="CEEE",$D76="EPTC",$D76="ORSE",$D76="SEINFRA",$D76="CREA",$D76="CAU",$D76="CEHOP",$D76="SIURB",$D76="DER-PR",$D76="SUDECAP",$D76=#REF!,$D76=#REF!),VLOOKUP($C76,#REF!,8,FALSE),IF($D76="INDEXADO",VLOOKUP($C76,#REF!,18,FALSE),IF($D76="CCU",VLOOKUP($C76,#REF!,7,FALSE),IF($D76="MERCADO",VLOOKUP(PE_243_2026!$C76,#REF!,9,FALSE),IF($D76="PLEO",VLOOKUP($C76,#REF!,4,FALSE),IF($D76="SICRO",VLOOKUP($C76,#REF!,7,FALSE),IF($D76="SINAPI",IFERROR((VLOOKUP($C76,#REF!,6,FALSE)),(VLOOKUP($C76,#REF!,27,FALSE))),"-"))))))) -> #REF! | Z76: 82.37 | AA76: =M76-Z76 -> 0 | AB76: =M76*G76 -> 0 | AC76: =AA76*G76 -> 0
B77: 3.40 | C77: 103491 | D77: SINAPI | E77: CONCRETAGEM COMO PROTEÇÃO MECÂNICA ADICIONAL NO REATERRO PARA REDE ENTERRADA DE DISTRIBUIÇÃO DE ENERGIA ELÉTRICA - FORNECIMENTO E INSTALAÇÃO. AF_12/2021 | F77: M3 | I77: 237.0525 | J77: 254.8575 | K77: =I77+J77 -> 491.91 | L77: 0.2519 | M77: =IFERROR(IF(L77="-",(ROUND(K77,2)),(ROUND(K77*(1+L77),2))),"-") -> 615.82 | O77: =IF(AND($H77=0,$J77=0),$Q77,IF(I77=0,0,IF($L77<>"-",IFERROR(TRUNC(TRUNC((I77*(1+$L77)),2)*$G77,2),0),IFERROR(TRUNC(I77*$G77,2),0)))) -> 0 | P77: =IF(J77=0,0,Q77-O77-N77) -> 0 | Q77: =IFERROR(ROUND(ROUND(M77,2)*ROUND(G77,2),2),0) -> 0 | T77: =B77 -> 3.40 | U77: =IF(J77=0,Q77-O77) -> FALSE | X77: =IFERROR(IF(OR($D77="ANP",$D77="DAER",$D77="CONSULTORIA DNIT",$D77="PREGÃO ELETRÔNICO",$D77="DMLU",$D77="DMAE",$D77="CEEE",$D77="EPTC",$D77="ORSE",$D77="SEINFRA",$D77="CREA",$D77="CAU",$D77="CEHOP",$D77="SIURB",$D77="DER-PR",$D77="SUDECAP",$D77=#REF!,$D77=#REF!),VLOOKUP($C77,#REF!,7,FALSE),IF($D77="INDEXADO",VLOOKUP($C77,#REF!,17,FALSE),IF($D77="CCU",VLOOKUP($C77,#REF!,6,FALSE),IF($D77="MERCADO",VLOOKUP(PE_243_2026!$C77,#REF!,8,FALSE),IF($D77="PLEO",VLOOKUP($C77,#REF!,4,FALSE),IF($D77="SICRO",VLOOKUP($C77,#REF!,6,FALSE),IF($D77="SINAPI",IFERROR((VLOOKUP($C77,#REF!,5,FALSE)),"-"),"-"))))))),0) -> 0 | Y77: =IF(OR($D77="ANP",$D77="DAER",$D77="CONSULTORIA DNIT",$D77="PREGÃO ELETRÔNICO",$D77="DMLU",$D77="DMAE",$D77="CEEE",$D77="EPTC",$D77="ORSE",$D77="SEINFRA",$D77="CREA",$D77="CAU",$D77="CEHOP",$D77="SIURB",$D77="DER-PR",$D77="SUDECAP",$D77=#REF!,$D77=#REF!),VLOOKUP($C77,#REF!,8,FALSE),IF($D77="INDEXADO",VLOOKUP($C77,#REF!,18,FALSE),IF($D77="CCU",VLOOKUP($C77,#REF!,7,FALSE),IF($D77="MERCADO",VLOOKUP(PE_243_2026!$C77,#REF!,9,FALSE),IF($D77="PLEO",VLOOKUP($C77,#REF!,4,FALSE),IF($D77="SICRO",VLOOKUP($C77,#REF!,7,FALSE),IF($D77="SINAPI",IFERROR((VLOOKUP($C77,#REF!,6,FALSE)),(VLOOKUP($C77,#REF!,27,FALSE))),"-"))))))) -> #REF! | Z77: 615.83 | AA77: =M77-Z77 -> -0.01 | AB77: =M77*G77 -> 0 | AC77: =AA77*G77 -> 0
B78: 3.41 | C78: CCU-55 | D78: CCU | E78: FITA DE SINALIZAÇÃO SUBTERRÂNEA PARA REDE ENTERRADA DE DISTRIBUIÇÃO DE ENERGIA ELÉTRICA - FORNECIMENTO E INSTALAÇÃO | F78: M | I78: 0.18 | J78: 0.855 | K78: =I78+J78 -> 1.035 | L78: 0.2519 | M78: =IFERROR(IF(L78="-",(ROUND(K78,2)),(ROUND(K78*(1+L78),2))),"-") -> 1.3 | O78: =IF(AND($H78=0,$J78=0),$Q78,IF(I78=0,0,IF($L78<>"-",IFERROR(TRUNC(TRUNC((I78*(1+$L78)),2)*$G78,2),0),IFERROR(TRUNC(I78*$G78,2),0)))) -> 0 | P78: =IF(J78=0,0,Q78-O78-N78) -> 0 | Q78: =IFERROR(ROUND(ROUND(M78,2)*ROUND(G78,2),2),0) -> 0 | T78: =B78 -> 3.41 | U78: =IF(J78=0,Q78-O78) -> FALSE | X78: =IFERROR(IF(OR($D78="ANP",$D78="DAER",$D78="CONSULTORIA DNIT",$D78="PREGÃO ELETRÔNICO",$D78="DMLU",$D78="DMAE",$D78="CEEE",$D78="EPTC",$D78="ORSE",$D78="SEINFRA",$D78="CREA",$D78="CAU",$D78="CEHOP",$D78="SIURB",$D78="DER-PR",$D78="SUDECAP",$D78=#REF!,$D78=#REF!),VLOOKUP($C78,#REF!,7,FALSE),IF($D78="INDEXADO",VLOOKUP($C78,#REF!,17,FALSE),IF($D78="CCU",VLOOKUP($C78,#REF!,6,FALSE),IF($D78="MERCADO",VLOOKUP(PE_243_2026!$C78,#REF!,8,FALSE),IF($D78="PLEO",VLOOKUP($C78,#REF!,4,FALSE),IF($D78="SICRO",VLOOKUP($C78,#REF!,6,FALSE),IF($D78="SINAPI",IFERROR((VLOOKUP($C78,#REF!,5,FALSE)),"-"),"-"))))))),0) -> 0 | Y78: =IF(OR($D78="ANP",$D78="DAER",$D78="CONSULTORIA DNIT",$D78="PREGÃO ELETRÔNICO",$D78="DMLU",$D78="DMAE",$D78="CEEE",$D78="EPTC",$D78="ORSE",$D78="SEINFRA",$D78="CREA",$D78="CAU",$D78="CEHOP",$D78="SIURB",$D78="DER-PR",$D78="SUDECAP",$D78=#REF!,$D78=#REF!),VLOOKUP($C78,#REF!,8,FALSE),IF($D78="INDEXADO",VLOOKUP($C78,#REF!,18,FALSE),IF($D78="CCU",VLOOKUP($C78,#REF!,7,FALSE),IF($D78="MERCADO",VLOOKUP(PE_243_2026!$C78,#REF!,9,FALSE),IF($D78="PLEO",VLOOKUP($C78,#REF!,4,FALSE),IF($D78="SICRO",VLOOKUP($C78,#REF!,7,FALSE),IF($D78="SINAPI",IFERROR((VLOOKUP($C78,#REF!,6,FALSE)),(VLOOKUP($C78,#REF!,27,FALSE))),"-"))))))) -> #REF! | Z78: 1.3 | AA78: =M78-Z78 -> 0 | AB78: =M78*G78 -> 0 | AC78: =AA78*G78 -> 0
B79: 3.42 | C79: CCU-54 | D79: CCU | E79: LANÇAMENTO E ESTICAMENTO DE CABO EM REDE DE MÉDIA TENSÃO | F79: M | I79: 3.12 | J79: 0 | K79: =I79+J79 -> 3.12 | L79: 0.2519 | M79: =IFERROR(IF(L79="-",(ROUND(K79,2)),(ROUND(K79*(1+L79),2))),"-") -> 3.91 | O79: =IF(AND($H79=0,$J79=0),$Q79,IF(I79=0,0,IF($L79<>"-",IFERROR(TRUNC(TRUNC((I79*(1+$L79)),2)*$G79,2),0),IFERROR(TRUNC(I79*$G79,2),0)))) -> 0 | P79: =IF(J79=0,0,Q79-O79-N79) -> 0 | Q79: =IFERROR(ROUND(ROUND(M79,2)*ROUND(G79,2),2),0) -> 0 | T79: =B79 -> 3.42 | U79: =IF(J79=0,Q79-O79) -> 0 | X79: =IFERROR(IF(OR($D79="ANP",$D79="DAER",$D79="CONSULTORIA DNIT",$D79="PREGÃO ELETRÔNICO",$D79="DMLU",$D79="DMAE",$D79="CEEE",$D79="EPTC",$D79="ORSE",$D79="SEINFRA",$D79="CREA",$D79="CAU",$D79="CEHOP",$D79="SIURB",$D79="DER-PR",$D79="SUDECAP",$D79=#REF!,$D79=#REF!),VLOOKUP($C79,#REF!,7,FALSE),IF($D79="INDEXADO",VLOOKUP($C79,#REF!,17,FALSE),IF($D79="CCU",VLOOKUP($C79,#REF!,6,FALSE),IF($D79="MERCADO",VLOOKUP(PE_243_2026!$C79,#REF!,8,FALSE),IF($D79="PLEO",VLOOKUP($C79,#REF!,4,FALSE),IF($D79="SICRO",VLOOKUP($C79,#REF!,6,FALSE),IF($D79="SINAPI",IFERROR((VLOOKUP($C79,#REF!,5,FALSE)),"-"),"-"))))))),0) -> 0 | Y79: =IF(OR($D79="ANP",$D79="DAER",$D79="CONSULTORIA DNIT",$D79="PREGÃO ELETRÔNICO",$D79="DMLU",$D79="DMAE",$D79="CEEE",$D79="EPTC",$D79="ORSE",$D79="SEINFRA",$D79="CREA",$D79="CAU",$D79="CEHOP",$D79="SIURB",$D79="DER-PR",$D79="SUDECAP",$D79=#REF!,$D79=#REF!),VLOOKUP($C79,#REF!,8,FALSE),IF($D79="INDEXADO",VLOOKUP($C79,#REF!,18,FALSE),IF($D79="CCU",VLOOKUP($C79,#REF!,7,FALSE),IF($D79="MERCADO",VLOOKUP(PE_243_2026!$C79,#REF!,9,FALSE),IF($D79="PLEO",VLOOKUP($C79,#REF!,4,FALSE),IF($D79="SICRO",VLOOKUP($C79,#REF!,7,FALSE),IF($D79="SINAPI",IFERROR((VLOOKUP($C79,#REF!,6,FALSE)),(VLOOKUP($C79,#REF!,27,FALSE))),"-"))))))) -> #REF! | Z79: 3.92 | AA79: =M79-Z79 -> -0.01 | AB79: =M79*G79 -> 0 | AC79: =AA79*G79 -> 0
B80: 3.43 | C80: 92986 | D80: SINAPI | E80: CABO DE COBRE FLEXÍVEL ISOLADO, 35 MM², ANTI-CHAMA 0,6/1,0 KV, PARA REDE ENTERRADA DE DISTRIBUIÇÃO DE ENERGIA ELÉTRICA - FORNECIMENTO E INSTALAÇÃO. AF_12/2021 | F80: M | I80: 3.06 | J80: 29.325 | K80: =I80+J80 -> 32.385 | L80: 0.2519 | M80: =IFERROR(IF(L80="-",(ROUND(K80,2)),(ROUND(K80*(1+L80),2))),"-") -> 40.54 | O80: =IF(AND($H80=0,$J80=0),$Q80,IF(I80=0,0,IF($L80<>"-",IFERROR(TRUNC(TRUNC((I80*(1+$L80)),2)*$G80,2),0),IFERROR(TRUNC(I80*$G80,2),0)))) -> 0 | P80: =IF(J80=0,0,Q80-O80-N80) -> 0 | Q80: =IFERROR(ROUND(ROUND(M80,2)*ROUND(G80,2),2),0) -> 0 | T80: =B80 -> 3.43 | U80: =IF(J80=0,Q80-O80) -> FALSE | X80: =IFERROR(IF(OR($D80="ANP",$D80="DAER",$D80="CONSULTORIA DNIT",$D80="PREGÃO ELETRÔNICO",$D80="DMLU",$D80="DMAE",$D80="CEEE",$D80="EPTC",$D80="ORSE",$D80="SEINFRA",$D80="CREA",$D80="CAU",$D80="CEHOP",$D80="SIURB",$D80="DER-PR",$D80="SUDECAP",$D80=#REF!,$D80=#REF!),VLOOKUP($C80,#REF!,7,FALSE),IF($D80="INDEXADO",VLOOKUP($C80,#REF!,17,FALSE),IF($D80="CCU",VLOOKUP($C80,#REF!,6,FALSE),IF($D80="MERCADO",VLOOKUP(PE_243_2026!$C80,#REF!,8,FALSE),IF($D80="PLEO",VLOOKUP($C80,#REF!,4,FALSE),IF($D80="SICRO",VLOOKUP($C80,#REF!,6,FALSE),IF($D80="SINAPI",IFERROR((VLOOKUP($C80,#REF!,5,FALSE)),"-"),"-"))))))),0) -> 0 | Y80: =IF(OR($D80="ANP",$D80="DAER",$D80="CONSULTORIA DNIT",$D80="PREGÃO ELETRÔNICO",$D80="DMLU",$D80="DMAE",$D80="CEEE",$D80="EPTC",$D80="ORSE",$D80="SEINFRA",$D80="CREA",$D80="CAU",$D80="CEHOP",$D80="SIURB",$D80="DER-PR",$D80="SUDECAP",$D80=#REF!,$D80=#REF!),VLOOKUP($C80,#REF!,8,FALSE),IF($D80="INDEXADO",VLOOKUP($C80,#REF!,18,FALSE),IF($D80="CCU",VLOOKUP($C80,#REF!,7,FALSE),IF($D80="MERCADO",VLOOKUP(PE_243_2026!$C80,#REF!,9,FALSE),IF($D80="PLEO",VLOOKUP($C80,#REF!,4,FALSE),IF($D80="SICRO",VLOOKUP($C80,#REF!,7,FALSE),IF($D80="SINAPI",IFERROR((VLOOKUP($C80,#REF!,6,FALSE)),(VLOOKUP($C80,#REF!,27,FALSE))),"-"))))))) -> #REF! | Z80: 40.55 | AA80: =M80-Z80 -> -0.01 | AB80: =M80*G80 -> 0 | AC80: =AA80*G80 -> 0
B81: 3.44 | C81: 92988 | D81: SINAPI | E81: CABO DE COBRE FLEXÍVEL ISOLADO, 50 MM², ANTI-CHAMA 0,6/1,0 KV, PARA REDE ENTERRADA DE DISTRIBUIÇÃO DE ENERGIA ELÉTRICA - FORNECIMENTO E INSTALAÇÃO. AF_12/2021 | F81: M | I81: 3.645 | J81: 43.35 | K81: =I81+J81 -> 46.995 | L81: 0.2519 | M81: =IFERROR(IF(L81="-",(ROUND(K81,2)),(ROUND(K81*(1+L81),2))),"-") -> 58.83 | O81: =IF(AND($H81=0,$J81=0),$Q81,IF(I81=0,0,IF($L81<>"-",IFERROR(TRUNC(TRUNC((I81*(1+$L81)),2)*$G81,2),0),IFERROR(TRUNC(I81*$G81,2),0)))) -> 0 | P81: =IF(J81=0,0,Q81-O81-N81) -> 0 | Q81: =IFERROR(ROUND(ROUND(M81,2)*ROUND(G81,2),2),0) -> 0 | T81: =B81 -> 3.44 | U81: =IF(J81=0,Q81-O81) -> FALSE | X81: =IFERROR(IF(OR($D81="ANP",$D81="DAER",$D81="CONSULTORIA DNIT",$D81="PREGÃO ELETRÔNICO",$D81="DMLU",$D81="DMAE",$D81="CEEE",$D81="EPTC",$D81="ORSE",$D81="SEINFRA",$D81="CREA",$D81="CAU",$D81="CEHOP",$D81="SIURB",$D81="DER-PR",$D81="SUDECAP",$D81=#REF!,$D81=#REF!),VLOOKUP($C81,#REF!,7,FALSE),IF($D81="INDEXADO",VLOOKUP($C81,#REF!,17,FALSE),IF($D81="CCU",VLOOKUP($C81,#REF!,6,FALSE),IF($D81="MERCADO",VLOOKUP(PE_243_2026!$C81,#REF!,8,FALSE),IF($D81="PLEO",VLOOKUP($C81,#REF!,4,FALSE),IF($D81="SICRO",VLOOKUP($C81,#REF!,6,FALSE),IF($D81="SINAPI",IFERROR((VLOOKUP($C81,#REF!,5,FALSE)),"-"),"-"))))))),0) -> 0 | Y81: =IF(OR($D81="ANP",$D81="DAER",$D81="CONSULTORIA DNIT",$D81="PREGÃO ELETRÔNICO",$D81="DMLU",$D81="DMAE",$D81="CEEE",$D81="EPTC",$D81="ORSE",$D81="SEINFRA",$D81="CREA",$D81="CAU",$D81="CEHOP",$D81="SIURB",$D81="DER-PR",$D81="SUDECAP",$D81=#REF!,$D81=#REF!),VLOOKUP($C81,#REF!,8,FALSE),IF($D81="INDEXADO",VLOOKUP($C81,#REF!,18,FALSE),IF($D81="CCU",VLOOKUP($C81,#REF!,7,FALSE),IF($D81="MERCADO",VLOOKUP(PE_243_2026!$C81,#REF!,9,FALSE),IF($D81="PLEO",VLOOKUP($C81,#REF!,4,FALSE),IF($D81="SICRO",VLOOKUP($C81,#REF!,7,FALSE),IF($D81="SINAPI",IFERROR((VLOOKUP($C81,#REF!,6,FALSE)),(VLOOKUP($C81,#REF!,27,FALSE))),"-"))))))) -> #REF! | Z81: 58.83 | AA81: =M81-Z81 -> 0 | AB81: =M81*G81 -> 0 | AC81: =AA81*G81 -> 0
B82: 3.45 | C82: 92990 | D82: SINAPI | E82: CABO DE COBRE FLEXÍVEL ISOLADO, 70 MM², ANTI-CHAMA 0,6/1,0 KV, PARA REDE ENTERRADA DE DISTRIBUIÇÃO DE ENERGIA ELÉTRICA - FORNECIMENTO E INSTALAÇÃO. AF_12/2021 | F82: M | I82: 4.425 | J82: 60.63 | K82: =I82+J82 -> 65.055 | L82: 0.2519 | M82: =IFERROR(IF(L82="-",(ROUND(K82,2)),(ROUND(K82*(1+L82),2))),"-") -> 81.44 | O82: =IF(AND($H82=0,$J82=0),$Q82,IF(I82=0,0,IF($L82<>"-",IFERROR(TRUNC(TRUNC((I82*(1+$L82)),2)*$G82,2),0),IFERROR(TRUNC(I82*$G82,2),0)))) -> 0 | P82: =IF(J82=0,0,Q82-O82-N82) -> 0 | Q82: =IFERROR(ROUND(ROUND(M82,2)*ROUND(G82,2),2),0) -> 0 | T82: =B82 -> 3.45 | U82: =IF(J82=0,Q82-O82) -> FALSE | X82: =IFERROR(IF(OR($D82="ANP",$D82="DAER",$D82="CONSULTORIA DNIT",$D82="PREGÃO ELETRÔNICO",$D82="DMLU",$D82="DMAE",$D82="CEEE",$D82="EPTC",$D82="ORSE",$D82="SEINFRA",$D82="CREA",$D82="CAU",$D82="CEHOP",$D82="SIURB",$D82="DER-PR",$D82="SUDECAP",$D82=#REF!,$D82=#REF!),VLOOKUP($C82,#REF!,7,FALSE),IF($D82="INDEXADO",VLOOKUP($C82,#REF!,17,FALSE),IF($D82="CCU",VLOOKUP($C82,#REF!,6,FALSE),IF($D82="MERCADO",VLOOKUP(PE_243_2026!$C82,#REF!,8,FALSE),IF($D82="PLEO",VLOOKUP($C82,#REF!,4,FALSE),IF($D82="SICRO",VLOOKUP($C82,#REF!,6,FALSE),IF($D82="SINAPI",IFERROR((VLOOKUP($C82,#REF!,5,FALSE)),"-"),"-"))))))),0) -> 0 | Y82: =IF(OR($D82="ANP",$D82="DAER",$D82="CONSULTORIA DNIT",$D82="PREGÃO ELETRÔNICO",$D82="DMLU",$D82="DMAE",$D82="CEEE",$D82="EPTC",$D82="ORSE",$D82="SEINFRA",$D82="CREA",$D82="CAU",$D82="CEHOP",$D82="SIURB",$D82="DER-PR",$D82="SUDECAP",$D82=#REF!,$D82=#REF!),VLOOKUP($C82,#REF!,8,FALSE),IF($D82="INDEXADO",VLOOKUP($C82,#REF!,18,FALSE),IF($D82="CCU",VLOOKUP($C82,#REF!,7,FALSE),IF($D82="MERCADO",VLOOKUP(PE_243_2026!$C82,#REF!,9,FALSE),IF($D82="PLEO",VLOOKUP($C82,#REF!,4,FALSE),IF($D82="SICRO",VLOOKUP($C82,#REF!,7,FALSE),IF($D82="SINAPI",IFERROR((VLOOKUP($C82,#REF!,6,FALSE)),(VLOOKUP($C82,#REF!,27,FALSE))),"-"))))))) -> #REF! | Z82: 81.44 | AA82: =M82-Z82 -> 0 | AB82: =M82*G82 -> 0 | AC82: =AA82*G82 -> 0
B83: 3.46 | C83: 92994 | D83: SINAPI | E83: CABO DE COBRE FLEXÍVEL ISOLADO, 120 MM², ANTI-CHAMA 0,6/1,0 KV, PARA REDE ENTERRADA DE DISTRIBUIÇÃO DE ENERGIA ELÉTRICA - FORNECIMENTO E INSTALAÇÃO. AF_12/2021 | F83: M | I83: 6.375 | J83: 102.915 | K83: =I83+J83 -> 109.29 | L83: 0.2519 | M83: =IFERROR(IF(L83="-",(ROUND(K83,2)),(ROUND(K83*(1+L83),2))),"-") -> 136.82 | O83: =IF(AND($H83=0,$J83=0),$Q83,IF(I83=0,0,IF($L83<>"-",IFERROR(TRUNC(TRUNC((I83*(1+$L83)),2)*$G83,2),0),IFERROR(TRUNC(I83*$G83,2),0)))) -> 0 | P83: =IF(J83=0,0,Q83-O83-N83) -> 0 | Q83: =IFERROR(ROUND(ROUND(M83,2)*ROUND(G83,2),2),0) -> 0 | T83: =B83 -> 3.46 | U83: =IF(J83=0,Q83-O83) -> FALSE | X83: =IFERROR(IF(OR($D83="ANP",$D83="DAER",$D83="CONSULTORIA DNIT",$D83="PREGÃO ELETRÔNICO",$D83="DMLU",$D83="DMAE",$D83="CEEE",$D83="EPTC",$D83="ORSE",$D83="SEINFRA",$D83="CREA",$D83="CAU",$D83="CEHOP",$D83="SIURB",$D83="DER-PR",$D83="SUDECAP",$D83=#REF!,$D83=#REF!),VLOOKUP($C83,#REF!,7,FALSE),IF($D83="INDEXADO",VLOOKUP($C83,#REF!,17,FALSE),IF($D83="CCU",VLOOKUP($C83,#REF!,6,FALSE),IF($D83="MERCADO",VLOOKUP(PE_243_2026!$C83,#REF!,8,FALSE),IF($D83="PLEO",VLOOKUP($C83,#REF!,4,FALSE),IF($D83="SICRO",VLOOKUP($C83,#REF!,6,FALSE),IF($D83="SINAPI",IFERROR((VLOOKUP($C83,#REF!,5,FALSE)),"-"),"-"))))))),0) -> 0 | Y83: =IF(OR($D83="ANP",$D83="DAER",$D83="CONSULTORIA DNIT",$D83="PREGÃO ELETRÔNICO",$D83="DMLU",$D83="DMAE",$D83="CEEE",$D83="EPTC",$D83="ORSE",$D83="SEINFRA",$D83="CREA",$D83="CAU",$D83="CEHOP",$D83="SIURB",$D83="DER-PR",$D83="SUDECAP",$D83=#REF!,$D83=#REF!),VLOOKUP($C83,#REF!,8,FALSE),IF($D83="INDEXADO",VLOOKUP($C83,#REF!,18,FALSE),IF($D83="CCU",VLOOKUP($C83,#REF!,7,FALSE),IF($D83="MERCADO",VLOOKUP(PE_243_2026!$C83,#REF!,9,FALSE),IF($D83="PLEO",VLOOKUP($C83,#REF!,4,FALSE),IF($D83="SICRO",VLOOKUP($C83,#REF!,7,FALSE),IF($D83="SINAPI",IFERROR((VLOOKUP($C83,#REF!,6,FALSE)),(VLOOKUP($C83,#REF!,27,FALSE))),"-"))))))) -> #REF! | Z83: 136.82 | AA83: =M83-Z83 -> 0 | AB83: =M83*G83 -> 0 | AC83: =AA83*G83 -> 0
B84: 3.47 | C84: 92996 | D84: SINAPI | E84: CABO DE COBRE FLEXÍVEL ISOLADO, 150 MM², ANTI-CHAMA 0,6/1,0 KV, PARA REDE ENTERRADA DE DISTRIBUIÇÃO DE ENERGIA ELÉTRICA - FORNECIMENTO E INSTALAÇÃO. AF_12/2021 | F84: M | I84: 7.5375 | J84: 124.68 | K84: =I84+J84 -> 132.2175 | L84: 0.2519 | M84: =IFERROR(IF(L84="-",(ROUND(K84,2)),(ROUND(K84*(1+L84),2))),"-") -> 165.52 | O84: =IF(AND($H84=0,$J84=0),$Q84,IF(I84=0,0,IF($L84<>"-",IFERROR(TRUNC(TRUNC((I84*(1+$L84)),2)*$G84,2),0),IFERROR(TRUNC(I84*$G84,2),0)))) -> 0 | P84: =IF(J84=0,0,Q84-O84-N84) -> 0 | Q84: =IFERROR(ROUND(ROUND(M84,2)*ROUND(G84,2),2),0) -> 0 | T84: =B84 -> 3.47 | U84: =IF(J84=0,Q84-O84) -> FALSE | X84: =IFERROR(IF(OR($D84="ANP",$D84="DAER",$D84="CONSULTORIA DNIT",$D84="PREGÃO ELETRÔNICO",$D84="DMLU",$D84="DMAE",$D84="CEEE",$D84="EPTC",$D84="ORSE",$D84="SEINFRA",$D84="CREA",$D84="CAU",$D84="CEHOP",$D84="SIURB",$D84="DER-PR",$D84="SUDECAP",$D84=#REF!,$D84=#REF!),VLOOKUP($C84,#REF!,7,FALSE),IF($D84="INDEXADO",VLOOKUP($C84,#REF!,17,FALSE),IF($D84="CCU",VLOOKUP($C84,#REF!,6,FALSE),IF($D84="MERCADO",VLOOKUP(PE_243_2026!$C84,#REF!,8,FALSE),IF($D84="PLEO",VLOOKUP($C84,#REF!,4,FALSE),IF($D84="SICRO",VLOOKUP($C84,#REF!,6,FALSE),IF($D84="SINAPI",IFERROR((VLOOKUP($C84,#REF!,5,FALSE)),"-"),"-"))))))),0) -> 0 | Y84: =IF(OR($D84="ANP",$D84="DAER",$D84="CONSULTORIA DNIT",$D84="PREGÃO ELETRÔNICO",$D84="DMLU",$D84="DMAE",$D84="CEEE",$D84="EPTC",$D84="ORSE",$D84="SEINFRA",$D84="CREA",$D84="CAU",$D84="CEHOP",$D84="SIURB",$D84="DER-PR",$D84="SUDECAP",$D84=#REF!,$D84=#REF!),VLOOKUP($C84,#REF!,8,FALSE),IF($D84="INDEXADO",VLOOKUP($C84,#REF!,18,FALSE),IF($D84="CCU",VLOOKUP($C84,#REF!,7,FALSE),IF($D84="MERCADO",VLOOKUP(PE_243_2026!$C84,#REF!,9,FALSE),IF($D84="PLEO",VLOOKUP($C84,#REF!,4,FALSE),IF($D84="SICRO",VLOOKUP($C84,#REF!,7,FALSE),IF($D84="SINAPI",IFERROR((VLOOKUP($C84,#REF!,6,FALSE)),(VLOOKUP($C84,#REF!,27,FALSE))),"-"))))))) -> #REF! | Z84: 165.53 | AA84: =M84-Z84 -> -0.01 | AB84: =M84*G84 -> 0 | AC84: =AA84*G84 -> 0
B85: 3.48 | C85: CCU-09 | D85: CCU | E85: CABO DE COBRE FLEXÍVEL ISOLADO, 185 MM², 0,6/1,0 KV, PARA REDE DE DISTRIBUIÇÃO DE ENERGIA ELÉTRICA DE BAIXA TENSÃO - FORNECIMENTO E INSTALAÇÃO | F85: M | I85: 8.9025 | J85: 153.1425 | K85: =I85+J85 -> 162.045 | L85: 0.2519 | M85: =IFERROR(IF(L85="-",(ROUND(K85,2)),(ROUND(K85*(1+L85),2))),"-") -> 202.86 | O85: =IF(AND($H85=0,$J85=0),$Q85,IF(I85=0,0,IF($L85<>"-",IFERROR(TRUNC(TRUNC((I85*(1+$L85)),2)*$G85,2),0),IFERROR(TRUNC(I85*$G85,2),0)))) -> 0 | P85: =IF(J85=0,0,Q85-O85-N85) -> 0 | Q85: =IFERROR(ROUND(ROUND(M85,2)*ROUND(G85,2),2),0) -> 0 | T85: =B85 -> 3.48 | U85: =IF(J85=0,Q85-O85) -> FALSE | X85: =IFERROR(IF(OR($D85="ANP",$D85="DAER",$D85="CONSULTORIA DNIT",$D85="PREGÃO ELETRÔNICO",$D85="DMLU",$D85="DMAE",$D85="CEEE",$D85="EPTC",$D85="ORSE",$D85="SEINFRA",$D85="CREA",$D85="CAU",$D85="CEHOP",$D85="SIURB",$D85="DER-PR",$D85="SUDECAP",$D85=#REF!,$D85=#REF!),VLOOKUP($C85,#REF!,7,FALSE),IF($D85="INDEXADO",VLOOKUP($C85,#REF!,17,FALSE),IF($D85="CCU",VLOOKUP($C85,#REF!,6,FALSE),IF($D85="MERCADO",VLOOKUP(PE_243_2026!$C85,#REF!,8,FALSE),IF($D85="PLEO",VLOOKUP($C85,#REF!,4,FALSE),IF($D85="SICRO",VLOOKUP($C85,#REF!,6,FALSE),IF($D85="SINAPI",IFERROR((VLOOKUP($C85,#REF!,5,FALSE)),"-"),"-"))))))),0) -> 0 | Y85: =IF(OR($D85="ANP",$D85="DAER",$D85="CONSULTORIA DNIT",$D85="PREGÃO ELETRÔNICO",$D85="DMLU",$D85="DMAE",$D85="CEEE",$D85="EPTC",$D85="ORSE",$D85="SEINFRA",$D85="CREA",$D85="CAU",$D85="CEHOP",$D85="SIURB",$D85="DER-PR",$D85="SUDECAP",$D85=#REF!,$D85=#REF!),VLOOKUP($C85,#REF!,8,FALSE),IF($D85="INDEXADO",VLOOKUP($C85,#REF!,18,FALSE),IF($D85="CCU",VLOOKUP($C85,#REF!,7,FALSE),IF($D85="MERCADO",VLOOKUP(PE_243_2026!$C85,#REF!,9,FALSE),IF($D85="PLEO",VLOOKUP($C85,#REF!,4,FALSE),IF($D85="SICRO",VLOOKUP($C85,#REF!,7,FALSE),IF($D85="SINAPI",IFERROR((VLOOKUP($C85,#REF!,6,FALSE)),(VLOOKUP($C85,#REF!,27,FALSE))),"-"))))))) -> #REF! | Z85: 202.87 | AA85: =M85-Z85 -> -0.01 | AB85: =M85*G85 -> 0 | AC85: =AA85*G85 -> 0
B86: 3.49 | C86: 101563 | D86: SINAPI | E86: CABO DE COBRE FLEXÍVEL ISOLADO, 35 MM², 0,6/1,0 KV, PARA REDE AÉREA DE DISTRIBUIÇÃO DE ENERGIA ELÉTRICA DE BAIXA TENSÃO - FORNECIMENTO E INSTALAÇÃO. AF_12/2025 | F86: M | I86: 0.0675 | J86: 30.015 | K86: =I86+J86 -> 30.0825 | L86: 0.2519 | M86: =IFERROR(IF(L86="-",(ROUND(K86,2)),(ROUND(K86*(1+L86),2))),"-") -> 37.66 | O86: =IF(AND($H86=0,$J86=0),$Q86,IF(I86=0,0,IF($L86<>"-",IFERROR(TRUNC(TRUNC((I86*(1+$L86)),2)*$G86,2),0),IFERROR(TRUNC(I86*$G86,2),0)))) -> 0 | P86: =IF(J86=0,0,Q86-O86-N86) -> 0 | Q86: =IFERROR(ROUND(ROUND(M86,2)*ROUND(G86,2),2),0) -> 0 | T86: =B86 -> 3.49 | U86: =IF(J86=0,Q86-O86) -> FALSE | X86: =IFERROR(IF(OR($D86="ANP",$D86="DAER",$D86="CONSULTORIA DNIT",$D86="PREGÃO ELETRÔNICO",$D86="DMLU",$D86="DMAE",$D86="CEEE",$D86="EPTC",$D86="ORSE",$D86="SEINFRA",$D86="CREA",$D86="CAU",$D86="CEHOP",$D86="SIURB",$D86="DER-PR",$D86="SUDECAP",$D86=#REF!,$D86=#REF!),VLOOKUP($C86,#REF!,7,FALSE),IF($D86="INDEXADO",VLOOKUP($C86,#REF!,17,FALSE),IF($D86="CCU",VLOOKUP($C86,#REF!,6,FALSE),IF($D86="MERCADO",VLOOKUP(PE_243_2026!$C86,#REF!,8,FALSE),IF($D86="PLEO",VLOOKUP($C86,#REF!,4,FALSE),IF($D86="SICRO",VLOOKUP($C86,#REF!,6,FALSE),IF($D86="SINAPI",IFERROR((VLOOKUP($C86,#REF!,5,FALSE)),"-"),"-"))))))),0) -> 0 | Y86: =IF(OR($D86="ANP",$D86="DAER",$D86="CONSULTORIA DNIT",$D86="PREGÃO ELETRÔNICO",$D86="DMLU",$D86="DMAE",$D86="CEEE",$D86="EPTC",$D86="ORSE",$D86="SEINFRA",$D86="CREA",$D86="CAU",$D86="CEHOP",$D86="SIURB",$D86="DER-PR",$D86="SUDECAP",$D86=#REF!,$D86=#REF!),VLOOKUP($C86,#REF!,8,FALSE),IF($D86="INDEXADO",VLOOKUP($C86,#REF!,18,FALSE),IF($D86="CCU",VLOOKUP($C86,#REF!,7,FALSE),IF($D86="MERCADO",VLOOKUP(PE_243_2026!$C86,#REF!,9,FALSE),IF($D86="PLEO",VLOOKUP($C86,#REF!,4,FALSE),IF($D86="SICRO",VLOOKUP($C86,#REF!,7,FALSE),IF($D86="SINAPI",IFERROR((VLOOKUP($C86,#REF!,6,FALSE)),(VLOOKUP($C86,#REF!,27,FALSE))),"-"))))))) -> #REF! | Z86: 37.66 | AA86: =M86-Z86 -> 0 | AB86: =M86*G86 -> 0 | AC86: =AA86*G86 -> 0
B87: 3.50 | C87: 101564 | D87: SINAPI | E87: CABO DE COBRE FLEXÍVEL ISOLADO, 50 MM², 0,6/1,0 KV, PARA REDE AÉREA DE DISTRIBUIÇÃO DE ENERGIA ELÉTRICA DE BAIXA TENSÃO - FORNECIMENTO E INSTALAÇÃO. AF_12/2025 | F87: M | I87: 0.0675 | J87: 44.385 | K87: =I87+J87 -> 44.4525 | L87: 0.2519 | M87: =IFERROR(IF(L87="-",(ROUND(K87,2)),(ROUND(K87*(1+L87),2))),"-") -> 55.65 | O87: =IF(AND($H87=0,$J87=0),$Q87,IF(I87=0,0,IF($L87<>"-",IFERROR(TRUNC(TRUNC((I87*(1+$L87)),2)*$G87,2),0),IFERROR(TRUNC(I87*$G87,2),0)))) -> 0 | P87: =IF(J87=0,0,Q87-O87-N87) -> 0 | Q87: =IFERROR(ROUND(ROUND(M87,2)*ROUND(G87,2),2),0) -> 0 | T87: =B87 -> 3.50 | U87: =IF(J87=0,Q87-O87) -> FALSE | X87: =IFERROR(IF(OR($D87="ANP",$D87="DAER",$D87="CONSULTORIA DNIT",$D87="PREGÃO ELETRÔNICO",$D87="DMLU",$D87="DMAE",$D87="CEEE",$D87="EPTC",$D87="ORSE",$D87="SEINFRA",$D87="CREA",$D87="CAU",$D87="CEHOP",$D87="SIURB",$D87="DER-PR",$D87="SUDECAP",$D87=#REF!,$D87=#REF!),VLOOKUP($C87,#REF!,7,FALSE),IF($D87="INDEXADO",VLOOKUP($C87,#REF!,17,FALSE),IF($D87="CCU",VLOOKUP($C87,#REF!,6,FALSE),IF($D87="MERCADO",VLOOKUP(PE_243_2026!$C87,#REF!,8,FALSE),IF($D87="PLEO",VLOOKUP($C87,#REF!,4,FALSE),IF($D87="SICRO",VLOOKUP($C87,#REF!,6,FALSE),IF($D87="SINAPI",IFERROR((VLOOKUP($C87,#REF!,5,FALSE)),"-"),"-"))))))),0) -> 0 | Y87: =IF(OR($D87="ANP",$D87="DAER",$D87="CONSULTORIA DNIT",$D87="PREGÃO ELETRÔNICO",$D87="DMLU",$D87="DMAE",$D87="CEEE",$D87="EPTC",$D87="ORSE",$D87="SEINFRA",$D87="CREA",$D87="CAU",$D87="CEHOP",$D87="SIURB",$D87="DER-PR",$D87="SUDECAP",$D87=#REF!,$D87=#REF!),VLOOKUP($C87,#REF!,8,FALSE),IF($D87="INDEXADO",VLOOKUP($C87,#REF!,18,FALSE),IF($D87="CCU",VLOOKUP($C87,#REF!,7,FALSE),IF($D87="MERCADO",VLOOKUP(PE_243_2026!$C87,#REF!,9,FALSE),IF($D87="PLEO",VLOOKUP($C87,#REF!,4,FALSE),IF($D87="SICRO",VLOOKUP($C87,#REF!,7,FALSE),IF($D87="SINAPI",IFERROR((VLOOKUP($C87,#REF!,6,FALSE)),(VLOOKUP($C87,#REF!,27,FALSE))),"-"))))))) -> #REF! | Z87: 55.65 | AA87: =M87-Z87 -> 0 | AB87: =M87*G87 -> 0 | AC87: =AA87*G87 -> 0
B88: 3.51 | C88: 101565 | D88: SINAPI | E88: CABO DE COBRE FLEXÍVEL ISOLADO, 70 MM², 0,6/1,0 KV, PARA REDE AÉREA DE DISTRIBUIÇÃO DE ENERGIA ELÉTRICA DE BAIXA TENSÃO - FORNECIMENTO E INSTALAÇÃO. AF_12/2025 | F88: M | I88: 0.0675 | J88: 62.0925 | K88: =I88+J88 -> 62.16 | L88: 0.2519 | M88: =IFERROR(IF(L88="-",(ROUND(K88,2)),(ROUND(K88*(1+L88),2))),"-") -> 77.82 | O88: =IF(AND($H88=0,$J88=0),$Q88,IF(I88=0,0,IF($L88<>"-",IFERROR(TRUNC(TRUNC((I88*(1+$L88)),2)*$G88,2),0),IFERROR(TRUNC(I88*$G88,2),0)))) -> 0 | P88: =IF(J88=0,0,Q88-O88-N88) -> 0 | Q88: =IFERROR(ROUND(ROUND(M88,2)*ROUND(G88,2),2),0) -> 0 | T88: =B88 -> 3.51 | U88: =IF(J88=0,Q88-O88) -> FALSE | X88: =IFERROR(IF(OR($D88="ANP",$D88="DAER",$D88="CONSULTORIA DNIT",$D88="PREGÃO ELETRÔNICO",$D88="DMLU",$D88="DMAE",$D88="CEEE",$D88="EPTC",$D88="ORSE",$D88="SEINFRA",$D88="CREA",$D88="CAU",$D88="CEHOP",$D88="SIURB",$D88="DER-PR",$D88="SUDECAP",$D88=#REF!,$D88=#REF!),VLOOKUP($C88,#REF!,7,FALSE),IF($D88="INDEXADO",VLOOKUP($C88,#REF!,17,FALSE),IF($D88="CCU",VLOOKUP($C88,#REF!,6,FALSE),IF($D88="MERCADO",VLOOKUP(PE_243_2026!$C88,#REF!,8,FALSE),IF($D88="PLEO",VLOOKUP($C88,#REF!,4,FALSE),IF($D88="SICRO",VLOOKUP($C88,#REF!,6,FALSE),IF($D88="SINAPI",IFERROR((VLOOKUP($C88,#REF!,5,FALSE)),"-"),"-"))))))),0) -> 0 | Y88: =IF(OR($D88="ANP",$D88="DAER",$D88="CONSULTORIA DNIT",$D88="PREGÃO ELETRÔNICO",$D88="DMLU",$D88="DMAE",$D88="CEEE",$D88="EPTC",$D88="ORSE",$D88="SEINFRA",$D88="CREA",$D88="CAU",$D88="CEHOP",$D88="SIURB",$D88="DER-PR",$D88="SUDECAP",$D88=#REF!,$D88=#REF!),VLOOKUP($C88,#REF!,8,FALSE),IF($D88="INDEXADO",VLOOKUP($C88,#REF!,18,FALSE),IF($D88="CCU",VLOOKUP($C88,#REF!,7,FALSE),IF($D88="MERCADO",VLOOKUP(PE_243_2026!$C88,#REF!,9,FALSE),IF($D88="PLEO",VLOOKUP($C88,#REF!,4,FALSE),IF($D88="SICRO",VLOOKUP($C88,#REF!,7,FALSE),IF($D88="SINAPI",IFERROR((VLOOKUP($C88,#REF!,6,FALSE)),(VLOOKUP($C88,#REF!,27,FALSE))),"-"))))))) -> #REF! | Z88: 77.82 | AA88: =M88-Z88 -> 0 | AB88: =M88*G88 -> 0 | AC88: =AA88*G88 -> 0
B89: 3.52 | C89: 101567 | D89: SINAPI | E89: CABO DE COBRE FLEXÍVEL ISOLADO, 95 MM², 0,6/1,0 KV, PARA REDE AÉREA DE DISTRIBUIÇÃO DE ENERGIA ELÉTRICA DE BAIXA TENSÃO - FORNECIMENTO E INSTALAÇÃO. AF_12/2025 | F89: M | I89: 0.075 | J89: 80.6175 | K89: =I89+J89 -> 80.6925 | L89: 0.2519 | M89: =IFERROR(IF(L89="-",(ROUND(K89,2)),(ROUND(K89*(1+L89),2))),"-") -> 101.02 | O89: =IF(AND($H89=0,$J89=0),$Q89,IF(I89=0,0,IF($L89<>"-",IFERROR(TRUNC(TRUNC((I89*(1+$L89)),2)*$G89,2),0),IFERROR(TRUNC(I89*$G89,2),0)))) -> 0 | P89: =IF(J89=0,0,Q89-O89-N89) -> 0 | Q89: =IFERROR(ROUND(ROUND(M89,2)*ROUND(G89,2),2),0) -> 0 | T89: =B89 -> 3.52 | U89: =IF(J89=0,Q89-O89) -> FALSE | X89: =IFERROR(IF(OR($D89="ANP",$D89="DAER",$D89="CONSULTORIA DNIT",$D89="PREGÃO ELETRÔNICO",$D89="DMLU",$D89="DMAE",$D89="CEEE",$D89="EPTC",$D89="ORSE",$D89="SEINFRA",$D89="CREA",$D89="CAU",$D89="CEHOP",$D89="SIURB",$D89="DER-PR",$D89="SUDECAP",$D89=#REF!,$D89=#REF!),VLOOKUP($C89,#REF!,7,FALSE),IF($D89="INDEXADO",VLOOKUP($C89,#REF!,17,FALSE),IF($D89="CCU",VLOOKUP($C89,#REF!,6,FALSE),IF($D89="MERCADO",VLOOKUP(PE_243_2026!$C89,#REF!,8,FALSE),IF($D89="PLEO",VLOOKUP($C89,#REF!,4,FALSE),IF($D89="SICRO",VLOOKUP($C89,#REF!,6,FALSE),IF($D89="SINAPI",IFERROR((VLOOKUP($C89,#REF!,5,FALSE)),"-"),"-"))))))),0) -> 0 | Y89: =IF(OR($D89="ANP",$D89="DAER",$D89="CONSULTORIA DNIT",$D89="PREGÃO ELETRÔNICO",$D89="DMLU",$D89="DMAE",$D89="CEEE",$D89="EPTC",$D89="ORSE",$D89="SEINFRA",$D89="CREA",$D89="CAU",$D89="CEHOP",$D89="SIURB",$D89="DER-PR",$D89="SUDECAP",$D89=#REF!,$D89=#REF!),VLOOKUP($C89,#REF!,8,FALSE),IF($D89="INDEXADO",VLOOKUP($C89,#REF!,18,FALSE),IF($D89="CCU",VLOOKUP($C89,#REF!,7,FALSE),IF($D89="MERCADO",VLOOKUP(PE_243_2026!$C89,#REF!,9,FALSE),IF($D89="PLEO",VLOOKUP($C89,#REF!,4,FALSE),IF($D89="SICRO",VLOOKUP($C89,#REF!,7,FALSE),IF($D89="SINAPI",IFERROR((VLOOKUP($C89,#REF!,6,FALSE)),(VLOOKUP($C89,#REF!,27,FALSE))),"-"))))))) -> #REF! | Z89: 101.02 | AA89: =M89-Z89 -> 0 | AB89: =M89*G89 -> 0 | AC89: =AA89*G89 -> 0
B90: 3.53 | C90: 101568 | D90: SINAPI | E90: CABO DE COBRE FLEXÍVEL ISOLADO, 120 MM², 0,6/1,0 KV, PARA REDE AÉREA DE DISTRIBUIÇÃO DE ENERGIA ELÉTRICA DE BAIXA TENSÃO - FORNECIMENTO E INSTALAÇÃO. AF_12/2025 | F90: M | I90: 0.075 | J90: 105.42 | K90: =I90+J90 -> 105.495 | L90: 0.2519 | M90: =IFERROR(IF(L90="-",(ROUND(K90,2)),(ROUND(K90*(1+L90),2))),"-") -> 132.07 | O90: =IF(AND($H90=0,$J90=0),$Q90,IF(I90=0,0,IF($L90<>"-",IFERROR(TRUNC(TRUNC((I90*(1+$L90)),2)*$G90,2),0),IFERROR(TRUNC(I90*$G90,2),0)))) -> 0 | P90: =IF(J90=0,0,Q90-O90-N90) -> 0 | Q90: =IFERROR(ROUND(ROUND(M90,2)*ROUND(G90,2),2),0) -> 0 | T90: =B90 -> 3.53 | U90: =IF(J90=0,Q90-O90) -> FALSE | X90: =IFERROR(IF(OR($D90="ANP",$D90="DAER",$D90="CONSULTORIA DNIT",$D90="PREGÃO ELETRÔNICO",$D90="DMLU",$D90="DMAE",$D90="CEEE",$D90="EPTC",$D90="ORSE",$D90="SEINFRA",$D90="CREA",$D90="CAU",$D90="CEHOP",$D90="SIURB",$D90="DER-PR",$D90="SUDECAP",$D90=#REF!,$D90=#REF!),VLOOKUP($C90,#REF!,7,FALSE),IF($D90="INDEXADO",VLOOKUP($C90,#REF!,17,FALSE),IF($D90="CCU",VLOOKUP($C90,#REF!,6,FALSE),IF($D90="MERCADO",VLOOKUP(PE_243_2026!$C90,#REF!,8,FALSE),IF($D90="PLEO",VLOOKUP($C90,#REF!,4,FALSE),IF($D90="SICRO",VLOOKUP($C90,#REF!,6,FALSE),IF($D90="SINAPI",IFERROR((VLOOKUP($C90,#REF!,5,FALSE)),"-"),"-"))))))),0) -> 0 | Y90: =IF(OR($D90="ANP",$D90="DAER",$D90="CONSULTORIA DNIT",$D90="PREGÃO ELETRÔNICO",$D90="DMLU",$D90="DMAE",$D90="CEEE",$D90="EPTC",$D90="ORSE",$D90="SEINFRA",$D90="CREA",$D90="CAU",$D90="CEHOP",$D90="SIURB",$D90="DER-PR",$D90="SUDECAP",$D90=#REF!,$D90=#REF!),VLOOKUP($C90,#REF!,8,FALSE),IF($D90="INDEXADO",VLOOKUP($C90,#REF!,18,FALSE),IF($D90="CCU",VLOOKUP($C90,#REF!,7,FALSE),IF($D90="MERCADO",VLOOKUP(PE_243_2026!$C90,#REF!,9,FALSE),IF($D90="PLEO",VLOOKUP($C90,#REF!,4,FALSE),IF($D90="SICRO",VLOOKUP($C90,#REF!,7,FALSE),IF($D90="SINAPI",IFERROR((VLOOKUP($C90,#REF!,6,FALSE)),(VLOOKUP($C90,#REF!,27,FALSE))),"-"))))))) -> #REF! | Z90: 132.07 | AA90: =M90-Z90 -> 0 | AB90: =M90*G90 -> 0 | AC90: =AA90*G90 -> 0
B91: 3.54 | C91: 91933 | D91: SINAPI | E91: CABO DE COBRE FLEXÍVEL ISOLADO, 10 MM², ANTI-CHAMA 0,6/1,0 KV, PARA CIRCUITOS TERMINAIS - FORNECIMENTO E INSTALAÇÃO. AF_03/2023 | F91: M | I91: 3.3375 | J91: 10.32 | K91: =I91+J91 -> 13.6575 | L91: 0.2519 | M91: =IFERROR(IF(L91="-",(ROUND(K91,2)),(ROUND(K91*(1+L91),2))),"-") -> 17.1 | O91: =IF(AND($H91=0,$J91=0),$Q91,IF(I91=0,0,IF($L91<>"-",IFERROR(TRUNC(TRUNC((I91*(1+$L91)),2)*$G91,2),0),IFERROR(TRUNC(I91*$G91,2),0)))) -> 0 | P91: =IF(J91=0,0,Q91-O91-N91) -> 0 | Q91: =IFERROR(ROUND(ROUND(M91,2)*ROUND(G91,2),2),0) -> 0 | T91: =B91 -> 3.54 | U91: =IF(J91=0,Q91-O91) -> FALSE | X91: =IFERROR(IF(OR($D91="ANP",$D91="DAER",$D91="CONSULTORIA DNIT",$D91="PREGÃO ELETRÔNICO",$D91="DMLU",$D91="DMAE",$D91="CEEE",$D91="EPTC",$D91="ORSE",$D91="SEINFRA",$D91="CREA",$D91="CAU",$D91="CEHOP",$D91="SIURB",$D91="DER-PR",$D91="SUDECAP",$D91=#REF!,$D91=#REF!),VLOOKUP($C91,#REF!,7,FALSE),IF($D91="INDEXADO",VLOOKUP($C91,#REF!,17,FALSE),IF($D91="CCU",VLOOKUP($C91,#REF!,6,FALSE),IF($D91="MERCADO",VLOOKUP(PE_243_2026!$C91,#REF!,8,FALSE),IF($D91="PLEO",VLOOKUP($C91,#REF!,4,FALSE),IF($D91="SICRO",VLOOKUP($C91,#REF!,6,FALSE),IF($D91="SINAPI",IFERROR((VLOOKUP($C91,#REF!,5,FALSE)),"-"),"-"))))))),0) -> 0 | Y91: =IF(OR($D91="ANP",$D91="DAER",$D91="CONSULTORIA DNIT",$D91="PREGÃO ELETRÔNICO",$D91="DMLU",$D91="DMAE",$D91="CEEE",$D91="EPTC",$D91="ORSE",$D91="SEINFRA",$D91="CREA",$D91="CAU",$D91="CEHOP",$D91="SIURB",$D91="DER-PR",$D91="SUDECAP",$D91=#REF!,$D91=#REF!),VLOOKUP($C91,#REF!,8,FALSE),IF($D91="INDEXADO",VLOOKUP($C91,#REF!,18,FALSE),IF($D91="CCU",VLOOKUP($C91,#REF!,7,FALSE),IF($D91="MERCADO",VLOOKUP(PE_243_2026!$C91,#REF!,9,FALSE),IF($D91="PLEO",VLOOKUP($C91,#REF!,4,FALSE),IF($D91="SICRO",VLOOKUP($C91,#REF!,7,FALSE),IF($D91="SINAPI",IFERROR((VLOOKUP($C91,#REF!,6,FALSE)),(VLOOKUP($C91,#REF!,27,FALSE))),"-"))))))) -> #REF! | Z91: 17.1 | AA91: =M91-Z91 -> 0 | AB91: =M91*G91 -> 0 | AC91: =AA91*G91 -> 0
B92: 3.55 | C92: 91935 | D92: SINAPI | E92: CABO DE COBRE FLEXÍVEL ISOLADO, 16 MM², ANTI-CHAMA 0,6/1,0 KV, PARA CIRCUITOS TERMINAIS - FORNECIMENTO E INSTALAÇÃO. AF_03/2023 | F92: M | I92: 5.01 | J92: 16.41 | K92: =I92+J92 -> 21.42 | L92: 0.2519 | M92: =IFERROR(IF(L92="-",(ROUND(K92,2)),(ROUND(K92*(1+L92),2))),"-") -> 26.82 | O92: =IF(AND($H92=0,$J92=0),$Q92,IF(I92=0,0,IF($L92<>"-",IFERROR(TRUNC(TRUNC((I92*(1+$L92)),2)*$G92,2),0),IFERROR(TRUNC(I92*$G92,2),0)))) -> 0 | P92: =IF(J92=0,0,Q92-O92-N92) -> 0 | Q92: =IFERROR(ROUND(ROUND(M92,2)*ROUND(G92,2),2),0) -> 0 | T92: =B92 -> 3.55 | U92: =IF(J92=0,Q92-O92) -> FALSE | X92: =IFERROR(IF(OR($D92="ANP",$D92="DAER",$D92="CONSULTORIA DNIT",$D92="PREGÃO ELETRÔNICO",$D92="DMLU",$D92="DMAE",$D92="CEEE",$D92="EPTC",$D92="ORSE",$D92="SEINFRA",$D92="CREA",$D92="CAU",$D92="CEHOP",$D92="SIURB",$D92="DER-PR",$D92="SUDECAP",$D92=#REF!,$D92=#REF!),VLOOKUP($C92,#REF!,7,FALSE),IF($D92="INDEXADO",VLOOKUP($C92,#REF!,17,FALSE),IF($D92="CCU",VLOOKUP($C92,#REF!,6,FALSE),IF($D92="MERCADO",VLOOKUP(PE_243_2026!$C92,#REF!,8,FALSE),IF($D92="PLEO",VLOOKUP($C92,#REF!,4,FALSE),IF($D92="SICRO",VLOOKUP($C92,#REF!,6,FALSE),IF($D92="SINAPI",IFERROR((VLOOKUP($C92,#REF!,5,FALSE)),"-"),"-"))))))),0) -> 0 | Y92: =IF(OR($D92="ANP",$D92="DAER",$D92="CONSULTORIA DNIT",$D92="PREGÃO ELETRÔNICO",$D92="DMLU",$D92="DMAE",$D92="CEEE",$D92="EPTC",$D92="ORSE",$D92="SEINFRA",$D92="CREA",$D92="CAU",$D92="CEHOP",$D92="SIURB",$D92="DER-PR",$D92="SUDECAP",$D92=#REF!,$D92=#REF!),VLOOKUP($C92,#REF!,8,FALSE),IF($D92="INDEXADO",VLOOKUP($C92,#REF!,18,FALSE),IF($D92="CCU",VLOOKUP($C92,#REF!,7,FALSE),IF($D92="MERCADO",VLOOKUP(PE_243_2026!$C92,#REF!,9,FALSE),IF($D92="PLEO",VLOOKUP($C92,#REF!,4,FALSE),IF($D92="SICRO",VLOOKUP($C92,#REF!,7,FALSE),IF($D92="SINAPI",IFERROR((VLOOKUP($C92,#REF!,6,FALSE)),(VLOOKUP($C92,#REF!,27,FALSE))),"-"))))))) -> #REF! | Z92: 26.81 | AA92: =M92-Z92 -> 0.01 | AB92: =M92*G92 -> 0 | AC92: =AA92*G92 -> 0
B93: 3.56 | C93: 96973 | D93: SINAPI | E93: CORDOALHA DE COBRE NU 35 MM², NÃO ENTERRADA, COM ISOLADOR - FORNECIMENTO E INSTALAÇÃO. AF_08/2023 | F93: M | I93: 20.025 | J93: 38.505 | K93: =I93+J93 -> 58.53 | L93: 0.2519 | M93: =IFERROR(IF(L93="-",(ROUND(K93,2)),(ROUND(K93*(1+L93),2))),"-") -> 73.27 | O93: =IF(AND($H93=0,$J93=0),$Q93,IF(I93=0,0,IF($L93<>"-",IFERROR(TRUNC(TRUNC((I93*(1+$L93)),2)*$G93,2),0),IFERROR(TRUNC(I93*$G93,2),0)))) -> 0 | P93: =IF(J93=0,0,Q93-O93-N93) -> 0 | Q93: =IFERROR(ROUND(ROUND(M93,2)*ROUND(G93,2),2),0) -> 0 | T93: =B93 -> 3.56 | U93: =IF(J93=0,Q93-O93) -> FALSE | X93: =IFERROR(IF(OR($D93="ANP",$D93="DAER",$D93="CONSULTORIA DNIT",$D93="PREGÃO ELETRÔNICO",$D93="DMLU",$D93="DMAE",$D93="CEEE",$D93="EPTC",$D93="ORSE",$D93="SEINFRA",$D93="CREA",$D93="CAU",$D93="CEHOP",$D93="SIURB",$D93="DER-PR",$D93="SUDECAP",$D93=#REF!,$D93=#REF!),VLOOKUP($C93,#REF!,7,FALSE),IF($D93="INDEXADO",VLOOKUP($C93,#REF!,17,FALSE),IF($D93="CCU",VLOOKUP($C93,#REF!,6,FALSE),IF($D93="MERCADO",VLOOKUP(PE_243_2026!$C93,#REF!,8,FALSE),IF($D93="PLEO",VLOOKUP($C93,#REF!,4,FALSE),IF($D93="SICRO",VLOOKUP($C93,#REF!,6,FALSE),IF($D93="SINAPI",IFERROR((VLOOKUP($C93,#REF!,5,FALSE)),"-"),"-"))))))),0) -> 0 | Y93: =IF(OR($D93="ANP",$D93="DAER",$D93="CONSULTORIA DNIT",$D93="PREGÃO ELETRÔNICO",$D93="DMLU",$D93="DMAE",$D93="CEEE",$D93="EPTC",$D93="ORSE",$D93="SEINFRA",$D93="CREA",$D93="CAU",$D93="CEHOP",$D93="SIURB",$D93="DER-PR",$D93="SUDECAP",$D93=#REF!,$D93=#REF!),VLOOKUP($C93,#REF!,8,FALSE),IF($D93="INDEXADO",VLOOKUP($C93,#REF!,18,FALSE),IF($D93="CCU",VLOOKUP($C93,#REF!,7,FALSE),IF($D93="MERCADO",VLOOKUP(PE_243_2026!$C93,#REF!,9,FALSE),IF($D93="PLEO",VLOOKUP($C93,#REF!,4,FALSE),IF($D93="SICRO",VLOOKUP($C93,#REF!,7,FALSE),IF($D93="SINAPI",IFERROR((VLOOKUP($C93,#REF!,6,FALSE)),(VLOOKUP($C93,#REF!,27,FALSE))),"-"))))))) -> #REF! | Z93: 73.28 | AA93: =M93-Z93 -> -0.01 | AB93: =M93*G93 -> 0 | AC93: =AA93*G93 -> 0
B94: 3.57 | C94: 96975 | D94: SINAPI | E94: CORDOALHA DE COBRE NU 70 MM², NÃO ENTERRADA, COM ISOLADOR - FORNECIMENTO E INSTALAÇÃO. AF_08/2023 | F94: M | I94: 26.055 | J94: 67.665 | K94: =I94+J94 -> 93.72 | L94: 0.2519 | M94: =IFERROR(IF(L94="-",(ROUND(K94,2)),(ROUND(K94*(1+L94),2))),"-") -> 117.33 | O94: =IF(AND($H94=0,$J94=0),$Q94,IF(I94=0,0,IF($L94<>"-",IFERROR(TRUNC(TRUNC((I94*(1+$L94)),2)*$G94,2),0),IFERROR(TRUNC(I94*$G94,2),0)))) -> 0 | P94: =IF(J94=0,0,Q94-O94-N94) -> 0 | Q94: =IFERROR(ROUND(ROUND(M94,2)*ROUND(G94,2),2),0) -> 0 | T94: =B94 -> 3.57 | U94: =IF(J94=0,Q94-O94) -> FALSE | X94: =IFERROR(IF(OR($D94="ANP",$D94="DAER",$D94="CONSULTORIA DNIT",$D94="PREGÃO ELETRÔNICO",$D94="DMLU",$D94="DMAE",$D94="CEEE",$D94="EPTC",$D94="ORSE",$D94="SEINFRA",$D94="CREA",$D94="CAU",$D94="CEHOP",$D94="SIURB",$D94="DER-PR",$D94="SUDECAP",$D94=#REF!,$D94=#REF!),VLOOKUP($C94,#REF!,7,FALSE),IF($D94="INDEXADO",VLOOKUP($C94,#REF!,17,FALSE),IF($D94="CCU",VLOOKUP($C94,#REF!,6,FALSE),IF($D94="MERCADO",VLOOKUP(PE_243_2026!$C94,#REF!,8,FALSE),IF($D94="PLEO",VLOOKUP($C94,#REF!,4,FALSE),IF($D94="SICRO",VLOOKUP($C94,#REF!,6,FALSE),IF($D94="SINAPI",IFERROR((VLOOKUP($C94,#REF!,5,FALSE)),"-"),"-"))))))),0) -> 0 | Y94: =IF(OR($D94="ANP",$D94="DAER",$D94="CONSULTORIA DNIT",$D94="PREGÃO ELETRÔNICO",$D94="DMLU",$D94="DMAE",$D94="CEEE",$D94="EPTC",$D94="ORSE",$D94="SEINFRA",$D94="CREA",$D94="CAU",$D94="CEHOP",$D94="SIURB",$D94="DER-PR",$D94="SUDECAP",$D94=#REF!,$D94=#REF!),VLOOKUP($C94,#REF!,8,FALSE),IF($D94="INDEXADO",VLOOKUP($C94,#REF!,18,FALSE),IF($D94="CCU",VLOOKUP($C94,#REF!,7,FALSE),IF($D94="MERCADO",VLOOKUP(PE_243_2026!$C94,#REF!,9,FALSE),IF($D94="PLEO",VLOOKUP($C94,#REF!,4,FALSE),IF($D94="SICRO",VLOOKUP($C94,#REF!,7,FALSE),IF($D94="SINAPI",IFERROR((VLOOKUP($C94,#REF!,6,FALSE)),(VLOOKUP($C94,#REF!,27,FALSE))),"-"))))))) -> #REF! | Z94: 117.33 | AA94: =M94-Z94 -> 0 | AB94: =M94*G94 -> 0 | AC94: =AA94*G94 -> 0
B95: 3.58 | C95: 106502 | D95: SINAPI | E95: CABO DE ALUMÍNIO NÚ COM ALMA DE AÇO, BITOLA 1/0 AWG PARA REDE AÉREA DE DISTRIBUIÇÃO DE ENERGIA ELÉTRICA DE MÉDIA TENSÃO - FORNECIMENTO E INSTALAÇÃO. AF_12/2025 | F95: M | I95: 0.195 | J95: 9.3225 | K95: =I95+J95 -> 9.5175 | L95: 0.2519 | M95: =IFERROR(IF(L95="-",(ROUND(K95,2)),(ROUND(K95*(1+L95),2))),"-") -> 11.91 | O95: =IF(AND($H95=0,$J95=0),$Q95,IF(I95=0,0,IF($L95<>"-",IFERROR(TRUNC(TRUNC((I95*(1+$L95)),2)*$G95,2),0),IFERROR(TRUNC(I95*$G95,2),0)))) -> 0 | P95: =IF(J95=0,0,Q95-O95-N95) -> 0 | Q95: =IFERROR(ROUND(ROUND(M95,2)*ROUND(G95,2),2),0) -> 0 | T95: =B95 -> 3.58 | U95: =IF(J95=0,Q95-O95) -> FALSE | X95: =IFERROR(IF(OR($D95="ANP",$D95="DAER",$D95="CONSULTORIA DNIT",$D95="PREGÃO ELETRÔNICO",$D95="DMLU",$D95="DMAE",$D95="CEEE",$D95="EPTC",$D95="ORSE",$D95="SEINFRA",$D95="CREA",$D95="CAU",$D95="CEHOP",$D95="SIURB",$D95="DER-PR",$D95="SUDECAP",$D95=#REF!,$D95=#REF!),VLOOKUP($C95,#REF!,7,FALSE),IF($D95="INDEXADO",VLOOKUP($C95,#REF!,17,FALSE),IF($D95="CCU",VLOOKUP($C95,#REF!,6,FALSE),IF($D95="MERCADO",VLOOKUP(PE_243_2026!$C95,#REF!,8,FALSE),IF($D95="PLEO",VLOOKUP($C95,#REF!,4,FALSE),IF($D95="SICRO",VLOOKUP($C95,#REF!,6,FALSE),IF($D95="SINAPI",IFERROR((VLOOKUP($C95,#REF!,5,FALSE)),"-"),"-"))))))),0) -> 0 | Y95: =IF(OR($D95="ANP",$D95="DAER",$D95="CONSULTORIA DNIT",$D95="PREGÃO ELETRÔNICO",$D95="DMLU",$D95="DMAE",$D95="CEEE",$D95="EPTC",$D95="ORSE",$D95="SEINFRA",$D95="CREA",$D95="CAU",$D95="CEHOP",$D95="SIURB",$D95="DER-PR",$D95="SUDECAP",$D95=#REF!,$D95=#REF!),VLOOKUP($C95,#REF!,8,FALSE),IF($D95="INDEXADO",VLOOKUP($C95,#REF!,18,FALSE),IF($D95="CCU",VLOOKUP($C95,#REF!,7,FALSE),IF($D95="MERCADO",VLOOKUP(PE_243_2026!$C95,#REF!,9,FALSE),IF($D95="PLEO",VLOOKUP($C95,#REF!,4,FALSE),IF($D95="SICRO",VLOOKUP($C95,#REF!,7,FALSE),IF($D95="SINAPI",IFERROR((VLOOKUP($C95,#REF!,6,FALSE)),(VLOOKUP($C95,#REF!,27,FALSE))),"-"))))))) -> #REF! | Z95: 11.92 | AA95: =M95-Z95 -> -0.01 | AB95: =M95*G95 -> 0 | AC95: =AA95*G95 -> 0
B96: 3.59 | C96: 106504 | D96: SINAPI | E96: CABO DE ALUMÍNIO NÚ COM ALMA DE AÇO, BITOLA 2/0 AWG PARA REDE AÉREA DE DISTRIBUIÇÃO DE ENERGIA ELÉTRICA DE MÉDIA TENSÃO - FORNECIMENTO E INSTALAÇÃO. AF_12/2025 | F96: M | I96: 0.27 | J96: 11.73 | K96: =I96+J96 -> 12 | L96: 0.2519 | M96: =IFERROR(IF(L96="-",(ROUND(K96,2)),(ROUND(K96*(1+L96),2))),"-") -> 15.02 | O96: =IF(AND($H96=0,$J96=0),$Q96,IF(I96=0,0,IF($L96<>"-",IFERROR(TRUNC(TRUNC((I96*(1+$L96)),2)*$G96,2),0),IFERROR(TRUNC(I96*$G96,2),0)))) -> 0 | P96: =IF(J96=0,0,Q96-O96-N96) -> 0 | Q96: =IFERROR(ROUND(ROUND(M96,2)*ROUND(G96,2),2),0) -> 0 | T96: =B96 -> 3.59 | U96: =IF(J96=0,Q96-O96) -> FALSE | X96: =IFERROR(IF(OR($D96="ANP",$D96="DAER",$D96="CONSULTORIA DNIT",$D96="PREGÃO ELETRÔNICO",$D96="DMLU",$D96="DMAE",$D96="CEEE",$D96="EPTC",$D96="ORSE",$D96="SEINFRA",$D96="CREA",$D96="CAU",$D96="CEHOP",$D96="SIURB",$D96="DER-PR",$D96="SUDECAP",$D96=#REF!,$D96=#REF!),VLOOKUP($C96,#REF!,7,FALSE),IF($D96="INDEXADO",VLOOKUP($C96,#REF!,17,FALSE),IF($D96="CCU",VLOOKUP($C96,#REF!,6,FALSE),IF($D96="MERCADO",VLOOKUP(PE_243_2026!$C96,#REF!,8,FALSE),IF($D96="PLEO",VLOOKUP($C96,#REF!,4,FALSE),IF($D96="SICRO",VLOOKUP($C96,#REF!,6,FALSE),IF($D96="SINAPI",IFERROR((VLOOKUP($C96,#REF!,5,FALSE)),"-"),"-"))))))),0) -> 0 | Y96: =IF(OR($D96="ANP",$D96="DAER",$D96="CONSULTORIA DNIT",$D96="PREGÃO ELETRÔNICO",$D96="DMLU",$D96="DMAE",$D96="CEEE",$D96="EPTC",$D96="ORSE",$D96="SEINFRA",$D96="CREA",$D96="CAU",$D96="CEHOP",$D96="SIURB",$D96="DER-PR",$D96="SUDECAP",$D96=#REF!,$D96=#REF!),VLOOKUP($C96,#REF!,8,FALSE),IF($D96="INDEXADO",VLOOKUP($C96,#REF!,18,FALSE),IF($D96="CCU",VLOOKUP($C96,#REF!,7,FALSE),IF($D96="MERCADO",VLOOKUP(PE_243_2026!$C96,#REF!,9,FALSE),IF($D96="PLEO",VLOOKUP($C96,#REF!,4,FALSE),IF($D96="SICRO",VLOOKUP($C96,#REF!,7,FALSE),IF($D96="SINAPI",IFERROR((VLOOKUP($C96,#REF!,6,FALSE)),(VLOOKUP($C96,#REF!,27,FALSE))),"-"))))))) -> #REF! | Z96: 15.02 | AA96: =M96-Z96 -> 0 | AB96: =M96*G96 -> 0 | AC96: =AA96*G96 -> 0
B97: 3.60 | C97: CCU-07 | D97: CCU | E97: CABO DE ALUMÍNIO NÚ COM ALMA DE AÇO, BITOLA 4/0 AWG PARA REDE AÉREA DE DISTRIBUIÇÃO DE ENERGIA ELÉTRICA DE MÉDIA TENSÃO - FORNECIMENTO E INSTALAÇÃO. | F97: M | I97: 0.1425 | J97: 13.5075 | K97: =I97+J97 -> 13.65 | L97: 0.2519 | M97: =IFERROR(IF(L97="-",(ROUND(K97,2)),(ROUND(K97*(1+L97),2))),"-") -> 17.09 | O97: =IF(AND($H97=0,$J97=0),$Q97,IF(I97=0,0,IF($L97<>"-",IFERROR(TRUNC(TRUNC((I97*(1+$L97)),2)*$G97,2),0),IFERROR(TRUNC(I97*$G97,2),0)))) -> 0 | P97: =IF(J97=0,0,Q97-O97-N97) -> 0 | Q97: =IFERROR(ROUND(ROUND(M97,2)*ROUND(G97,2),2),0) -> 0 | T97: =B97 -> 3.60 | U97: =IF(J97=0,Q97-O97) -> FALSE | X97: =IFERROR(IF(OR($D97="ANP",$D97="DAER",$D97="CONSULTORIA DNIT",$D97="PREGÃO ELETRÔNICO",$D97="DMLU",$D97="DMAE",$D97="CEEE",$D97="EPTC",$D97="ORSE",$D97="SEINFRA",$D97="CREA",$D97="CAU",$D97="CEHOP",$D97="SIURB",$D97="DER-PR",$D97="SUDECAP",$D97=#REF!,$D97=#REF!),VLOOKUP($C97,#REF!,7,FALSE),IF($D97="INDEXADO",VLOOKUP($C97,#REF!,17,FALSE),IF($D97="CCU",VLOOKUP($C97,#REF!,6,FALSE),IF($D97="MERCADO",VLOOKUP(PE_243_2026!$C97,#REF!,8,FALSE),IF($D97="PLEO",VLOOKUP($C97,#REF!,4,FALSE),IF($D97="SICRO",VLOOKUP($C97,#REF!,6,FALSE),IF($D97="SINAPI",IFERROR((VLOOKUP($C97,#REF!,5,FALSE)),"-"),"-"))))))),0) -> 0 | Y97: =IF(OR($D97="ANP",$D97="DAER",$D97="CONSULTORIA DNIT",$D97="PREGÃO ELETRÔNICO",$D97="DMLU",$D97="DMAE",$D97="CEEE",$D97="EPTC",$D97="ORSE",$D97="SEINFRA",$D97="CREA",$D97="CAU",$D97="CEHOP",$D97="SIURB",$D97="DER-PR",$D97="SUDECAP",$D97=#REF!,$D97=#REF!),VLOOKUP($C97,#REF!,8,FALSE),IF($D97="INDEXADO",VLOOKUP($C97,#REF!,18,FALSE),IF($D97="CCU",VLOOKUP($C97,#REF!,7,FALSE),IF($D97="MERCADO",VLOOKUP(PE_243_2026!$C97,#REF!,9,FALSE),IF($D97="PLEO",VLOOKUP($C97,#REF!,4,FALSE),IF($D97="SICRO",VLOOKUP($C97,#REF!,7,FALSE),IF($D97="SINAPI",IFERROR((VLOOKUP($C97,#REF!,6,FALSE)),(VLOOKUP($C97,#REF!,27,FALSE))),"-"))))))) -> #REF! | Z97: 17.09 | AA97: =M97-Z97 -> 0 | AB97: =M97*G97 -> 0 | AC97: =AA97*G97 -> 0
B98: 3.61 | C98: CCU-44 | D98: CCU | E98: CABO DE ALUMÍNIO PROTEGIDO XLPE 90°C 50MM² TR 15KV PARA REDE DE DISTRIBUIÇÃO DE ENERGIA ELÉTRICA DE MÉDIA TENSÃO - FORNECIMENTO E INSTALAÇÃO | F98: M | I98: 0.195 | J98: 6.8775 | K98: =I98+J98 -> 7.0725 | L98: 0.2519 | M98: =IFERROR(IF(L98="-",(ROUND(K98,2)),(ROUND(K98*(1+L98),2))),"-") -> 8.85 | O98: =IF(AND($H98=0,$J98=0),$Q98,IF(I98=0,0,IF($L98<>"-",IFERROR(TRUNC(TRUNC((I98*(1+$L98)),2)*$G98,2),0),IFERROR(TRUNC(I98*$G98,2),0)))) -> 0 | P98: =IF(J98=0,0,Q98-O98-N98) -> 0 | Q98: =IFERROR(ROUND(ROUND(M98,2)*ROUND(G98,2),2),0) -> 0 | T98: =B98 -> 3.61 | U98: =IF(J98=0,Q98-O98) -> FALSE | X98: =IFERROR(IF(OR($D98="ANP",$D98="DAER",$D98="CONSULTORIA DNIT",$D98="PREGÃO ELETRÔNICO",$D98="DMLU",$D98="DMAE",$D98="CEEE",$D98="EPTC",$D98="ORSE",$D98="SEINFRA",$D98="CREA",$D98="CAU",$D98="CEHOP",$D98="SIURB",$D98="DER-PR",$D98="SUDECAP",$D98=#REF!,$D98=#REF!),VLOOKUP($C98,#REF!,7,FALSE),IF($D98="INDEXADO",VLOOKUP($C98,#REF!,17,FALSE),IF($D98="CCU",VLOOKUP($C98,#REF!,6,FALSE),IF($D98="MERCADO",VLOOKUP(PE_243_2026!$C98,#REF!,8,FALSE),IF($D98="PLEO",VLOOKUP($C98,#REF!,4,FALSE),IF($D98="SICRO",VLOOKUP($C98,#REF!,6,FALSE),IF($D98="SINAPI",IFERROR((VLOOKUP($C98,#REF!,5,FALSE)),"-"),"-"))))))),0) -> 0 | Y98: =IF(OR($D98="ANP",$D98="DAER",$D98="CONSULTORIA DNIT",$D98="PREGÃO ELETRÔNICO",$D98="DMLU",$D98="DMAE",$D98="CEEE",$D98="EPTC",$D98="ORSE",$D98="SEINFRA",$D98="CREA",$D98="CAU",$D98="CEHOP",$D98="SIURB",$D98="DER-PR",$D98="SUDECAP",$D98=#REF!,$D98=#REF!),VLOOKUP($C98,#REF!,8,FALSE),IF($D98="INDEXADO",VLOOKUP($C98,#REF!,18,FALSE),IF($D98="CCU",VLOOKUP($C98,#REF!,7,FALSE),IF($D98="MERCADO",VLOOKUP(PE_243_2026!$C98,#REF!,9,FALSE),IF($D98="PLEO",VLOOKUP($C98,#REF!,4,FALSE),IF($D98="SICRO",VLOOKUP($C98,#REF!,7,FALSE),IF($D98="SINAPI",IFERROR((VLOOKUP($C98,#REF!,6,FALSE)),(VLOOKUP($C98,#REF!,27,FALSE))),"-"))))))) -> #REF! | Z98: 8.86 | AA98: =M98-Z98 -> -0.01 | AB98: =M98*G98 -> 0 | AC98: =AA98*G98 -> 0
B99: 3.62 | C99: CCU-45 | D99: CCU | E99: CABO DE ALUMÍNIO PROTEGIDO XLPE 90°C 70MM² TR 15KV PARA REDE DE DISTRIBUIÇÃO DE ENERGIA ELÉTRICA DE MÉDIA TENSÃO - FORNECIMENTO E INSTALAÇÃO | F99: M | I99: 0.195 | J99: 8.9625 | K99: =I99+J99 -> 9.1575 | L99: 0.2519 | M99: =IFERROR(IF(L99="-",(ROUND(K99,2)),(ROUND(K99*(1+L99),2))),"-") -> 11.46 | O99: =IF(AND($H99=0,$J99=0),$Q99,IF(I99=0,0,IF($L99<>"-",IFERROR(TRUNC(TRUNC((I99*(1+$L99)),2)*$G99,2),0),IFERROR(TRUNC(I99*$G99,2),0)))) -> 0 | P99: =IF(J99=0,0,Q99-O99-N99) -> 0 | Q99: =IFERROR(ROUND(ROUND(M99,2)*ROUND(G99,2),2),0) -> 0 | T99: =B99 -> 3.62 | U99: =IF(J99=0,Q99-O99) -> FALSE | X99: =IFERROR(IF(OR($D99="ANP",$D99="DAER",$D99="CONSULTORIA DNIT",$D99="PREGÃO ELETRÔNICO",$D99="DMLU",$D99="DMAE",$D99="CEEE",$D99="EPTC",$D99="ORSE",$D99="SEINFRA",$D99="CREA",$D99="CAU",$D99="CEHOP",$D99="SIURB",$D99="DER-PR",$D99="SUDECAP",$D99=#REF!,$D99=#REF!),VLOOKUP($C99,#REF!,7,FALSE),IF($D99="INDEXADO",VLOOKUP($C99,#REF!,17,FALSE),IF($D99="CCU",VLOOKUP($C99,#REF!,6,FALSE),IF($D99="MERCADO",VLOOKUP(PE_243_2026!$C99,#REF!,8,FALSE),IF($D99="PLEO",VLOOKUP($C99,#REF!,4,FALSE),IF($D99="SICRO",VLOOKUP($C99,#REF!,6,FALSE),IF($D99="SINAPI",IFERROR((VLOOKUP($C99,#REF!,5,FALSE)),"-"),"-"))))))),0) -> 0 | Y99: =IF(OR($D99="ANP",$D99="DAER",$D99="CONSULTORIA DNIT",$D99="PREGÃO ELETRÔNICO",$D99="DMLU",$D99="DMAE",$D99="CEEE",$D99="EPTC",$D99="ORSE",$D99="SEINFRA",$D99="CREA",$D99="CAU",$D99="CEHOP",$D99="SIURB",$D99="DER-PR",$D99="SUDECAP",$D99=#REF!,$D99=#REF!),VLOOKUP($C99,#REF!,8,FALSE),IF($D99="INDEXADO",VLOOKUP($C99,#REF!,18,FALSE),IF($D99="CCU",VLOOKUP($C99,#REF!,7,FALSE),IF($D99="MERCADO",VLOOKUP(PE_243_2026!$C99,#REF!,9,FALSE),IF($D99="PLEO",VLOOKUP($C99,#REF!,4,FALSE),IF($D99="SICRO",VLOOKUP($C99,#REF!,7,FALSE),IF($D99="SINAPI",IFERROR((VLOOKUP($C99,#REF!,6,FALSE)),(VLOOKUP($C99,#REF!,27,FALSE))),"-"))))))) -> #REF! | Z99: 11.47 | AA99: =M99-Z99 -> -0.01 | AB99: =M99*G99 -> 0 | AC99: =AA99*G99 -> 0
B100: 3.63 | C100: CCU-59 | D100: CCU | E100: CABO DE ALUMÍNIO PROTEGIDO XLPE 90°C 95MM² TR 15KV PARA REDE DE DISTRIBUIÇÃO DE ENERGIA ELÉTRICA DE MÉDIA TENSÃO - FORNECIMENTO E INSTALAÇÃO | F100: M | I100: 0.195 | J100: 11.3475 | K100: =I100+J100 -> 11.5425 | L100: 0.2519 | M100: =IFERROR(IF(L100="-",(ROUND(K100,2)),(ROUND(K100*(1+L100),2))),"-") -> 14.45 | O100: =IF(AND($H100=0,$J100=0),$Q100,IF(I100=0,0,IF($L100<>"-",IFERROR(TRUNC(TRUNC((I100*(1+$L100)),2)*$G100,2),0),IFERROR(TRUNC(I100*$G100,2),0)))) -> 0 | P100: =IF(J100=0,0,Q100-O100-N100) -> 0 | Q100: =IFERROR(ROUND(ROUND(M100,2)*ROUND(G100,2),2),0) -> 0 | T100: =B100 -> 3.63 | U100: =IF(J100=0,Q100-O100) -> FALSE | X100: =IFERROR(IF(OR($D100="ANP",$D100="DAER",$D100="CONSULTORIA DNIT",$D100="PREGÃO ELETRÔNICO",$D100="DMLU",$D100="DMAE",$D100="CEEE",$D100="EPTC",$D100="ORSE",$D100="SEINFRA",$D100="CREA",$D100="CAU",$D100="CEHOP",$D100="SIURB",$D100="DER-PR",$D100="SUDECAP",$D100=#REF!,$D100=#REF!),VLOOKUP($C100,#REF!,7,FALSE),IF($D100="INDEXADO",VLOOKUP($C100,#REF!,17,FALSE),IF($D100="CCU",VLOOKUP($C100,#REF!,6,FALSE),IF($D100="MERCADO",VLOOKUP(PE_243_2026!$C100,#REF!,8,FALSE),IF($D100="PLEO",VLOOKUP($C100,#REF!,4,FALSE),IF($D100="SICRO",VLOOKUP($C100,#REF!,6,FALSE),IF($D100="SINAPI",IFERROR((VLOOKUP($C100,#REF!,5,FALSE)),"-"),"-"))))))),0) -> 0 | Y100: =IF(OR($D100="ANP",$D100="DAER",$D100="CONSULTORIA DNIT",$D100="PREGÃO ELETRÔNICO",$D100="DMLU",$D100="DMAE",$D100="CEEE",$D100="EPTC",$D100="ORSE",$D100="SEINFRA",$D100="CREA",$D100="CAU",$D100="CEHOP",$D100="SIURB",$D100="DER-PR",$D100="SUDECAP",$D100=#REF!,$D100=#REF!),VLOOKUP($C100,#REF!,8,FALSE),IF($D100="INDEXADO",VLOOKUP($C100,#REF!,18,FALSE),IF($D100="CCU",VLOOKUP($C100,#REF!,7,FALSE),IF($D100="MERCADO",VLOOKUP(PE_243_2026!$C100,#REF!,9,FALSE),IF($D100="PLEO",VLOOKUP($C100,#REF!,4,FALSE),IF($D100="SICRO",VLOOKUP($C100,#REF!,7,FALSE),IF($D100="SINAPI",IFERROR((VLOOKUP($C100,#REF!,6,FALSE)),(VLOOKUP($C100,#REF!,27,FALSE))),"-"))))))) -> #REF! | Z100: 14.45 | AA100: =M100-Z100 -> 0 | AB100: =M100*G100 -> 0 | AC100: =AA100*G100 -> 0
B101: 3.64 | C101: CCU-60 | D101: CCU | E101: CABO DE ALUMÍNIO PROTEGIDO XLPE 90°C 120MM² TR 15KV PARA REDE DE DISTRIBUIÇÃO DE ENERGIA ELÉTRICA DE MÉDIA TENSÃO - FORNECIMENTO E INSTALAÇÃO | F101: M | I101: 0.195 | J101: 14.175 | K101: =I101+J101 -> 14.37 | L101: 0.2519 | M101: =IFERROR(IF(L101="-",(ROUND(K101,2)),(ROUND(K101*(1+L101),2))),"-") -> 17.99 | O101: =IF(AND($H101=0,$J101=0),$Q101,IF(I101=0,0,IF($L101<>"-",IFERROR(TRUNC(TRUNC((I101*(1+$L101)),2)*$G101,2),0),IFERROR(TRUNC(I101*$G101,2),0)))) -> 0 | P101: =IF(J101=0,0,Q101-O101-N101) -> 0 | Q101: =IFERROR(ROUND(ROUND(M101,2)*ROUND(G101,2),2),0) -> 0 | T101: =B101 -> 3.64 | U101: =IF(J101=0,Q101-O101) -> FALSE | X101: =IFERROR(IF(OR($D101="ANP",$D101="DAER",$D101="CONSULTORIA DNIT",$D101="PREGÃO ELETRÔNICO",$D101="DMLU",$D101="DMAE",$D101="CEEE",$D101="EPTC",$D101="ORSE",$D101="SEINFRA",$D101="CREA",$D101="CAU",$D101="CEHOP",$D101="SIURB",$D101="DER-PR",$D101="SUDECAP",$D101=#REF!,$D101=#REF!),VLOOKUP($C101,#REF!,7,FALSE),IF($D101="INDEXADO",VLOOKUP($C101,#REF!,17,FALSE),IF($D101="CCU",VLOOKUP($C101,#REF!,6,FALSE),IF($D101="MERCADO",VLOOKUP(PE_243_2026!$C101,#REF!,8,FALSE),IF($D101="PLEO",VLOOKUP($C101,#REF!,4,FALSE),IF($D101="SICRO",VLOOKUP($C101,#REF!,6,FALSE),IF($D101="SINAPI",IFERROR((VLOOKUP($C101,#REF!,5,FALSE)),"-"),"-"))))))),0) -> 0 | Y101: =IF(OR($D101="ANP",$D101="DAER",$D101="CONSULTORIA DNIT",$D101="PREGÃO ELETRÔNICO",$D101="DMLU",$D101="DMAE",$D101="CEEE",$D101="EPTC",$D101="ORSE",$D101="SEINFRA",$D101="CREA",$D101="CAU",$D101="CEHOP",$D101="SIURB",$D101="DER-PR",$D101="SUDECAP",$D101=#REF!,$D101=#REF!),VLOOKUP($C101,#REF!,8,FALSE),IF($D101="INDEXADO",VLOOKUP($C101,#REF!,18,FALSE),IF($D101="CCU",VLOOKUP($C101,#REF!,7,FALSE),IF($D101="MERCADO",VLOOKUP(PE_243_2026!$C101,#REF!,9,FALSE),IF($D101="PLEO",VLOOKUP($C101,#REF!,4,FALSE),IF($D101="SICRO",VLOOKUP($C101,#REF!,7,FALSE),IF($D101="SINAPI",IFERROR((VLOOKUP($C101,#REF!,6,FALSE)),(VLOOKUP($C101,#REF!,27,FALSE))),"-"))))))) -> #REF! | Z101: 17.99 | AA101: =M101-Z101 -> 0 | AB101: =M101*G101 -> 0 | AC101: =AA101*G101 -> 0
...
